Workbook
Name Base: AVANCE060826!$A$10:$L$3170

Sheet CONSOL
A1: INSTITUTO MEXICANO DEL SEGURO SOCIAL
A2: DIRECCIÓN DE ADMINISTRACIÓN
A3: UNIDAD DE ADMINISTRACIÓN
A4: COORDINACIÓN DE CONSERVACIÓN Y SERVICIOS GENERALES
A5: COORDINACIÓN TÉCNICA DE ADMINISTRACIÓN DE ACTIVOS
A6: DIVISIÓN DE ARRENDAMIENTO Y COMERCIALIZACIÓN
A7: EJERCICIO 2026
E8: AL: | F8: =RIGHT(AVANCE060826!C1,11) -> 07/10/2026
A9: Órgano de Operación Administrativa Desconcentrado | B9: Inmuebles Arrendados | C9: PRESUPUESTO AL PERIODO | F9: VARIACIÓN | H9: AVANCE % | I9: OBSERVACIONES
C10: ASIGNADO ANUAL | D10: CALENDARIZADO (1) | E10: EJERCIDO (2) | F10: IMPORTE 3=(1-2) | G10: % 4=(3/1)*100
A11: AGUASCALIENTES | B11: =+[1]AGS!$B$18 -> 6 | C11: ='AGS '!F18 -> 13670292 | D11: ='AGS '!H18 -> 10249560 | E11: ='AGS '!I18 -> 9109269.3 | F11: =D11-E11 -> 1140290.7 | G11: =IF(E11=0,0,+F11/D11*100) -> 11.125265 | H11: =IF(E11=0,0,+E11/D11*100) -> 88.874735 | I11: Registra pagos al mes de agosto, pendiente el mes de septiembre
A12: BAJA CALIFORNIA | B12: =+[2]BC!$B$14 -> 1 | C12: =BC!F14 -> 4593600 | D12: =BC!H14 -> 3445200 | E12: =BC!I14 -> 3062400 | F12: =D12-E12 -> 382800 | G12: =IF(E12=0,0,+F12/D12*100) -> 11.111111 | H12: =IF(E12=0,0,+E12/D12*100) -> 88.888889
A13: BAJA CALIFORNIA SUR | B13: =+'[3]BCS '!$B$17 -> 5 | C13: ='BCS '!F17 -> 5760825.6 | D13: ='BCS '!H17 -> 4320621 | E13: ='BCS '!I17 -> 3933484.3 | F13: =D13-E13 -> 387136.74 | G13: =IF(E13=0,0,+F13/D13*100) -> 8.9602106 | H13: =IF(E13=0,0,+E13/D13*100) -> 91.039789
A14: CAMPECHE | B14: =+[4]CAM!$B$13 -> 1 | C14: =CAM!F13 -> 160550 | D14: =CAM!H13 -> 117000 | E14: =CAM!I13 -> 104000 | F14: =D14-E14 -> 13000 | G14: =IF(E14=0,0,+F14/D14*100) -> 11.111111 | H14: =IF(E14=0,0,+E14/D14*100) -> 88.888889
A15: COAHUILA | B15: =+[5]COAH!$B$21 -> 7 | C15: =COAH!F21 -> 23746645 | D15: =COAH!H21 -> 17809992 | E15: =COAH!I21 -> 14161948 | F15: =D15-E15 -> 3648043.5 | G15: =IF(E15=0,0,+F15/D15*100) -> 20.483129 | H15: =IF(E15=0,0,+E15/D15*100) -> 79.516871
A16: COLIMA | B16: =+[6]COL!$B$17 -> 5 | C16: =COL!F17 -> 2598987.7 | D16: =COL!H17 -> 1949256 | E16: =COL!I17 -> 1949240.4 | F16: =D16-E16 -> 15.56 | G16: =IF(E16=0,0,+F16/D16*100) -> 0.00079825328 | H16: =IF(E16=0,0,+E16/D16*100) -> 99.999202
A17: CHIAPAS | B17: =+[7]CHIS!$B$24 -> 10 | C17: =CHIS!F24 -> 3083016 | D17: =CHIS!H24 -> 2278287 | E17: =CHIS!I24 -> 1989287.7 | F17: =D17-E17 -> 288999.32 | G17: =IF(E17=0,0,+F17/D17*100) -> 12.684939 | H17: =IF(E17=0,0,+E17/D17*100) -> 87.315061
A18: CHIHUAHUA | B18: =+[8]CHIH!$B$28 -> 16 | C18: =CHIH!F28 -> 6820797.8 | D18: =CHIH!H28 -> 5401333 | E18: =CHIH!I28 -> 4418722.7 | F18: =D18-E18 -> 982610.26 | G18: =IF(E18=0,0,+F18/D18*100) -> 18.191996 | H18: =IF(E18=0,0,+E18/D18*100) -> 81.808004
A19: NIVEL CENTRAL | B19: =+[9]NC!$B$19 -> 7 | C19: =NC!F20 -> 1.6070153e+08 | D19: =NC!H20 -> 1.2456228e+08 | E19: =NC!I20 -> 84903346 | F19: =D19-E19 -> 39658929 | G19: =IF(E19=0,0,+F19/D18*100) -> 734.24337 | H19: =IF(E19=0,0,+E19/D19*100) -> 68.161364
A20: DURANGO | B20: =+[10]DGO!$B$27 -> 12 | C20: =DGO!F27 -> 18811488 | D20: =DGO!H27 -> 14217601 | E20: =DGO!I27 -> 13448302 | F20: =D20-E20 -> 769299.38 | G20: =IF(E20=0,0,+F20/D20*100) -> 5.4108944 | H20: =IF(E20=0,0,+E20/D20*100) -> 94.589106
A21: GUANAJUATO | B21: =+[11]GTO!$B$24 -> 12 | C21: =GTO!F24 -> 8160000 | D21: =GTO!H24 -> 6120000 | E21: =GTO!I24 -> 5288984.6 | F21: =D21-E21 -> 831015.45 | G21: =IF(E21=0,0,+F21/D21*100) -> 13.578684 | H21: =IF(E21=0,0,+E21/D21*100) -> 86.421316 | I21: Registra pagos al mes de agosto, pendiente el mes de septiembre
A22: GUERRERO | B22: =+[12]GRO!$B$19 -> 5 | C22: =GRO!F19 -> 611115.84 | D22: =GRO!H19 -> 458336.88 | E22: =GRO!I19 -> 407407.31 | F22: =D22-E22 -> 50929.57 | G22: =IF(E22=0,0,+F22/D22*100) -> 11.11182 | H22: =IF(E22=0,0,+E22/D22*100) -> 88.88818
A23: HIDALGO | B23: 3 | C23: =HGO!F16 -> 17611862 | D23: =HGO!H16 -> 14482437 | E23: =HGO!I16 -> 11353007 | F23: =D23-E23 -> 3129430.2 | G23: =IF(E23=0,0,+F23/D23*100) -> 21.60845 | H23: =IF(E23=0,0,+E23/D23*100) -> 78.39155 | I23: Registra pagos al mes de agosto, pendiente el mes de septiembre
A24: JALISCO | B24: =+[13]JAL!$B$46 -> 33 | C24: =JAL!F46 -> 36492929 | D24: =JAL!H46 -> 27069663 | E24: =JAL!I46 -> 26537616 | F24: =D24-E24 -> 532046.82 | G24: =IF(E24=0,0,+F24/D24*100) -> 1.9654726 | H24: =IF(E24=0,0,+E24/D24*100) -> 98.034527
A25: ESTADO DE MÉXICO ORIENTE | B25: =+'[14]EDO MEX OTE'!$B$13 -> 1 | C25: ='EDO MEX OTE'!F13 -> 23056542 | D25: ='EDO MEX OTE'!H13 -> 17292411 | E25: ='EDO MEX OTE'!I13 -> 15371028 | F25: =D25-E25 -> 1921383.2 | G25: =IF(E25=0,0,+F25/D25*100) -> 11.111136 | H25: =IF(E25=0,0,+E25/D25*100) -> 88.888864 | I25: Registra pagos al mes de agosto, pendiente el mes de septiembre
A26: ESTADO DE MÉXICO PONIENTE | B26: =+'[15]EDO MEX PTE'!$B$22 -> 9 | C26: ='EDO MEX PTE'!F22 -> 18612408 | D26: ='EDO MEX PTE'!H22 -> 13959306 | E26: ='EDO MEX PTE'!I22 -> 12342134 | F26: =D26-E26 -> 1617171.7 | G26: =IF(E26=0,0,+F26/D26*100) -> 11.5849 | H26: =IF(E26=0,0,+E26/D26*100) -> 88.4151
A27: MICHOACÁN | B27: =+[16]MICH!$B$20 -> 7 | C27: =MICH!F20 -> 4809848.2 | D27: =MICH!H20 -> 3607389 | E27: =MICH!I20 -> 2660360.5 | F27: =D27-E27 -> 947028.52 | G27: =IF(E27=0,0,+F27/D27*100) -> 26.252465 | H27: =IF(E27=0,0,+E27/D27*100) -> 73.747535
A28: MORELOS | B28: =+[17]MOR!$B$16 -> 2 | C28: =MOR!F16 -> 238270.56 | D28: =MOR!H16 -> 178704 | E28: =MOR!I16 -> 158704.94 | F28: =D28-E28 -> 19999.06 | G28: =IF(E28=0,0,+F28/D28*100) -> 11.191165 | H28: =IF(E28=0,0,+E28/D28*100) -> 88.808835 | I28: Registra pagos al mes de agosto, pendiente el mes de septiembre
A29: NAYARIT | B29: =+[18]NAY!$B$14 -> 2 | C29: =NAY!F14 -> 625728 | D29: =NAY!H14 -> 469296 | E29: =NAY!I14 -> 469296 | F29: =D29-E29 -> 0 | G29: =IF(E29=0,0,+F29/D29*100) -> 0 | H29: =IF(E29=0,0,+E29/D29*100) -> 100 | I29: Registra pagos al mes de agosto, pendiente el mes de septiembre
A30: NUEVO LEÓN | B30: =+[19]NL!$B$18 -> 4 | C30: =NL!F18 -> 2689984.6 | D30: =NL!H18 -> 2008923 | E30: =NL!I18 -> 2008911.9 | F30: =D30-E30 -> 11.14 | G30: =IF(E30=0,0,+F30/D30*100) -> 0.00055452598 | H30: =IF(E30=0,0,+E30/D30*100) -> 99.999445 | I30: Registra pagos al mes de agosto, pendiente el mes de septiembre
A31: OAXACA | B31: =+[20]OAX!$B$32 -> 17 | C31: =OAX!F32 -> 13923199 | D31: =OAX!H32 -> 10347693 | E31: =OAX!I32 -> 9560439.5 | F31: =D31-E31 -> 787253.46 | G31: =IF(E31=0,0,+F31/D31*100) -> 7.6080094 | H31: =IF(E31=0,0,+E31/D31*100) -> 92.391991
A32: PUEBLA | B32: =+[21]PUB!$B$22 -> 10 | C32: =PUB!F22 -> 4580850 | D32: =PUB!H22 -> 3397661 | E32: =PUB!I22 -> 3238391 | F32: =D32-E32 -> 159270.03 | G32: =IF(E32=0,0,+F32/D32*100) -> 4.6876375 | H32: =IF(E32=0,0,+E32/D32*100) -> 95.312363
A33: QUERÉTARO | B33: =+[22]QRO!$B$18 -> 6 | C33: =QRO!F18 -> 7961088 | D33: =QRO!H18 -> 5970816 | E33: =QRO!I18 -> 5834836 | F33: =D33-E33 -> 135980.01 | G33: =IF(E33=0,0,+F33/D33*100) -> 2.2774108 | H33: =IF(E33=0,0,+E33/D33*100) -> 97.722589
A34: QUINTANA ROO | B34: =+'[23]Q ROO'!$B$16 -> 4 | C34: ='Q ROO'!F16 -> 6001790 | D34: ='Q ROO'!H16 -> 4134540 | E34: ='Q ROO'!I16 -> 3371263 | F34: =D34-E34 -> 763277.01 | G34: =IF(E34=0,0,+F34/D34*100) -> 18.46099 | H34: =IF(E34=0,0,+E34/D34*100) -> 81.53901
A35: SAN LUIS POTOSÍ | B35: =+[24]SLP!$B$17 -> 5 | C35: =SLP!F17 -> 803085.51 | D35: =SLP!H17 -> 602322.59 | E35: =SLP!I17 -> 552805.03 | F35: =D35-E35 -> 49517.56 | G35: =IF(E35=0,0,+F35/D35*100) -> 8.2211029 | H35: =IF(E35=0,0,+E35/D35*100) -> 91.778897
A36: SINALOA | B36: =+[25]SIN!$B$26 -> 14 | C36: =SIN!F26 -> 11796792 | D36: =SIN!H26 -> 9787202 | E36: =SIN!I26 -> 8749229.6 | F36: =D36-E36 -> 1037972.5 | G36: =IF(E36=0,0,+F36/D36*100) -> 10.605405 | H36: =IF(E36=0,0,+E36/D36*100) -> 89.394595
A37: SONORA | B37: =+[26]SON!$B$29 -> 17 | C37: =SON!F29 -> 16352591 | D37: =SON!H29 -> 12331739 | E37: =SON!I29 -> 10802859 | F37: =D37-E37 -> 1528879.9 | G37: =IF(E37=0,0,+F37/D37*100) -> 12.397926 | H37: =IF(E37=0,0,+E37/D37*100) -> 87.602074
A38: TABASCO | B38: =+[27]TAB!$B$13 -> 1 | C38: =TAB!F13 -> 180000 | D38: =TAB!H13 -> 135000 | E38: =TAB!I13 -> 120000 | F38: =D38-E38 -> 15000 | G38: =IF(E38=0,0,+F38/D38*100) -> 11.111111 | H38: =IF(E38=0,0,+E38/D38*100) -> 88.888889 | I38: Registra pagos al mes de agosto, pendiente el mes de septiembre
A39: TAMAULIPAS | B39: =+[28]TAMS!$B$23 -> 10 | C39: =TAMS!F23 -> 4380423.5 | D39: =TAMS!H23 -> 3275146.7 | E39: =TAMS!I23 -> 2918919.9 | F39: =D39-E39 -> 356226.76 | G39: =IF(E39=0,0,+F39/D39*100) -> 10.876666 | H39: =IF(E39=0,0,+E39/D39*100) -> 89.123334
A40: TLAXCALA | B40: =+[29]TLAX!$B$14 -> 2 | C40: =TLAX!F14 -> 2311811 | D40: =TLAX!H14 -> 1733859 | E40: =TLAX!I14 -> 1541189.4 | F40: =D40-E40 -> 192669.56 | G40: =IF(E40=0,0,+F40/D40*100) -> 11.112182 | H40: =IF(E40=0,0,+E40/D40*100) -> 88.887818 | I40: Registra pagos al mes de agosto, pendiente el mes de septiembre
A41: VERACRUZ NORTE | B41: =+'[30]VER NTE'!$B$26 -> 12 | C41: ='VER NTE'!F26 -> 12427940 | D41: ='VER NTE'!H26 -> 9300553.6 | E41: ='VER NTE'!I26 -> 9267224.3 | F41: =D41-E41 -> 33329.3 | G41: =IF(E41=0,0,+F41/D41*100) -> 0.35835824 | H41: =IF(E41=0,0,+E41/D41*100) -> 99.641642
A42: VERACRUZ SUR | B42: =+'[31]VER SUR'!$B$23 -> 11 | C42: ='VER SUR'!F23 -> 9696573 | D42: ='VER SUR'!H23 -> 7178168.4 | E42: ='VER SUR'!I23 -> 5625749.4 | F42: =D42-E42 -> 1552419 | G42: =IF(E42=0,0,+F42/D42*100) -> 21.626951 | H42: =IF(E42=0,0,+E42/D42*100) -> 78.373049
A43: YUCATÁN | F43: =D43-E43 -> 0 | G43: =IF(E43=0,0,+F43/D43*100) -> 0 | H43: =IF(E43=0,0,+E43/D43*100) -> 0
A44: ZACATECAS | B44: =+[32]ZAC!$B$22 -> 10 | C44: =ZAC!F22 -> 3448845 | D44: =ZAC!H22 -> 2586636 | E44: =ZAC!I22 -> 2367850.8 | F44: =D44-E44 -> 218785.17 | G44: =IF(E44=0,0,+F44/D44*100) -> 8.4582898 | H44: =IF(E44=0,0,+E44/D44*100) -> 91.54171
A45: DF NORTE | B45: =+'[33]DF NTE'!$B$13 -> 1 | C45: ='DF NTE'!F13 -> 2254260 | D45: ='DF NTE'!H13 -> 1690695 | E45: ='DF NTE'!I13 -> 1690687.6 | F45: =D45-E45 -> 7.38 | G45: =IF(E45=0,0,+F45/D45*100) -> 0.00043650688 | H45: =IF(E45=0,0,+E45/D45*100) -> 99.999563
A46: DF SUR | B46: =+'[34]DF SUR'!$B$15 -> 3 | C46: ='DF SUR'!F15 -> 92584421 | D46: ='DF SUR'!H15 -> 69027264 | E46: ='DF SUR'!I15 -> 69027257 | F46: =D46-E46 -> 7.35 | G46: =IF(E46=0,0,+F46/D46*100) -> 1.0647967e-05 | H46: =IF(E46=0,0,+E46/D46*100) -> 99.999989 | I46: Registra pagos al mes de agosto, pendiente el mes de septiembre
A47: Sub Total | B47: =SUM(B11:B46) -> 271 | C47: =SUM(C11:C46) -> 5.4156009e+08 | D47: =SUM(D11:D46) -> 4.1149689e+08 | E47: =SUM(E11:E46) -> 3.4834615e+08 | F47: =SUM(F11:F46) -> 63150736 | G47: =IF(E47=0,0,+F47/D47*100) -> 15.346589 | H47: =IF(E47=0,0,+E47/D47*100) -> 84.653411
A48: Arrendamiento fuera del Programa (Campeche) | B48: 1 | C48: =CAM_Calendario!F17 -> 215399.99 | D48: =CAM_Calendario!U17 -> 215399.99 | E48: =CAM_Calendario!U18 -> 215399.99
A49: Total | B49: =B47+B48 -> 272 | C49: =C47+C48 -> 5.4177549e+08 | D49: =D47+D48 -> 4.1171229e+08 | E49: =E47+E48 -> 3.4856155e+08 | F49: =F47+F48 -> 63150736 | G49: =G47+G48 -> 15.346589 | H49: =H47+H48 -> 84.653411

Sheet AGS 
D1: INSTITUTO MEXICANO DEL SEGURO SOCIAL
D2: DIRECCIÓN DE ADMINISTRACIÓN
D3: UNIDAD DE ADMINISTRACIÓN
D4: COORDINACIÓN DE CONSERVACIÓN Y SERVICIOS GENERALES
D5: COORDINACIÓN TÉCNICA DE ADMINISTRACIÓN DE ACTIVOS
D6: DIVISIÓN DE ARRENDAMIENTO Y COMERCIALIZACIÓN
D7: EJERCICIO 2026
D8: OOAD: | E8: AGUASCALIENTES
A10: CLAV E PREI | C10: UNIDAD | D10: DIRECCIÓN | E10: DESTINO | F10: ASIGNADO ANUAL | G10: Renta Mensual | H10: PRESUPUESTO AL PERIODO | J10: VARIACIÓN | L10: AVANCE % | M10: OBSERVACIONES
A11: U.I. | B11: C.C. | H11: CALENDARIZADO (1) | I11: EJERCIDO (2) | J11: IMPORTE 3=(1-2) | K11: % 4=(3/1)*100
A12: 019101 | B12: 900110 | D12: Boulevard a Zacatecas No. 701, Fracc. las Hadas, C.P. 20140 | E12: Oficinas Administrativas de la Subdelegación Metropolitana Norte | F12: =AGS_Calendario!F14 -> 2082430 | G12: 173535 | H12: =AGS_Calendario!T14 -> 1561824 | I12: =AGS_Calendario!T15 -> 1388280 | J12: =H12-I12 -> 173544 | K12: =+J12/H12*100 -> 11.111623 | L12: =+I12/H12*100 -> 88.888377 | M12: Registra pagos al mes de agosto.
A13: 019102 | B13: 900110 | D13: Calle Ecuador No. 205, Planta Baja, Aguascalientes | E13: Oficinas Administrativas de la Subdelegación Metropolitana Sur | F13: =AGS_Calendario!F16 -> 1317266.6 | G13: 109771.38 | H13: =AGS_Calendario!T16 -> 987957 | I13: =AGS_Calendario!T17 -> 878171.52 | J13: =H13-I13 -> 109785.48 | K13: =+J13/H13*100 -> 11.112374 | L13: =+I13/H13*100 -> 88.887626 | M13: Registra pagos al mes de agosto.
A14: 015801 | B14: 800201 | D14: Calle Ecuador No. 205, Planta Alta, Aguascalientes | E14: Centro de Capacitación | F14: =AGS_Calendario!F18 -> 815859.2 | G14: 67987.6 | H14: =AGS_Calendario!T18 -> 611901 | I14: =AGS_Calendario!T19 -> 543901.16 | J14: =H14-I14 -> 67999.84 | K14: =+J14/H14*100 -> 11.112883 | L14: =+I14/H14*100 -> 88.887117 | M14: Registra pagos al mes de agosto.
A15: 019001 | B15: 150100 | D15: Calle Julio Díaz Torre N° 105, Lote 3, Manzana 28 Interior D y E, Fraccionamiento Ciudad Industrial, C.P. 20290, Aguascalientes. | E15: Almacén Delegacional, Oficinas de la Coordinación Delegacional, Bod. Bienes Emb. y Arch. Conc. | F15: =AGS_Calendario!F20 -> 8092938.4 | G15: 674768.47 | H15: =AGS_Calendario!T20 -> 6069708 | I15: =AGS_Calendario!T21 -> 5395289.4 | J15: =H15-I15 -> 674418.64 | K15: =+J15/H15*100 -> 11.111221 | L15: =+I15/H15*100 -> 88.888779 | M15: Registra pagos al mes de agosto.
A16: 018101 | B16: 150904 | D16: Calle Mangana No. 201, fraccionamiento Vista Alegre, Aguascalientes, Aguascalientes | E16: Bodega de Bienes Embargados | F16: =AGS_Calendario!F22 -> 1044000 | G16: 87000 | H16: =AGS_Calendario!T22 -> 783000 | I16: =AGS_Calendario!T23 -> 695999.84 | J16: =H16-I16 -> 87000.16 | K16: =+J16/H16*100 -> 11.111132 | L16: =+I16/H16*100 -> 88.888868 | M16: Registra pagos al mes de agosto.
A17: 019001 | B17: 050100 | D17: Avenida Arroyio del Molino No. 301, casa 163, Fraccionamiento Real del Molino, Jesús María, Aguascalientes | E17: Casa Habitación TOOAD | F17: =+AGS_Calendario!F24 -> 317797.5 | G17: 25000 | H17: =AGS_Calendario!T24 -> 235170 | I17: =AGS_Calendario!T25 -> 207627.45 | J17: =H17-I17 -> 27542.55 | K17: =+J17/H17*100 -> 11.711762 | L17: =+I17/H17*100 -> 88.288238 | M17: Registra pagos al mes de agosto.
B18: 6 | C18: =COUNT(C13:C17) -> 0 | F18: =SUM(F12:F17) -> 13670292 | G18: =SUM(G12:G17) -> 1138062.4 | H18: =SUM(H12:H17) -> 10249560 | I18: =SUM(I12:I17) -> 9109269.3 | J18: =H18-I18 -> 1140290.7 | K18: =+J18/H18*100 -> 11.125265 | L18: =+I18/H18*100 -> 88.874735

Sheet AGS_Calendario
F1: INSTITUTO MEXICANO DEL SEGURO SOCIAL
F2: DIRECCIÓN DE ADMINISTRACIÓN
F3: UNIDAD DE ADMINISTRACIÓN
F4: COORDINACIÓN DE CONSERVACIÓN Y SERVICIOS GENERALES
F5: COORDINACIÓN TÉCNICA DE ADMINISTRACIÓN DE ACTIVOS
F6: DIVISIÓN DE ARRENDAMIENTO Y COMERCIALIZACIÓN
D8: EJERCICIO 2026
D9: OOAD: | E9: AGUASCALIENTES
I11: 2026M02 | J11: 2026M03 | K11: 2026M04 | L11: 2026M05 | M11: 2026M06 | N11: 2026M07 | O11: 2026M08 | P11: 2026M09 | Q11: 2026M10 | R11: 2026M11 | S11: 2026M12
B12: CLAV E PREI | C12: UNIDAD | D12: DIRECCIÓN | E12: DESTINO | F12: ASIGNADO ANUAL | H12: Enero | I12: Febrero | J12: Marzo | K12: Abril | L12: Mayo | M12: Junio | N12: Julio | O12: Agosto | P12: Septiembre | Q12: Octubre | R12: Noviembre | S12: Diciembre | U12: OBSERVACIONES
A13: C.C. | B13: U.I. | T13: Total
A14: 900110 | B14: 19101 | D14: Boulevard a Zacatecas No. 701, Fracc. las Hadas, C.P. 20140 | E14: Oficinas Administrativas de la Subdelegación Metropolitana Norte | F14: =SUM(H14:S14) -> 2082430 | G14: Asignado | I14: =VLOOKUP($A14&$B14&I$11,Base,8,FALSE) -> 0 | J14: =VLOOKUP($A14&$B14&J$11,Base,8,FALSE) -> 0 | K14: =VLOOKUP($A14&$B14&K$11,Base,8,FALSE) -> 347070 | L14: =VLOOKUP($A14&$B14&L$11,Base,8,FALSE) -> 347070 | M14: =VLOOKUP($A14&$B14&M$11,Base,8,FALSE) -> 173535 | N14: =VLOOKUP($A14&$B14&N$11,Base,8,FALSE) -> 173535 | O14: =VLOOKUP($A14&$B14&O$11,Base,8,FALSE) -> 173535 | P14: =VLOOKUP($A14&$B14&P$11,Base,8,FALSE) -> 173535 | ... S14: =VLOOKUP($A14&$B14&S$11,Base,8,FALSE) -> 347070 | T14: =SUM($H14:(OFFSET($H14,0,AVANCE060826!$T$2))) -> 1561824
A15: 900110 | B15: 19101 | G15: Ejercido | I15: =VLOOKUP($A$15&$B$15&I11,Base,9,FALSE) -> 0 | J15: =VLOOKUP($A$15&$B$15&J11,Base,9,FALSE) -> 0 | K15: =VLOOKUP($A$15&$B$15&K11,Base,9,FALSE) -> 347070 | L15: =VLOOKUP($A$15&$B$15&L11,Base,9,FALSE) -> 347070 | M15: =VLOOKUP($A$15&$B$15&M11,Base,9,FALSE) -> 173535 | N15: =VLOOKUP($A$15&$B$15&N11,Base,9,FALSE) -> 173535 | O15: =VLOOKUP($A$15&$B$15&O11,Base,9,FALSE) -> 173535 | P15: =VLOOKUP($A$15&$B$15&P11,Base,9,FALSE) -> 173535 | ... S15: =VLOOKUP($A$15&$B$15&S11,Base,9,FALSE) -> 0 | T15: =SUM(H15:S15) -> 1388280
A16: 900110 | B16: 19102 | D16: Calle Ecuador No. 205, Planta Baja, Aguascalientes | E16: Oficinas Administrativas de la Subdelegación Metropolitana Sur | F16: =SUM(H16:S16) -> 1317266.6 | G16: Asignado | I16: =VLOOKUP($A16&$B16&I$11,Base,8,FALSE) -> 0 | J16: =VLOOKUP($A16&$B16&J$11,Base,8,FALSE) -> 0 | K16: =VLOOKUP($A16&$B16&K$11,Base,8,FALSE) -> 329314.32 | L16: =VLOOKUP($A16&$B16&L$11,Base,8,FALSE) -> 0 | M16: =VLOOKUP($A16&$B16&M$11,Base,8,FALSE) -> 219542.88 | N16: =VLOOKUP($A16&$B16&N$11,Base,8,FALSE) -> 109771.44 | O16: =VLOOKUP($A16&$B16&O$11,Base,8,FALSE) -> 109771.44 | P16: =VLOOKUP($A16&$B16&P$11,Base,8,FALSE) -> 109771.44 | ... S16: =VLOOKUP($A16&$B16&S$11,Base,8,FALSE) -> 219536.56 | T16: =SUM($H16:(OFFSET($H16,0,AVANCE060826!$T$2))) -> 987957
A17: 900110 | B17: 19102 | G17: Ejercido | I17: =VLOOKUP($A17&$B17&I$11,Base,9,FALSE) -> 0 | J17: =VLOOKUP($A17&$B17&J$11,Base,9,FALSE) -> 0 | K17: =VLOOKUP($A17&$B17&K$11,Base,9,FALSE) -> 329314.32 | L17: =VLOOKUP($A17&$B17&L$11,Base,9,FALSE) -> 0 | M17: =VLOOKUP($A17&$B17&M$11,Base,9,FALSE) -> 219542.88 | N17: =VLOOKUP($A17&$B17&N$11,Base,9,FALSE) -> 109771.44 | O17: =VLOOKUP($A17&$B17&O$11,Base,9,FALSE) -> 109771.44 | P17: =VLOOKUP($A17&$B17&P$11,Base,9,FALSE) -> 109771.44 | ... S17: =VLOOKUP($A17&$B17&S$11,Base,9,FALSE) -> 0 | T17: =SUM(H17:S17) -> 878171.52
A18: 800201 | B18: 15801 | D18: Calle Ecuador No. 205, Planta Alta, Aguascalientes | E18: Centro de Capacitación | F18: =SUM(H18:S18) -> 815859.2 | G18: Asignado | I18: =VLOOKUP($A18&$B18&I$11,Base,8,FALSE) -> 0 | J18: =VLOOKUP($A18&$B18&J$11,Base,8,FALSE) -> 0 | K18: =VLOOKUP($A18&$B18&K$11,Base,8,FALSE) -> 203962.92 | L18: =VLOOKUP($A18&$B18&L$11,Base,8,FALSE) -> 67987.64 | M18: =VLOOKUP($A18&$B18&M$11,Base,8,FALSE) -> 67987.64 | N18: =VLOOKUP($A18&$B18&N$11,Base,8,FALSE) -> 67987.64 | O18: =VLOOKUP($A18&$B18&O$11,Base,8,FALSE) -> 67987.64 | P18: =VLOOKUP($A18&$B18&P$11,Base,8,FALSE) -> 67987.68 | ... S18: =VLOOKUP($A18&$B18&S$11,Base,8,FALSE) -> 135969.2 | T18: =SUM($H18:(OFFSET($H18,0,AVANCE060826!$T$2))) -> 611901
A19: 800201 | B19: 15801 | G19: Ejercido | I19: =VLOOKUP($A19&$B19&I$11,Base,9,FALSE) -> 0 | J19: =VLOOKUP($A19&$B19&J$11,Base,9,FALSE) -> 0 | K19: =VLOOKUP($A19&$B19&K$11,Base,9,FALSE) -> 203962.92 | L19: =VLOOKUP($A19&$B19&L$11,Base,9,FALSE) -> 67987.64 | M19: =VLOOKUP($A19&$B19&M$11,Base,9,FALSE) -> 67987.64 | N19: =VLOOKUP($A19&$B19&N$11,Base,9,FALSE) -> 67987.64 | O19: =VLOOKUP($A19&$B19&O$11,Base,9,FALSE) -> 67987.64 | P19: =VLOOKUP($A19&$B19&P$11,Base,9,FALSE) -> 67987.68 | ... S19: =VLOOKUP($A19&$B19&S$11,Base,9,FALSE) -> 0 | T19: =SUM(H19:S19) -> 543901.16
A20: 150100 | B20: 19001 | D20: Calle Julio Díaz Torre N° 105, Lote 3, Manzana 28 Interior D y E, Fraccionamiento Ciudad Industrial, C.P. 20290, Aguascalientes. | E20: Almacén Delegacional, Oficinas de la Coordinación Delegacional, Bod. Bienes Emb. y Arch. Conc. | F20: =SUM(H20:S20) -> 8092938.4 | G20: Asignado | I20: =VLOOKUP($A20&$B20&I$11,Base,8,FALSE) -> 0 | J20: =VLOOKUP($A20&$B20&J$11,Base,8,FALSE) -> 1162778 | K20: =VLOOKUP($A20&$B20&K$11,Base,8,FALSE) -> 860455.47 | L20: =VLOOKUP($A20&$B20&L$11,Base,8,FALSE) -> 674411.17 | M20: =VLOOKUP($A20&$B20&M$11,Base,8,FALSE) -> 674411.17 | N20: =VLOOKUP($A20&$B20&N$11,Base,8,FALSE) -> 674411.17 | O20: =VLOOKUP($A20&$B20&O$11,Base,8,FALSE) -> 0 | P20: =VLOOKUP($A20&$B20&P$11,Base,8,FALSE) -> 1348822.3 | ... S20: =VLOOKUP($A20&$B20&S$11,Base,8,FALSE) -> 1348818.4 | T20: =SUM($H20:(OFFSET($H20,0,AVANCE060826!$T$2))) -> 6069708
A21: 150100 | B21: 19001 | G21: Ejercido | I21: =VLOOKUP($A21&$B21&I$11,Base,9,FALSE) -> 0 | J21: =VLOOKUP($A21&$B21&J$11,Base,9,FALSE) -> 1162778 | K21: =VLOOKUP($A21&$B21&K$11,Base,9,FALSE) -> 860455.47 | L21: =VLOOKUP($A21&$B21&L$11,Base,9,FALSE) -> 674411.17 | M21: =VLOOKUP($A21&$B21&M$11,Base,9,FALSE) -> 674411.17 | N21: =VLOOKUP($A21&$B21&N$11,Base,9,FALSE) -> 674411.17 | O21: =VLOOKUP($A21&$B21&O$11,Base,9,FALSE) -> 0 | P21: =VLOOKUP($A21&$B21&P$11,Base,9,FALSE) -> 1348822.3 | ... S21: =VLOOKUP($A21&$B21&S$11,Base,9,FALSE) -> 0 | T21: =SUM(H21:S21) -> 5395289.4
A22: 150904 | B22: 18101 | D22: Calle Mangana No. 201, fraccionamiento Vista Alegre, Aguascalientes, Aguascalientes | E22: Bodega de Bienes Embargados | F22: =SUM(H22:S22) -> 1044000 | G22: Asignado | I22: =VLOOKUP($A22&$B22&I$11,Base,8,FALSE) -> 0 | J22: =VLOOKUP($A22&$B22&J$11,Base,8,FALSE) -> 0 | K22: =VLOOKUP($A22&$B22&K$11,Base,8,FALSE) -> 0 | L22: =VLOOKUP($A22&$B22&L$11,Base,8,FALSE) -> 260999.94 | M22: =VLOOKUP($A22&$B22&M$11,Base,8,FALSE) -> 173999.96 | N22: =VLOOKUP($A22&$B22&N$11,Base,8,FALSE) -> 86999.98 | O22: =VLOOKUP($A22&$B22&O$11,Base,8,FALSE) -> 86999.98 | P22: =VLOOKUP($A22&$B22&P$11,Base,8,FALSE) -> 86999.98 | ... S22: =VLOOKUP($A22&$B22&S$11,Base,8,FALSE) -> 174000 | T22: =SUM($H22:(OFFSET($H22,0,AVANCE060826!$T$2))) -> 783000
A23: 150904 | B23: 18101 | G23: Ejercido | I23: =VLOOKUP($A23&$B23&I$11,Base,9,FALSE) -> 0 | J23: =VLOOKUP($A23&$B23&J$11,Base,9,FALSE) -> 0 | K23: =VLOOKUP($A23&$B23&K$11,Base,9,FALSE) -> 0 | L23: =VLOOKUP($A23&$B23&L$11,Base,9,FALSE) -> 260999.94 | M23: =VLOOKUP($A23&$B23&M$11,Base,9,FALSE) -> 173999.96 | N23: =VLOOKUP($A23&$B23&N$11,Base,9,FALSE) -> 86999.98 | O23: =VLOOKUP($A23&$B23&O$11,Base,9,FALSE) -> 86999.98 | P23: =VLOOKUP($A23&$B23&P$11,Base,9,FALSE) -> 86999.98 | ... S23: =VLOOKUP($A23&$B23&S$11,Base,9,FALSE) -> 0 | T23: =SUM(H23:S23) -> 695999.84
A24: 50100 | B24: 19001 | D24: Avenida Arroyo del Molino No. 301, casa 163, Fraccionamiento Real del Molino, Jesús María, Aguascalientes | E24: Casa Habitación TOOAD | F24: =SUM(H24:S24) -> 317797.5 | G24: Asignado | I24: =VLOOKUP($A24&$B24&I$11,Base,8,FALSE) -> 0 | J24: =VLOOKUP($A24&$B24&J$11,Base,8,FALSE) -> 49999.98 | K24: =VLOOKUP($A24&$B24&K$11,Base,8,FALSE) -> 24999.99 | L24: =VLOOKUP($A24&$B24&L$11,Base,8,FALSE) -> 24999.99 | M24: =VLOOKUP($A24&$B24&M$11,Base,8,FALSE) -> 24999.99 | N24: =VLOOKUP($A24&$B24&N$11,Base,8,FALSE) -> 27542.5 | O24: =VLOOKUP($A24&$B24&O$11,Base,8,FALSE) -> 27542.5 | P24: =VLOOKUP($A24&$B24&P$11,Base,8,FALSE) -> 27542.5 | ... S24: =VLOOKUP($A24&$B24&S$11,Base,8,FALSE) -> 55085 | T24: =SUM($H24:(OFFSET($H24,0,AVANCE060826!$T$2))) -> 235170
A25: 50100 | B25: 19001 | G25: Ejercido | I25: =VLOOKUP($A25&$B25&I$11,Base,9,FALSE) -> 0 | J25: =VLOOKUP($A25&$B25&J$11,Base,9,FALSE) -> 49999.98 | K25: =VLOOKUP($A25&$B25&K$11,Base,9,FALSE) -> 24999.99 | L25: =VLOOKUP($A25&$B25&L$11,Base,9,FALSE) -> 24999.99 | M25: =VLOOKUP($A25&$B25&M$11,Base,9,FALSE) -> 24999.99 | N25: =VLOOKUP($A25&$B25&N$11,Base,9,FALSE) -> 27542.5 | O25: =VLOOKUP($A25&$B25&O$11,Base,9,FALSE) -> 27542.5 | P25: =VLOOKUP($A25&$B25&P$11,Base,9,FALSE) -> 27542.5 | ... S25: =VLOOKUP($A25&$B25&S$11,Base,9,FALSE) -> 0 | T25: =SUM(H25:S25) -> 207627.45
C26: =COUNT(C16:C24) -> 0 | F26: =SUM(F14:F25) -> 13670292 | G26: Asignado | H26: =+H24+H18+H16+H14+H22+H20 -> 0 | I26: =+I24+I18+I16+I14+I22+I20 -> 0 | J26: =+J24+J18+J16+J14+J22+J20 -> 1212778 | K26: =+K24+K18+K16+K14+K22+K20 -> 1765802.7 | L26: =+L24+L18+L16+L14+L22+L20 -> 1375468.7 | M26: =+M24+M18+M16+M14+M22+M20 -> 1334476.6 | N26: =+N24+N18+N16+N14+N22+N20 -> 1140247.7 | O26: =+O24+O18+O16+O14+O22+O20 -> 465836.56 | ... T26: =+T24+T18+T16+T14+T22+T20 -> 10249560
G27: Ejercido | H27: =+H25+H19+H17+H15+H23+H21 -> 0 | I27: =+I25+I19+I17+I15+I23+I21 -> 0 | J27: =+J25+J19+J17+J15+J23+J21 -> 1212778 | K27: =+K25+K19+K17+K15+K23+K21 -> 1765802.7 | L27: =+L25+L19+L17+L15+L23+L21 -> 1375468.7 | M27: =+M25+M19+M17+M15+M23+M21 -> 1334476.6 | N27: =+N25+N19+N17+N15+N23+N21 -> 1140247.7 | O27: =+O25+O19+O17+O15+O23+O21 -> 465836.56 | ... T27: =+T25+T19+T17+T15+T23+T21 -> 9109269.3
H29: 1137706 | I29: 1140248.5 | J29: 1140248.5 | K29: 1140248.5 | L29: 1140248.5 | M29: 1140247.6 | N29: 1140247.6

Sheet AGS CONT
D1: INSTITUTO MEXICANO DEL SEGURO SOCIAL
D2: DIRECCIÓN DE ADMINISTRACIÓN
D3: UNIDAD DE ADMINISTRACIÓN
D4: COORDINACIÓN DE CONSERVACIÓN Y SERVICIOS GENERALES
D5: COORDINACIÓN TÉCNICA DE ADMINISTRACIÓN DE ACTIVOS
D6: DIVISIÓN DE ARRENDAMIENTO Y COMERCIALIZACIÓN
D7: EJERCICIO 2020
D8: OOAD: | E8: AGUASCALIENTES
A10: CLAV E PREI | C10: UNIDAD | D10: DIRECCIÓN | E10: DESTINO | F10: MONTO MENSUAL DE CONTRATO | G10: MONTO MENSUAL CON IVA | H10: MONTO ANUAL | I10: OBSERVACIONES
A11: U.I. | B11: C.C.
A12: 019101 | B12: 900110 | D12: Carr. A Zacatecas No. 701, Fracc. las Hadas, C.P. 20140 | E12: Oficinas Administrativas de la Subdelegación Metropolitana Norte | F12: 134774 | G12: =+F12*1.16 -> 156337.84 | H12: =+G12*12 -> 1876054.1 | I12: contrato de marzo a diciembre de 2020
A13: 019102 | B13: 900110 | D13: Calle Ecuador No. 205, Planta Baja, Aguascalientes | E13: Oficinas Administrativas de la Subdelegación Metropolitana Sur | F13: 98600 | G13: =+F13*1.16 -> 114376 | H13: =+G13*12 -> 1372512 | I13: no hay contrato con el incremento
A14: 015801 | B14: 800201 | D14: Calle Ecuador No. 205, Planta Alta, Aguascalientes | E14: Centro de Capacitación | F14: 58000 | G14: =+F14*1.16 -> 67280 | H14: =+G14*12 -> 807360 | I14: no hay contrato con el incremento
A15: 019001 | B15: 150100 | D15: Calle Carolina Villanueva N° 314, Ciudad Industrial, Aguascalientes | E15: Almacén Delegacional, Oficinas de la Coordinación Delegacional, Bod. Bienes Emb. y Arch. Conc. | F15: 319000 | G15: =+F15*1.16 -> 370040 | H15: =+G15*12 -> 4440480
A16: 019001 | B16: 050100 | D16: Avenida Arroyo del Molino No. 301, casa 163, Fraccionamiento Real del Molino, Jesús María, Aguascalientes | E16: Casa Habitacional | F16: 276000 | G16: =+F16*1.16 -> 320160 | H16: =+G16*12 -> 3841920 | I16: Contrato 2021
B17: 4 | C17: =COUNT(C13:C16) -> 0 | G17: =SUM(G12:G16) -> 1028193.8 | H17: =SUM(H12:H16) -> 12338326

Sheet BC
D1: INSTITUTO MEXICANO DEL SEGURO SOCIAL
D2: DIRECCIÓN DE ADMINISTRACIÓN
D3: UNIDAD DE ADMINISTRACIÓN
D4: COORDINACIÓN DE CONSERVACIÓN Y SERVICIOS GENERALES
D5: COORDINACIÓN TÉCNICA DE ADMINISTRACIÓN DE ACTIVOS
D6: DIVISIÓN DE ARRENDAMIENTO Y COMERCIALIZACIÓN
D7: EJERCICIO 2026
D8: OOAD: | E8: BAJA CALIFORNIA
A10: CLAV E PREI | C10: UNIDAD | D10: DIRECCIÓN | E10: DESTINO | F10: ASIGNADO ANUAL | G10: Renta Mensual | H10: PRESUPUESTO AL PERIODO | J10: VARIACIÓN | L10: AVANCE % | M10: OBSERVACIONES
A11: U.I. | B11: C.C. | H11: CALENDARIZADO (1) | I11: EJERCIDO (2) | J11: IMPORTE 3=(1-2) | K11: % 4=(3/1)*100
A12: 025601 | B12: 310203 | D12: Avenida Gastelum y Calle 14 Nos. 1408 y 1415, Colonia Sección Primera, Ensenada | E12: Centro de Extensión de Conocimientos y Esquema Modificado | J12: =+I12-H12 -> 0 | K12: =+J12/H12*100 -> #DIV/0! | L12: =+I12/H12*100 -> #DIV/0! | M12: No ha registrado pagos en el primer trimestre de 2023.
A13: 029101 | B13: 900110 | D13: Boulevard Lázaro Cárdenas No. 2209-C, Colonia Plutarco Elías Calles Deleg. Gonzalez Ortega C.P 21379, Mexicali | E13: Oficinas Administrativas Subdelegacionales | F13: =BC_Calendario!F13 -> 4593600 | G13: 382800 | H13: =BC_Calendario!T13 -> 3445200 | I13: =BC_Calendario!T14 -> 3062400 | J13: =H13-I13 -> 382800 | K13: =+J13/H13*100 -> 11.111111 | L13: =+I13/H13*100 -> 88.888889 | M13: Registra pagos al mes de agosto.
B14: 1 | C14: =COUNT(#REF!) -> 0 | F14: =SUM(F12:F13) -> 4593600 | G14: =SUM(G12:G13) -> 382800 | H14: =+H13 -> 3445200 | I14: =+I13 -> 3062400 | J14: =H14-I14 -> 382800 | K14: =+J14/H14*100 -> 11.111111 | L14: =+I14/H14*100 -> 88.888889

Sheet BC_Calendario
F1: INSTITUTO MEXICANO DEL SEGURO SOCIAL
F2: DIRECCIÓN DE ADMINISTRACIÓN
F3: UNIDAD DE ADMINISTRACIÓN
F4: COORDINACIÓN DE CONSERVACIÓN Y SERVICIOS GENERALES
F5: COORDINACIÓN TÉCNICA DE ADMINISTRACIÓN DE ACTIVOS
F6: DIVISIÓN DE ARRENDAMIENTO Y COMERCIALIZACIÓN
D7: EJERCICIO 2026
D8: OOAD : | E8: BAJA CALIFORNIA
I10: 2026M02 | J10: 2026M03 | K10: 2026M04 | L10: 2026M05 | M10: 2026M06 | N10: 2026M07 | O10: 2026M08 | P10: 2026M09 | Q10: 2026M10 | R10: 2026M11 | S10: 2026M12
B11: CLAV E PREI | C11: UNIDAD | D11: DIRECCIÓN | E11: DESTINO | F11: ASIGNADO ANUAL | H11: Enero | I11: Febrero | J11: Marzo | K11: Abril | L11: Mayo | M11: Junio | N11: Julio | O11: Agosto | P11: Septiembre | Q11: Octubre | R11: Noviembre | S11: Diciembre | U11: OBSERVACIONES
A12: C.C. | B12: U.I.
A13: 900110 | B13: 29101 | D13: Boulevard Lázaro Cárdenas No. 2209-C, Colonia Plutarco Elías Calles Deleg. Gonzalez Ortega C.P 21379, Mexicali | E13: Oficinas Administrativas Subdelegacionales | F13: =SUM(H13:S13) -> 4593600 | G13: Asignado | I13: =VLOOKUP($A13&$B13&I$10,Base,8,FALSE) -> 382800 | J13: =VLOOKUP($A13&$B13&J$10,Base,8,FALSE) -> 382800 | K13: =VLOOKUP($A13&$B13&K$10,Base,8,FALSE) -> 382800 | L13: =VLOOKUP($A13&$B13&L$10,Base,8,FALSE) -> 382800 | M13: =VLOOKUP($A13&$B13&M$10,Base,8,FALSE) -> 382800 | N13: =VLOOKUP($A13&$B13&N$10,Base,8,FALSE) -> 382800 | O13: =VLOOKUP($A13&$B13&O$10,Base,8,FALSE) -> 382800 | P13: =VLOOKUP($A13&$B13&P$10,Base,8,FALSE) -> 382800 | ... S13: =VLOOKUP($A13&$B13&S$10,Base,8,FALSE) -> 765600 | T13: =SUM($H13:(OFFSET($H13,0,AVANCE060826!$T$2))) -> 3445200
A14: 900110 | B14: 29101 | G14: Ejercido | I14: =VLOOKUP($A14&$B14&I$10,Base,9,FALSE) -> 382800 | J14: =VLOOKUP($A14&$B14&J$10,Base,9,FALSE) -> 382800 | K14: =VLOOKUP($A14&$B14&K$10,Base,9,FALSE) -> 382800 | L14: =VLOOKUP($A14&$B14&L$10,Base,9,FALSE) -> 382800 | M14: =VLOOKUP($A14&$B14&M$10,Base,9,FALSE) -> 382800 | N14: =VLOOKUP($A14&$B14&N$10,Base,9,FALSE) -> 382800 | O14: =VLOOKUP($A14&$B14&O$10,Base,9,FALSE) -> 382800 | P14: =VLOOKUP($A14&$B14&P$10,Base,9,FALSE) -> 382800 | ... S14: =VLOOKUP($A14&$B14&S$10,Base,9,FALSE) -> 0 | T14: =SUM(H14:S14) -> 3062400
C15: =COUNT(#REF!) -> 0 | F15: =SUM(F13:F14) -> 4593600 | G15: Asignado | H15: =+H13 -> 0 | I15: =+I13 -> 382800 | J15: =+J13 -> 382800 | K15: =+K13 -> 382800 | L15: =+L13 -> 382800 | M15: =+M13 -> 382800 | N15: =+N13 -> 382800 | O15: =+O13 -> 382800 | ... S15: =+S13 -> 765600 | T15: =T13 -> 3445200
G16: Ejercido | I16: =+I14 -> 382800 | J16: =+J14 -> 382800 | K16: =+K14 -> 382800 | L16: =+L14 -> 382800 | M16: =+M14 -> 382800 | N16: =+N14 -> 382800 | O16: =+O14 -> 382800 | P16: =+P14 -> 382800 | ... S16: =+S14 -> 0 | T16: =T14 -> 3062400

Sheet BCS 
D1: INSTITUTO MEXICANO DEL SEGURO SOCIAL
D2: DIRECCIÓN DE ADMINISTRACIÓN
D3: UNIDAD DE ADMINISTRACIÓN
D4: COORDINACIÓN DE CONSERVACIÓN Y SERVICIOS GENERALES
D5: COORDINACIÓN TÉCNICA DE ADMINISTRACIÓN DE ACTIVOS
D6: DIVISIÓN DE ARRENDAMIENTO Y COMERCIALIZACIÓN
D7: EJERCICIO 2026
D8: OOAD : | E8: BAJA CALIFORNIA SUR
A10: CLAV E PREI | C10: UNIDAD | D10: DIRECCIÓN | E10: DESTINO | F10: ASIGNADO ANUAL | G10: Renta Mensual | H10: PRESUPUESTO AL PERIODO | J10: VARIACIÓN | L10: AVANCE % | M10: OBSERVACIONES
A11: U.I. | B11: C.C. | H11: CALENDARIZADO (1) | I11: EJERCIDO (2) | J11: IMPORTE 3=(1-2) | K11: % 4=(3/1)*100
A12: 39001 | B12: 200100 | D12: Calle Ignacio Allende No. 1135, esquina Félix Ortega y Marcelo Rubio Ruíz, Colonia Centro, La Paz | E12: Unidad de Rehabilitación y Centro de Capacitación | F12: =BCS_Calendario!F13 -> 518724 | G12: =37264.5*1.16 -> 43226.82 | H12: =BCS_Calendario!T13 -> 389043 | I12: =BCS_Calendario!T14 -> 389041.16 | J12: =H12-I12 -> 1.84 | K12: =+J12/H12*100 -> 0.00047295543 | L12: =+I12/H12*100 -> 99.999527 | M12: Registro de pagos al mes de agosto.
A13: 39102 | B13: 900110 | D13: Boulevard Tecnológico No. 1810, Colonia Guaymitas, San José del Cabo | E13: Oficinas Administrativas | F13: =BCS_Calendario!F15 -> 344182.8 | G13: =+F13/12 -> 28681.9 | H13: =BCS_Calendario!T15 -> 258138 | I13: =BCS_Calendario!T16 -> 229451.2 | J13: =H13-I13 -> 28686.8 | K13: =+J13/H13*100 -> 11.112971 | L13: =+I13/H13*100 -> 88.887029 | M13: Registro de pagos al mes de agosto.
A14: 39103 | B14: 900110 | D14: Avenida Venustiano Carranza No. 114 entre Ignacio Zaragoza y Hugo Cervantes del Rio, Colonia Centro, Ciudad Constitución | E14: Oficinas Administrativas | F14: =BCS_Calendario!F17 -> 125280 | G14: 10440 | H14: =BCS_Calendario!T17 -> 93960 | I14: =BCS_Calendario!T18 -> 83520 | J14: =H14-I14 -> 10440 | K14: =+J14/H14*100 -> 11.111111 | L14: =+I14/H14*100 -> 88.888889 | M14: Registro de pagos al mes de agosto.
A15: 38001 | B15: 150900 | D15: Calle 22 s/n, Lote 008, Manzana 13, Colonia Desarrollo Aeropuerto, San José del Cabo | E15: Almacén de Materiales Terapéuticos y Diversos | F15: =BCS_Calendario!F19 -> 4176000 | G15: =696000/2 -> 348000 | H15: =BCS_Calendario!T19 -> 3132000 | I15: =BCS_Calendario!T20 -> 2783998.6 | J15: =H15-I15 -> 348001.44 | K15: =+J15/H15*100 -> 11.111157 | L15: =+I15/H15*100 -> 88.888843 | M15: Registro de pagos al mes de agosto.
A16: 38002 | B16: 920201 | D16: Calle Valentín Gómez Farías No. 166, entre República y Manuel Torres Iglesias, Colonia Esterito, | E16: Bodega de Bienes Embargados y Archivo de Concentración * | F16: =BCS_Calendario!F21 -> 596638.8 | G16: 49719.4 | H16: =BCS_Calendario!T21 -> 447480 | I16: =BCS_Calendario!T22 -> 447473.34 | J16: =H16-I16 -> 6.66 | K16: =+J16/H16*100 -> 0.0014883347 | L16: =+I16/H16*100 -> 99.998512 | M16: Registro de pagos al mes de agosto.
B17: 5 | C17: =COUNT(C13:C16) -> 0 | F17: =SUM(F12:F16) -> 5760825.6 | G17: =SUM(G12:G16) -> 480068.12 | H17: =SUM(H12:H16) -> 4320621 | I17: =SUM(I12:I16) -> 3933484.3 | J17: =H17-I17 -> 387136.74 | K17: =SUM(K12:K16) -> 33.3372 | L17: =+I17/H17*100 -> 91.039789

Sheet BCS_Calendario
F1: INSTITUTO MEXICANO DEL SEGURO SOCIAL
F2: DIRECCIÓN DE ADMINISTRACIÓN
F3: UNIDAD DE ADMINISTRACIÓN
F4: COORDINACIÓN DE CONSERVACIÓN Y SERVICIOS GENERALES
F5: COORDINACIÓN TÉCNICA DE ADMINISTRACIÓN DE ACTIVOS
F6: DIVISIÓN DE ARRENDAMIENTO Y COMERCIALIZACIÓN
D7: EJERCICIO 2026
D8: OOAD : | E8: BAJA CALIFORNIA SUR
I10: 2026M02 | J10: 2026M03 | K10: 2026M04 | L10: 2026M05 | M10: 2026M06 | N10: 2026M07 | O10: 2026M08 | P10: 2026M09 | Q10: 2026M10 | R10: 2026M11 | S10: 2026M12 | T10: =+T16+T20 -> 3013449.8
B11: CLAV E PREI | C11: UNIDAD | D11: DIRECCIÓN | E11: DESTINO | F11: ASIGNADO ANUAL | H11: Enero | I11: Febrero | J11: Marzo | K11: Abril | L11: Mayo | M11: Junio | N11: Julio | O11: Agosto | P11: Septiembre | Q11: Octubre | R11: Noviembre | S11: Diciembre | T11: Total | U11: OBSERVACIONES
A12: C.C. | B12: U.I.
A13: 200100 | B13: 39001 | D13: Calle Ignacio Allende No. 1135, esquina Félix Ortega y Marcelo Rubio Ruíz, Colonia Centro, La Paz | E13: Unidad de Rehabilitación y Centro de Capacitación | F13: =SUM(H13:S13) -> 518724 | G13: Asignado | I13: =VLOOKUP($A13&$B13&I$10,Base,8,FALSE) -> 43226.79 | J13: =VLOOKUP($A13&$B13&J$10,Base,8,FALSE) -> 43226.79 | K13: =VLOOKUP($A13&$B13&K$10,Base,8,FALSE) -> 43226.79 | L13: =VLOOKUP($A13&$B13&L$10,Base,8,FALSE) -> 43226.84 | M13: =VLOOKUP($A13&$B13&M$10,Base,8,FALSE) -> 43226.79 | N13: =VLOOKUP($A13&$B13&N$10,Base,8,FALSE) -> 43226.79 | O13: =VLOOKUP($A13&$B13&O$10,Base,8,FALSE) -> 43226.79 | P13: =VLOOKUP($A13&$B13&P$10,Base,8,FALSE) -> 43226.79 | ... S13: =VLOOKUP($A13&$B13&S$10,Base,8,FALSE) -> 86454 | T13: =SUM($H13:(OFFSET($H13,0,AVANCE060826!$T$2))) -> 389043
A14: 200100 | B14: 39001 | G14: Ejercido | I14: =VLOOKUP($A14&$B14&I$10,Base,9,FALSE) -> 43226.79 | J14: =VLOOKUP($A14&$B14&J$10,Base,9,FALSE) -> 43226.79 | K14: =VLOOKUP($A14&$B14&K$10,Base,9,FALSE) -> 43226.79 | L14: =VLOOKUP($A14&$B14&L$10,Base,9,FALSE) -> 43226.84 | M14: =VLOOKUP($A14&$B14&M$10,Base,9,FALSE) -> 43226.79 | N14: =VLOOKUP($A14&$B14&N$10,Base,9,FALSE) -> 43226.79 | O14: =VLOOKUP($A14&$B14&O$10,Base,9,FALSE) -> 43226.79 | P14: =VLOOKUP($A14&$B14&P$10,Base,9,FALSE) -> 43226.79 | ... S14: =VLOOKUP($A14&$B14&S$10,Base,9,FALSE) -> 0 | T14: =SUM(H14:S14) -> 389041.16
A15: 900110 | B15: 39102 | D15: Boulevard Tecnológico No. 1810, Colonia Guaymitas, San José del Cabo | E15: Oficinas Administrativas | F15: =SUM(H15:S15) -> 344182.8 | G15: Asignado | I15: =VLOOKUP($A15&$B15&I$10,Base,8,FALSE) -> 0 | J15: =VLOOKUP($A15&$B15&J$10,Base,8,FALSE) -> 57362.8 | K15: =VLOOKUP($A15&$B15&K$10,Base,8,FALSE) -> 28681.4 | L15: =VLOOKUP($A15&$B15&L$10,Base,8,FALSE) -> 28681.4 | M15: =VLOOKUP($A15&$B15&M$10,Base,8,FALSE) -> 28681.4 | N15: =VLOOKUP($A15&$B15&N$10,Base,8,FALSE) -> 28681.4 | O15: =VLOOKUP($A15&$B15&O$10,Base,8,FALSE) -> 28681.4 | P15: =VLOOKUP($A15&$B15&P$10,Base,8,FALSE) -> 28681.4 | ... S15: =VLOOKUP($A15&$B15&S$10,Base,8,FALSE) -> 57362.8 | T15: =SUM($H15:(OFFSET($H15,0,AVANCE060826!$T$2))) -> 258138
A16: 900110 | B16: 39102 | G16: Ejercido | I16: =VLOOKUP($A16&$B16&I$10,Base,9,FALSE) -> 0 | J16: =VLOOKUP($A16&$B16&J$10,Base,9,FALSE) -> 57362.8 | K16: =VLOOKUP($A16&$B16&K$10,Base,9,FALSE) -> 28681.4 | L16: =VLOOKUP($A16&$B16&L$10,Base,9,FALSE) -> 28681.4 | M16: =VLOOKUP($A16&$B16&M$10,Base,9,FALSE) -> 28681.4 | N16: =VLOOKUP($A16&$B16&N$10,Base,9,FALSE) -> 28681.4 | O16: =VLOOKUP($A16&$B16&O$10,Base,9,FALSE) -> 28681.4 | P16: =VLOOKUP($A16&$B16&P$10,Base,9,FALSE) -> 28681.4 | ... S16: =VLOOKUP($A16&$B16&S$10,Base,9,FALSE) -> 0 | T16: =SUM(H16:S16) -> 229451.2
A17: 900110 | B17: 39103 | D17: Avenida Venustiano Carranza No. 114 entre Ignacio Zaragoza y Hugo Cervantes del Rio, Colonia Centro, Ciudad Constitución | E17: Oficinas Administrativas | F17: =SUM(H17:S17) -> 125280 | G17: Asignado | I17: =VLOOKUP($A17&$B17&I$10,Base,8,FALSE) -> 10440 | J17: =VLOOKUP($A17&$B17&J$10,Base,8,FALSE) -> 10440 | K17: =VLOOKUP($A17&$B17&K$10,Base,8,FALSE) -> 10440 | L17: =VLOOKUP($A17&$B17&L$10,Base,8,FALSE) -> 10440 | M17: =VLOOKUP($A17&$B17&M$10,Base,8,FALSE) -> 10440 | N17: =VLOOKUP($A17&$B17&N$10,Base,8,FALSE) -> 10440 | O17: =VLOOKUP($A17&$B17&O$10,Base,8,FALSE) -> 10440 | P17: =VLOOKUP($A17&$B17&P$10,Base,8,FALSE) -> 10440 | ... S17: =VLOOKUP($A17&$B17&S$10,Base,8,FALSE) -> 20880 | T17: =SUM($H17:(OFFSET($H17,0,AVANCE060826!$T$2))) -> 93960
A18: 900110 | B18: 39103 | G18: Ejercido | I18: =VLOOKUP($A18&$B18&I$10,Base,9,FALSE) -> 10440 | J18: =VLOOKUP($A18&$B18&J$10,Base,9,FALSE) -> 10440 | K18: =VLOOKUP($A18&$B18&K$10,Base,9,FALSE) -> 10440 | L18: =VLOOKUP($A18&$B18&L$10,Base,9,FALSE) -> 10440 | M18: =VLOOKUP($A18&$B18&M$10,Base,9,FALSE) -> 10440 | N18: =VLOOKUP($A18&$B18&N$10,Base,9,FALSE) -> 10440 | O18: =VLOOKUP($A18&$B18&O$10,Base,9,FALSE) -> 10440 | P18: =VLOOKUP($A18&$B18&P$10,Base,9,FALSE) -> 10440 | ... S18: =VLOOKUP($A18&$B18&S$10,Base,9,FALSE) -> 0 | T18: =SUM(H18:S18) -> 83520
A19: 150900 | B19: 38001 | D19: Calle 22 s/n, Lote oo8, Manzana 13, Colonia Desarrollo Aeropuerto, San José del Cabo | E19: Almacén de Materiales Terapéuticos y Diversos | F19: =SUM(H19:S19) -> 4176000 | G19: Asignado | I19: =VLOOKUP($A19&$B19&I$10,Base,8,FALSE) -> 347999.82 | J19: =VLOOKUP($A19&$B19&J$10,Base,8,FALSE) -> 347999.82 | K19: =VLOOKUP($A19&$B19&K$10,Base,8,FALSE) -> 347999.82 | L19: =VLOOKUP($A19&$B19&L$10,Base,8,FALSE) -> 347999.82 | M19: =VLOOKUP($A19&$B19&M$10,Base,8,FALSE) -> 347999.82 | N19: =VLOOKUP($A19&$B19&N$10,Base,8,FALSE) -> 347999.82 | O19: =VLOOKUP($A19&$B19&O$10,Base,8,FALSE) -> 347999.82 | P19: =VLOOKUP($A19&$B19&P$10,Base,8,FALSE) -> 347999.82 | ... S19: =VLOOKUP($A19&$B19&S$10,Base,8,FALSE) -> 696000 | T19: =SUM($H19:(OFFSET($H19,0,AVANCE060826!$T$2))) -> 3132000
A20: 150900 | B20: 38001 | G20: Ejercido | I20: =VLOOKUP($A20&$B20&I$10,Base,9,FALSE) -> 347999.82 | J20: =VLOOKUP($A20&$B20&J$10,Base,9,FALSE) -> 347999.82 | K20: =VLOOKUP($A20&$B20&K$10,Base,9,FALSE) -> 347999.82 | L20: =VLOOKUP($A20&$B20&L$10,Base,9,FALSE) -> 347999.82 | M20: =VLOOKUP($A20&$B20&M$10,Base,9,FALSE) -> 347999.82 | N20: =VLOOKUP($A20&$B20&N$10,Base,9,FALSE) -> 347999.82 | O20: =VLOOKUP($A20&$B20&O$10,Base,9,FALSE) -> 347999.82 | P20: =VLOOKUP($A20&$B20&P$10,Base,9,FALSE) -> 347999.82 | ... S20: =VLOOKUP($A20&$B20&S$10,Base,9,FALSE) -> 0 | T20: =SUM(H20:S20) -> 2783998.6
A21: 920201 | B21: 38002 | D21: Calle Valentín Gómez Farías No. 166, entre República y Manuel Torres Iglesias, Colonia Esterito, | E21: Bodega de Bienes Embargados y Archivo de Concentración * | F21: =SUM(H21:S21) -> 596638.8 | G21: Asignado | I21: =VLOOKUP($A21&$B21&I$10,Base,8,FALSE) -> 49719.26 | J21: =VLOOKUP($A21&$B21&J$10,Base,8,FALSE) -> 49719.26 | K21: =VLOOKUP($A21&$B21&K$10,Base,8,FALSE) -> 49719.26 | L21: =VLOOKUP($A21&$B21&L$10,Base,8,FALSE) -> 49719.26 | M21: =VLOOKUP($A21&$B21&M$10,Base,8,FALSE) -> 49719.26 | N21: =VLOOKUP($A21&$B21&N$10,Base,8,FALSE) -> 49719.26 | O21: =VLOOKUP($A21&$B21&O$10,Base,8,FALSE) -> 49719.26 | P21: =VLOOKUP($A21&$B21&P$10,Base,8,FALSE) -> 49719.26 | ... S21: =VLOOKUP($A21&$B21&S$10,Base,8,FALSE) -> 99438.8 | T21: =SUM($H21:(OFFSET($H21,0,AVANCE060826!$T$2))) -> 447480
A22: 920201 | B22: 38002 | G22: Ejercido | I22: =VLOOKUP($A22&$B22&I$10,Base,9,FALSE) -> 49719.26 | J22: =VLOOKUP($A22&$B22&J$10,Base,9,FALSE) -> 49719.26 | K22: =VLOOKUP($A22&$B22&K$10,Base,9,FALSE) -> 49719.26 | L22: =VLOOKUP($A22&$B22&L$10,Base,9,FALSE) -> 49719.26 | M22: =VLOOKUP($A22&$B22&M$10,Base,9,FALSE) -> 49719.26 | N22: =VLOOKUP($A22&$B22&N$10,Base,9,FALSE) -> 49719.26 | O22: =VLOOKUP($A22&$B22&O$10,Base,9,FALSE) -> 49719.26 | P22: =VLOOKUP($A22&$B22&P$10,Base,9,FALSE) -> 49719.26 | ... S22: =VLOOKUP($A22&$B22&S$10,Base,9,FALSE) -> 0 | T22: =SUM(H22:S22) -> 447473.34
A23: 5 | C23: =COUNT(C15:C21) -> 0 | F23: =SUM(F13:F21) -> 5760825.6 | G23: Asignado | H23: =SUM(H21+H17+H15+H13+H19) -> 0 | I23: =SUM(I21+I17+I15+I13+I19) -> 451385.87 | J23: =SUM(J21+J17+J15+J13+J19) -> 508748.67 | K23: =SUM(K21+K17+K15+K13+K19) -> 480067.27 | L23: =SUM(L21+L17+L15+L13+L19) -> 480067.32 | M23: =SUM(M21+M17+M15+M13+M19) -> 480067.27 | N23: =SUM(N21+N17+N15+N13+N19) -> 480067.27 | O23: =SUM(O21+O17+O15+O13+O19) -> 480067.27 | ... T23: =SUM(T21+T17+T15+T13+T19) -> 4320621
G24: Ejercido | H24: =SUM(H22+H18+H16+H14+H20) -> 0 | I24: =SUM(I22+I18+I16+I14+I20) -> 451385.87 | J24: =SUM(J22+J18+J16+J14+J20) -> 508748.67 | K24: =SUM(K22+K18+K16+K14+K20) -> 480067.27 | L24: =SUM(L22+L18+L16+L14+L20) -> 480067.32 | M24: =SUM(M22+M18+M16+M14+M20) -> 480067.27 | N24: =SUM(N22+N18+N16+N14+N20) -> 480067.27 | O24: =SUM(O22+O18+O16+O14+O20) -> 480067.27 | ... T24: =SUM(T22+T18+T16+T14+T20) -> 3933484.3
A34: C.C. | B34: U.I.
A35: 200100 | B35: 39001
A36: 900110 | B36: 39102
A37: 900110 | B37: 39103
A38: 150900 | B38: 38001
A39: 920201 | B39: 38002
A44: 5

Sheet CAM
D1: INSTITUTO MEXICANO DEL SEGURO SOCIAL
D2: DIRECCIÓN DE ADMINISTRACIÓN
D3: UNIDAD DE ADMINISTRACIÓN
D4: COORDINACIÓN DE CONSERVACIÓN Y SERVICIOS GENERALES
D5: COORDINACIÓN TÉCNICA DE ADMINISTRACIÓN DE ACTIVOS
D6: DIVISIÓN DE ARRENDAMIENTO Y COMERCIALIZACIÓN
D7: EJERCICIO 2026
D8: OOAD: | E8: CAMPECHE
A10: CLAV E PREI | C10: UNIDAD | D10: DIRECCIÓN | E10: DESTINO | F10: ASIGNADO ANUAL | G10: Renta Mensual | H10: PRESUPUESTO AL PERIODO | J10: VARIACIÓN | L10: AVANCE % | M10: OBSERVACIONES
A11: U.I. | B11: C.C. | H11: CALENDARIZADO (1) | I11: EJERCIDO (2) | J11: IMPORTE 3=(1-2) | K11: % 4=(3/1)*100
A12: 049001 | B12: 050100 | C12: Tepic | D12: Calle Cordillera No 34, departamento 202, Condominios Xiluma, Fraccionamiento Lomas de la Eminencia, San Francisco, Campeche | E12: CASA HABITACIÓN TOOAD | F12: =CAM_Calendario!F13 -> 160550 | G12: 13000 | H12: =CAM_Calendario!U13 -> 117000 | I12: =CAM_Calendario!U14 -> 104000 | J12: =H12-I12 -> 13000 | K12: =+J12/H12*100 -> 11.111111 | L12: =+I12/H12*100 -> 88.888889 | M12: Pagos al mes de agosto. Registra pagos por un importe de $215,399.99 adicionales a lo programado, se desconoce su origen.
B13: 1 | C13: =COUNT(#REF!) -> 0 | F13: =SUM(F12:F12) -> 160550 | G13: =SUM(G12:G12) -> 13000 | H13: =SUM(H12:H12) -> 117000 | I13: =SUM(I12:I12) -> 104000 | J13: =H13-I13 -> 13000 | K13: =+J13/H13*100 -> 11.111111 | L13: =+I13/H13*100 -> 88.888889

Sheet CAM_Calendario
F1: INSTITUTO MEXICANO DEL SEGURO SOCIAL
F2: DIRECCIÓN DE ADMINISTRACIÓN
F3: UNIDAD DE ADMINISTRACIÓN
F4: COORDINACIÓN DE CONSERVACIÓN Y SERVICIOS GENERALES
F5: COORDINACIÓN TÉCNICA DE ADMINISTRACIÓN DE ACTIVOS
F6: DIVISIÓN DE ARRENDAMIENTO Y COMERCIALIZACIÓN
D7: EJERCICIO 2026
D8: OOAD: | E8: CAMPECHE
J10: 2026M02 | K10: 2026M03 | L10: 2026M04 | M10: 2026M05 | N10: 2026M06 | O10: 2026M07 | P10: 2026M08 | Q10: 2026M09 | R10: 2026M10 | S10: 2026M11 | T10: 2026M12
B11: CLAV E PREI | C11: UNIDAD | D11: DIRECCIÓN | E11: DESTINO | F11: ASIGNADO ANUAL | H11: Renta Mensual | I11: Enero | J11: Febrero | K11: Marzo | L11: Abril | M11: Mayo | N11: Junio | O11: Julio | P11: Agosto | Q11: Septiembre | R11: Octubre | S11: Noviembre | T11: Diciembre | U11: PRESUPUESTO AL PERIODO | V11: OBSERVACIONES
A12: C.C. | B12: U.I. | U12: CALENDARIZADO (1)
A13: 50100 | B13: 49001 | C13: Tepic | D13: Calle Cordillera No 34, departamento 202, Condominios Xiluma, Fraccionamiento Lomas de la Eminencia, San Francisco, Campeche | E13: CASA HABITACIÓN TOOAD | F13: =SUM(I13:T13) -> 160550 | G13: Asingado | H13: 13000 | J13: =VLOOKUP($A13&$B13&J$10,Base,8,FALSE) -> 0 | K13: =VLOOKUP($A13&$B13&K$10,Base,8,FALSE) -> 26000 | L13: =VLOOKUP($A13&$B13&L$10,Base,8,FALSE) -> 13000 | M13: =VLOOKUP($A13&$B13&M$10,Base,8,FALSE) -> 13000 | N13: =VLOOKUP($A13&$B13&N$10,Base,8,FALSE) -> 13000 | O13: =VLOOKUP($A13&$B13&O$10,Base,8,FALSE) -> 13000 | P13: =VLOOKUP($A13&$B13&P$10,Base,8,FALSE) -> 13000 | Q13: =VLOOKUP($A13&$B13&Q$10,Base,8,FALSE) -> 13000 | ... T13: =VLOOKUP($A13&$B13&T$10,Base,8,FALSE) -> 27820 | U13: =SUM($H13:(OFFSET($H13,0,AVANCE060826!$T$2))) -> 117000
A14: 50100 | B14: 49001 | G14: Ejercido | J14: =VLOOKUP($A14&$B14&J$10,Base,9,FALSE) -> 0 | K14: =VLOOKUP($A14&$B14&K$10,Base,9,FALSE) -> 26000 | L14: =VLOOKUP($A14&$B14&L$10,Base,9,FALSE) -> 13000 | M14: =VLOOKUP($A14&$B14&M$10,Base,9,FALSE) -> 13000 | N14: =VLOOKUP($A14&$B14&N$10,Base,9,FALSE) -> 13000 | O14: =VLOOKUP($A14&$B14&O$10,Base,9,FALSE) -> 13000 | P14: =VLOOKUP($A14&$B14&P$10,Base,9,FALSE) -> 13000 | Q14: =VLOOKUP($A14&$B14&Q$10,Base,9,FALSE) -> 13000 | ... T14: =VLOOKUP($A14&$B14&T$10,Base,9,FALSE) -> 0 | U14: =SUM(I14:T14) -> 104000
A15: 1 | C15: =COUNT(#REF!) -> 0 | F15: =SUM(F13:F13) -> 160550 | G15: Asingado | H15: =SUM(H13:H13) -> 13000 | I15: =SUM(I13:I13) -> 0 | J15: =SUM(J13:J13) -> 0 | K15: =SUM(K13:K13) -> 26000 | L15: =SUM(L13:L13) -> 13000 | M15: =SUM(M13:M13) -> 13000 | N15: =SUM(N13:N13) -> 13000 | O15: =SUM(O13:O13) -> 13000 | ... T15: =SUM(T13:T13) -> 27820 | U15: =SUM(I15:T15) -> 160550
G16: Ejercido | H16: =H14 -> 0 | I16: =I14 -> 0 | J16: =J14 -> 0 | K16: =K14 -> 26000 | L16: =L14 -> 13000 | M16: =M14 -> 13000 | N16: =N14 -> 13000 | O16: =O14 -> 13000 | ... T16: =T14 -> 0 | U16: =SUM(I16:T16) -> 104000
A17: 140100 | B17: 49001 | E17: Arrendamiento fuera del progrograma | F17: =SUM(I17:T17) -> 215399.99 | G17: Asingado | K17: =VLOOKUP($A17&$B17&K$10,Base,8,FALSE) -> 0 | L17: =VLOOKUP($A17&$B17&L$10,Base,8,FALSE) -> 0 | M17: =VLOOKUP($A17&$B17&M$10,Base,8,FALSE) -> 215399.99 | N17: =VLOOKUP($A17&$B17&N$10,Base,8,FALSE) -> 0 | O17: =VLOOKUP($A17&$B17&O$10,Base,8,FALSE) -> 0 | P17: =VLOOKUP($A17&$B17&P$10,Base,8,FALSE) -> 0 | U17: =SUM($H17:(OFFSET($H17,0,AVANCE060826!$T$2))) -> 215399.99
A18: 140100 | B18: 49001 | G18: Ejercido | K18: =VLOOKUP($A18&$B18&K$10,Base,9,FALSE) -> 0 | L18: =VLOOKUP($A18&$B18&L$10,Base,9,FALSE) -> 0 | M18: =VLOOKUP($A18&$B18&M$10,Base,9,FALSE) -> 215399.99 | N18: =VLOOKUP($A18&$B18&N$10,Base,9,FALSE) -> 0 | O18: =VLOOKUP($A18&$B18&O$10,Base,9,FALSE) -> 0 | P18: =VLOOKUP($A18&$B18&P$10,Base,9,FALSE) -> 0 | U18: =SUM(I18:T18) -> 215399.99

Sheet COAH
D1: INSTITUTO MEXICANO DEL SEGURO SOCIAL
D2: DIRECCIÓN DE ADMINISTRACIÓN
D3: UNIDAD DE ADMINISTRACIÓN
D4: COORDINACIÓN DE CONSERVACIÓN Y SERVICIOS GENERALES
D5: COORDINACIÓN TÉCNICA DE ADMINISTRACIÓN DE ACTIVOS
D6: DIVISIÓN DE ARRENDAMIENTO Y COMERCIALIZACIÓN
D7: EJERCICIO 2026
D8: OOAD: | E8: COAHUILA | L8: =I18/G18 -> 6.896549
A10: CLAV E PREI | C10: UNIDAD | D10: DIRECCIÓN | E10: DESTINO | F10: ASIGNADO ANUAL | G10: Renta Mensual | H10: PRESUPUESTO AL PERIODO | J10: VARIACIÓN | L10: AVANCE % | M10: OBSERVACIONES
A11: U.I. | B11: C.C. | H11: CALENDARIZADO (1) | I11: EJERCIDO (2) | J11: IMPORTE 3=(1-2) | K11: % 4=(3/1)*100
A12: 052409 | B12: 200200 | C12: Torreón | D12: Boulevard Constitución, esquina Calle Jiménez, Zona Centro, Torreón | E12: UNIDAD DE MEDICINA FAMILIAR No. 80 | F12: =COAH_Calendario!F13 -> 2559336 | G12: 213278 | H12: =COAH_Calendario!T13 -> 1919502 | I12: =COAH_Calendario!T14 -> 1706220 | J12: =H12-I12 -> 213282.03 | K12: =+J12/H12*100 -> 11.111321 | L12: =+I12/H12*100 -> 88.888679 | M12: Realizo pagos al mes de agosto.
A13: 059001 | B13: 700100 | C13: Saltillo | D13: Boulevard Isidro López Zertuche No. 2791-B, Colonia Universidad, Saltillo | E13: OFICINAS ADMINISTRATIVAS SUBDELEGACIONALES | F13: =COAH_Calendario!F15 -> 2623825 | G13: 163275 | H13: =COAH_Calendario!T15 -> 1967877 | I13: =COAH_Calendario!T16 -> 1306199.5 | J13: =H13-I13 -> 661677.48 | K13: =+J13/H13*100 -> 33.623925 | L13: =+I13/H13*100 -> 66.376075 | M13: Realizo pagos al mes de julio.
A14: 059102 | B14: 900110 | C14: Torreón | D14: Boulevard Independencia y Calle Leona Vicario S/N, Torreón | E14: OFICINAS ADMINISTRATIVAS SUBDELEGACIONALES | F14: =COAH_Calendario!F17 -> 5055600 | G14: =+F14/12 -> 421300 | H14: =COAH_Calendario!T17 -> 3791700 | I14: =COAH_Calendario!T18 -> 3370398.1 | J14: =H14-I14 -> 421301.88 | K14: =+J14/H14*100 -> 11.111161 | L14: =+I14/H14*100 -> 88.888839 | M14: Realizo pagos al mes de agosto.
A15: 055905 | B15: 380200 | C15: Monclova | D15: Boulevard Benito Juarez No. 523, Colonia Roma, Monclova | E15: TIENDA | F15: =COAH_Calendario!F19 -> 1284936 | G15: =+F15/12 -> 107078 | H15: =COAH_Calendario!T19 -> 963702 | I15: =COAH_Calendario!T20 -> 738461.46 | J15: =H15-I15 -> 225240.54 | K15: =+J15/H15*100 -> 23.372426 | L15: =+I15/H15*100 -> 76.627574 | M15: Realizo pagos al mes de junio.
A16: 055901 | B16: 380200 | C16: Saltillo | D16: Presidente Cárdenas No 197, Zona Centro, Saltillo | E16: TIENDA | F16: =COAH_Calendario!F21 -> 1246308 | G16: =+F16/12 -> 103859 | H16: =COAH_Calendario!T21 -> 934731 | I16: =COAH_Calendario!T22 -> 830807.54 | J16: =H16-I16 -> 103923.46 | K16: =+J16/H16*100 -> 11.118007 | L16: =+I16/H16*100 -> 88.881993 | M16: Realizo pagos al mes de agosto.
A17: 059001 | B17: 140100 | C17: Saltillo | D17: Calle Egipto esquina José Sarmiento S/N, Fraccionamiento Virreyes Obrera, Saltillo | E17: BODEGA DE BIENES EMBARGADOS Y OFICINA DE SERVICIOS GENERALES | F17: =COAH_Calendario!F23 -> 1455360 | G17: =+F17/12 -> 121280 | H17: =COAH_Calendario!T23 -> 1091520 | I17: =COAH_Calendario!T24 -> 737864.03 | J17: =H17-I17 -> 353655.97 | K17: =+J17/H17*100 -> 32.40032 | L17: =+I17/H17*100 -> 67.59968 | M17: Realizo pagos al mes de junio.
A18: 058001 | B18: 150100 | D18: Carretera Saltillo zacatecas km. 22, puente la Encantada, C.P. 25950 | E18: ALMACEN DELEGACIONAL | F18: =COAH_Calendario!F25 -> 9521280 | G18: =F18/12 -> 793440 | H18: =COAH_Calendario!T25 -> 7140960 | I18: =COAH_Calendario!T26 -> 5471997.8 | J18: =H18-I18 -> 1668962.2 | K18: =+J18/H18*100 -> 23.371678 | L18: =+I18/H18*100 -> 76.628322 | M18: Realizo pagos al mes de junio.
A19: 058005 | B19: 920201 | C19: Piedras Negras | D19: Avenida López Mateos No. 1009, Colonia Roma, Piedras Negras | E19: BODEGA DE BIENES EMBARGADOS | L19: =+I19/H19*100 -> #DIV/0! | M19: inMUEBLE CANCELADO
A20: 059001 | B20: 050100 | D20: Calle Paseo del Coral No. 156, Fraccionamiento San Patricio, Saltillo, Coahuila | E20: CASA HABITACIÓN TOOAD | J20: =+I20-H20 -> 0 | K20: =+J20/H20*100 -> #DIV/0! | L20: =+I20/H20*100 -> #DIV/0! | M20: Registra pagos al mes de diciembre
B21: 7 | C21: =COUNT(C17:C20) -> 0 | F21: =SUM(F12:F20) -> 23746645 | G21: =SUM(G12:G20) -> 1923510 | H21: =SUM(H12:H20) -> 17809992 | I21: =SUM(I12:I20) -> 14161948 | J21: =H21-I21 -> 3648043.5 | K21: =+J21/H21*100 -> 20.483129 | L21: =+I21/H21*100 -> 79.516871
C22: =COUNT(#REF!) -> 0
M25: <

Sheet COAH_Calendario
D1: INSTITUTO MEXICANO DEL SEGURO SOCIAL
D2: DIRECCIÓN DE ADMINISTRACIÓN
D3: UNIDAD DE ADMINISTRACIÓN
D4: COORDINACIÓN DE CONSERVACIÓN Y SERVICIOS GENERALES
D5: COORDINACIÓN TÉCNICA DE ADMINISTRACIÓN DE ACTIVOS
D6: DIVISIÓN DE ARRENDAMIENTO Y COMERCIALIZACIÓN
D7: EJERCICIO 2026
D8: OOAD: | E8: COAHUILA
I10: 2026M02 | J10: 2026M03 | K10: 2026M04 | L10: 2026M05 | M10: 2026M06 | N10: 2026M07 | O10: 2026M08 | P10: 2026M09 | Q10: 2026M10 | R10: 2026M11 | S10: 2026M12
B11: CLAV E PREI | C11: UNIDAD | D11: DIRECCIÓN | E11: DESTINO | F11: ASIGNADO ANUAL | H11: Enero | I11: Febrero | J11: Marzo | K11: Abril | L11: Mayo | M11: Junio | N11: Julio | O11: Agosto | P11: Septiembre | Q11: Octubre | R11: Noviembre | S11: Diciembre | T11: Total | U11: OBSERVACIONES
A12: C.C. | B12: U.I.
A13: 200200 | B13: 52409 | C13: Torreón | D13: Boulevard Constitución, esquina Calle Jiménez, Zona Centro, Torreón | E13: UNIDAD DE MEDICINA FAMILIAR No. 80 | F13: =SUM(H13:S13) -> 2559336 | G13: Asignado | I13: =VLOOKUP($A13&$B13&I$10,Base,8,FALSE) -> 0 | J13: =VLOOKUP($A13&$B13&J$10,Base,8,FALSE) -> 0 | K13: =VLOOKUP($A13&$B13&K$10,Base,8,FALSE) -> 0 | L13: =VLOOKUP($A13&$B13&L$10,Base,8,FALSE) -> 0 | M13: =VLOOKUP($A13&$B13&M$10,Base,8,FALSE) -> 0 | N13: =VLOOKUP($A13&$B13&N$10,Base,8,FALSE) -> 1279665 | O13: =VLOOKUP($A13&$B13&O$10,Base,8,FALSE) -> 213277.5 | P13: =VLOOKUP($A13&$B13&P$10,Base,8,FALSE) -> 213277.5 | ... S13: =VLOOKUP($A13&$B13&S$10,Base,8,FALSE) -> 426556 | T13: =SUM($H13:(OFFSET($H13,0,AVANCE060826!$T$2))) -> 1919502
A14: 200200 | B14: 52409 | G14: Ejercido | I14: =VLOOKUP($A14&$B14&I$10,Base,9,FALSE) -> 0 | J14: =VLOOKUP($A14&$B14&J$10,Base,9,FALSE) -> 0 | K14: =VLOOKUP($A14&$B14&K$10,Base,9,FALSE) -> 0 | L14: =VLOOKUP($A14&$B14&L$10,Base,9,FALSE) -> 0 | M14: =VLOOKUP($A14&$B14&M$10,Base,9,FALSE) -> 0 | N14: =VLOOKUP($A14&$B14&N$10,Base,9,FALSE) -> 1279665 | O14: =VLOOKUP($A14&$B14&O$10,Base,9,FALSE) -> 213277.5 | P14: =VLOOKUP($A14&$B14&P$10,Base,9,FALSE) -> 213277.5 | ... S14: =VLOOKUP($A14&$B14&S$10,Base,9,FALSE) -> 0 | T14: =SUM(H14:S14) -> 1706220
A15: 700100 | B15: 59001 | C15: Saltillo | D15: Boulevard Isidro López Zertuche No. 2791-B, Colonia Universidad, Saltillo | E15: OFICINAS ADMINISTRATIVAS SUBDELEGACIONALES | F15: =SUM(H15:S15) -> 2623825 | G15: Asignado | I15: =VLOOKUP($A15&$B15&I$10,Base,8,FALSE) -> 0 | J15: =VLOOKUP($A15&$B15&J$10,Base,8,FALSE) -> 0 | K15: =VLOOKUP($A15&$B15&K$10,Base,8,FALSE) -> 0 | L15: =VLOOKUP($A15&$B15&L$10,Base,8,FALSE) -> 653099.76 | M15: =VLOOKUP($A15&$B15&M$10,Base,8,FALSE) -> 163274.94 | N15: =VLOOKUP($A15&$B15&N$10,Base,8,FALSE) -> 0 | O15: =VLOOKUP($A15&$B15&O$10,Base,8,FALSE) -> 326549.88 | P15: =VLOOKUP($A15&$B15&P$10,Base,8,FALSE) -> 0 | ... S15: =VLOOKUP($A15&$B15&S$10,Base,8,FALSE) -> 437295 | T15: =SUM($H15:(OFFSET($H15,0,AVANCE060826!$T$2))) -> 1967877
A16: 700100 | B16: 59001 | G16: Ejercido | I16: =VLOOKUP($A16&$B16&I$10,Base,9,FALSE) -> 0 | J16: =VLOOKUP($A16&$B16&J$10,Base,9,FALSE) -> 0 | K16: =VLOOKUP($A16&$B16&K$10,Base,9,FALSE) -> 0 | L16: =VLOOKUP($A16&$B16&L$10,Base,9,FALSE) -> 653099.76 | M16: =VLOOKUP($A16&$B16&M$10,Base,9,FALSE) -> 163274.94 | N16: =VLOOKUP($A16&$B16&N$10,Base,9,FALSE) -> 0 | O16: =VLOOKUP($A16&$B16&O$10,Base,9,FALSE) -> 326549.88 | P16: =VLOOKUP($A16&$B16&P$10,Base,9,FALSE) -> 0 | ... S16: =VLOOKUP($A16&$B16&S$10,Base,9,FALSE) -> 0 | T16: =SUM(H16:S16) -> 1306199.5
A17: 900110 | B17: 59102 | C17: Torreón | D17: Boulevard Independencia y Calle Leona Vicario S/N, Torreón | E17: OFICINAS ADMINISTRATIVAS SUBDELEGACIONALES | F17: =SUM(H17:S17) -> 5055600 | G17: Asignado | I17: =VLOOKUP($A17&$B17&I$10,Base,8,FALSE) -> 0 | J17: =VLOOKUP($A17&$B17&J$10,Base,8,FALSE) -> 0 | K17: =VLOOKUP($A17&$B17&K$10,Base,8,FALSE) -> 1263899.3 | L17: =VLOOKUP($A17&$B17&L$10,Base,8,FALSE) -> 421299.77 | M17: =VLOOKUP($A17&$B17&M$10,Base,8,FALSE) -> 0 | N17: =VLOOKUP($A17&$B17&N$10,Base,8,FALSE) -> 842599.52 | O17: =VLOOKUP($A17&$B17&O$10,Base,8,FALSE) -> 421299.77 | P17: =VLOOKUP($A17&$B17&P$10,Base,8,FALSE) -> 421299.77 | ... S17: =VLOOKUP($A17&$B17&S$10,Base,8,FALSE) -> 842600 | T17: =SUM($H17:(OFFSET($H17,0,AVANCE060826!$T$2))) -> 3791700
A18: 900110 | B18: 59102 | G18: Ejercido | I18: =VLOOKUP($A18&$B18&I$10,Base,9,FALSE) -> 0 | J18: =VLOOKUP($A18&$B18&J$10,Base,9,FALSE) -> 0 | K18: =VLOOKUP($A18&$B18&K$10,Base,9,FALSE) -> 1263899.3 | L18: =VLOOKUP($A18&$B18&L$10,Base,9,FALSE) -> 421299.77 | M18: =VLOOKUP($A18&$B18&M$10,Base,9,FALSE) -> 0 | N18: =VLOOKUP($A18&$B18&N$10,Base,9,FALSE) -> 842599.52 | O18: =VLOOKUP($A18&$B18&O$10,Base,9,FALSE) -> 421299.77 | P18: =VLOOKUP($A18&$B18&P$10,Base,9,FALSE) -> 421299.77 | ... S18: =VLOOKUP($A18&$B18&S$10,Base,9,FALSE) -> 0 | T18: =SUM(H18:S18) -> 3370398.1
A19: 380200 | B19: 55905 | C19: Monclova | D19: Boulevard Benito Juarez No. 523, Colonia Roma, Monclova | E19: TIENDA | F19: =SUM(H19:S19) -> 1284936 | G19: Asignado | I19: =VLOOKUP($A19&$B19&I$10,Base,8,FALSE) -> 0 | J19: =VLOOKUP($A19&$B19&J$10,Base,8,FALSE) -> 0 | K19: =VLOOKUP($A19&$B19&K$10,Base,8,FALSE) -> 276923.06 | L19: =VLOOKUP($A19&$B19&L$10,Base,8,FALSE) -> 92307.68 | M19: =VLOOKUP($A19&$B19&M$10,Base,8,FALSE) -> 92307.68 | N19: =VLOOKUP($A19&$B19&N$10,Base,8,FALSE) -> 92307.68 | O19: =VLOOKUP($A19&$B19&O$10,Base,8,FALSE) -> 92307.68 | P19: =VLOOKUP($A19&$B19&P$10,Base,8,FALSE) -> 92307.68 | ... S19: =VLOOKUP($A19&$B19&S$10,Base,8,FALSE) -> 214156 | T19: =SUM($H19:(OFFSET($H19,0,AVANCE060826!$T$2))) -> 963702
A20: 380200 | B20: 55905 | G20: Ejercido | I20: =VLOOKUP($A20&$B20&I$10,Base,9,FALSE) -> 0 | J20: =VLOOKUP($A20&$B20&J$10,Base,9,FALSE) -> 0 | K20: =VLOOKUP($A20&$B20&K$10,Base,9,FALSE) -> 276923.06 | L20: =VLOOKUP($A20&$B20&L$10,Base,9,FALSE) -> 92307.68 | M20: =VLOOKUP($A20&$B20&M$10,Base,9,FALSE) -> 92307.68 | N20: =VLOOKUP($A20&$B20&N$10,Base,9,FALSE) -> 92307.68 | O20: =VLOOKUP($A20&$B20&O$10,Base,9,FALSE) -> 92307.68 | P20: =VLOOKUP($A20&$B20&P$10,Base,9,FALSE) -> 92307.68 | ... S20: =VLOOKUP($A20&$B20&S$10,Base,9,FALSE) -> 0 | T20: =SUM(H20:S20) -> 738461.46
A21: 380200 | B21: 55901 | C21: Saltillo | D21: Presidente Cárdenas No 197, Zona Centro, Saltillo | E21: TIENDA | F21: =SUM(H21:S21) -> 1246308 | G21: Asignado | I21: =VLOOKUP($A21&$B21&I$10,Base,8,FALSE) -> 0 | J21: =VLOOKUP($A21&$B21&J$10,Base,8,FALSE) -> 0 | K21: =VLOOKUP($A21&$B21&K$10,Base,8,FALSE) -> 0 | L21: =VLOOKUP($A21&$B21&L$10,Base,8,FALSE) -> 0 | M21: =VLOOKUP($A21&$B21&M$10,Base,8,FALSE) -> 0 | N21: =VLOOKUP($A21&$B21&N$10,Base,8,FALSE) -> 623105.66 | O21: =VLOOKUP($A21&$B21&O$10,Base,8,FALSE) -> 103850.94 | P21: =VLOOKUP($A21&$B21&P$10,Base,8,FALSE) -> 103850.94 | ... S21: =VLOOKUP($A21&$B21&S$10,Base,8,FALSE) -> 207718 | T21: =SUM($H21:(OFFSET($H21,0,AVANCE060826!$T$2))) -> 934731
A22: 380200 | B22: 55901 | G22: Ejercido | I22: =VLOOKUP($A22&$B22&I$10,Base,9,FALSE) -> 0 | J22: =VLOOKUP($A22&$B22&J$10,Base,9,FALSE) -> 0 | K22: =VLOOKUP($A22&$B22&K$10,Base,9,FALSE) -> 0 | L22: =VLOOKUP($A22&$B22&L$10,Base,9,FALSE) -> 0 | M22: =VLOOKUP($A22&$B22&M$10,Base,9,FALSE) -> 0 | N22: =VLOOKUP($A22&$B22&N$10,Base,9,FALSE) -> 623105.66 | O22: =VLOOKUP($A22&$B22&O$10,Base,9,FALSE) -> 103850.94 | P22: =VLOOKUP($A22&$B22&P$10,Base,9,FALSE) -> 103850.94 | ... S22: =VLOOKUP($A22&$B22&S$10,Base,9,FALSE) -> 0 | T22: =SUM(H22:S22) -> 830807.54
A23: 140100 | B23: 59001 | C23: Saltillo | D23: Calle Egipto esquina José Sarmiento S/N, Fraccionamiento Virreyes Obrera, Saltillo | E23: BODEGA DE BIENES EMBARGADOS Y OFICINA DE SERVICIOS GENERALES | F23: =SUM(H23:S23) -> 1455360 | G23: Asignado | I23: =VLOOKUP($A23&$B23&I$10,Base,8,FALSE) -> 0 | J23: =VLOOKUP($A23&$B23&J$10,Base,8,FALSE) -> 0 | K23: =VLOOKUP($A23&$B23&K$10,Base,8,FALSE) -> 288840 | L23: =VLOOKUP($A23&$B23&L$10,Base,8,FALSE) -> 96280 | M23: =VLOOKUP($A23&$B23&M$10,Base,8,FALSE) -> 0 | N23: =VLOOKUP($A23&$B23&N$10,Base,8,FALSE) -> 176372.01 | O23: =VLOOKUP($A23&$B23&O$10,Base,8,FALSE) -> 88186.01 | P23: =VLOOKUP($A23&$B23&P$10,Base,8,FALSE) -> 88186.01 | ... S23: =VLOOKUP($A23&$B23&S$10,Base,8,FALSE) -> 242560 | T23: =SUM($H23:(OFFSET($H23,0,AVANCE060826!$T$2))) -> 1091520 | U23: Pago al mes de enero
A24: 140100 | B24: 59001 | G24: Ejercido | I24: =VLOOKUP($A24&$B24&I$10,Base,9,FALSE) -> 0 | J24: =VLOOKUP($A24&$B24&J$10,Base,9,FALSE) -> 0 | K24: =VLOOKUP($A24&$B24&K$10,Base,9,FALSE) -> 288840 | L24: =VLOOKUP($A24&$B24&L$10,Base,9,FALSE) -> 96280 | M24: =VLOOKUP($A24&$B24&M$10,Base,9,FALSE) -> 0 | N24: =VLOOKUP($A24&$B24&N$10,Base,9,FALSE) -> 176372.01 | O24: =VLOOKUP($A24&$B24&O$10,Base,9,FALSE) -> 88186.01 | P24: =VLOOKUP($A24&$B24&P$10,Base,9,FALSE) -> 88186.01 | ... S24: =VLOOKUP($A24&$B24&S$10,Base,9,FALSE) -> 0 | T24: =SUM(H24:S24) -> 737864.03
A25: 150900 | B25: 58001 | D25: Carretera Saltillo zacatecas km. 22, puente la Encantada, C.P. 2595 | E25: ALMACEN DELEGACIONAL | F25: =SUM(H25:S25) -> 9521280 | G25: Asignado | I25: =VLOOKUP($A25&$B25&I$10,Base,8,FALSE) -> 0 | J25: =VLOOKUP($A25&$B25&J$10,Base,8,FALSE) -> 0 | K25: =VLOOKUP($A25&$B25&K$10,Base,8,FALSE) -> 0 | L25: =VLOOKUP($A25&$B25&L$10,Base,8,FALSE) -> 0 | M25: =VLOOKUP($A25&$B25&M$10,Base,8,FALSE) -> 0 | N25: =VLOOKUP($A25&$B25&N$10,Base,8,FALSE) -> 4103998.4 | O25: =VLOOKUP($A25&$B25&O$10,Base,8,FALSE) -> 683999.73 | P25: =VLOOKUP($A25&$B25&P$10,Base,8,FALSE) -> 683999.73 | ... S25: =VLOOKUP($A25&$B25&S$10,Base,8,FALSE) -> 1586880 | T25: =SUM($H25:(OFFSET($H25,0,AVANCE060826!$T$2))) -> 7140960
A26: 150900 | B26: 58001 | G26: Ejercido | I26: =VLOOKUP($A26&$B26&I$10,Base,9,FALSE) -> 0 | J26: =VLOOKUP($A26&$B26&J$10,Base,9,FALSE) -> 0 | K26: =VLOOKUP($A26&$B26&K$10,Base,9,FALSE) -> 0 | L26: =VLOOKUP($A26&$B26&L$10,Base,9,FALSE) -> 0 | M26: =VLOOKUP($A26&$B26&M$10,Base,9,FALSE) -> 0 | N26: =VLOOKUP($A26&$B26&N$10,Base,9,FALSE) -> 4103998.4 | O26: =VLOOKUP($A26&$B26&O$10,Base,9,FALSE) -> 683999.73 | P26: =VLOOKUP($A26&$B26&P$10,Base,9,FALSE) -> 683999.73 | ... S26: =VLOOKUP($A26&$B26&S$10,Base,9,FALSE) -> 0 | T26: =SUM(H26:S26) -> 5471997.8
A27: 6 | C27: =COUNT(C23:C26) -> 0 | F27: =SUM(F13:F26) -> 23746645 | G27: Asignado | H27: =+H25+H23+H21++H19+H17+H15+H13 -> 0 | I27: =+I25+I23+I21++I19+I17+I15+I13 -> 0 | J27: =+J25+J23+J21++J19+J17+J15+J13 -> 0 | K27: =+K25+K23+K21++K19+K17+K15+K13 -> 1829662.4 | L27: =+L25+L23+L21++L19+L17+L15+L13 -> 1262987.2 | M27: =+M25+M23+M21++M19+M17+M15+M13 -> 255582.62 | N27: =+N25+N23+N21++N19+N17+N15+N13 -> 7118048.2 | O27: =+O25+O23+O21++O19+O17+O15+O13 -> 1929471.5 | ... T27: =+T25+T23+T21++T19+T17+T15+T13 -> 17809992
C28: =COUNT(#REF!) -> 0 | G28: Ejercido | H28: =+H26+H24+H22++H20+H18+H16+H14 -> 0 | I28: =+I26+I24+I22++I20+I18+I16+I14 -> 0 | J28: =+J26+J24+J22++J20+J18+J16+J14 -> 0 | K28: =+K26+K24+K22++K20+K18+K16+K14 -> 1829662.4 | L28: =+L26+L24+L22++L20+L18+L16+L14 -> 1262987.2 | M28: =+M26+M24+M22++M20+M18+M16+M14 -> 255582.62 | N28: =+N26+N24+N22++N20+N18+N16+N14 -> 7118048.2 | O28: =+O26+O24+O22++O20+O18+O16+O14 -> 1929471.5 | ... S28: =+S26+S24+S22++S20+S18+S16+S14 -> 0 | T28: =+T26+T24+T22+T20+T18+T16+T14 -> 14161948

Sheet COL
D1: INSTITUTO MEXICANO DEL SEGURO SOCIAL
D2: DIRECCIÓN DE ADMINISTRACIÓN
D3: UNIDAD DE ADMINISTRACIÓN
D4: COORDINACIÓN DE CONSERVACIÓN Y SERVICIOS GENERALES
D5: COORDINACIÓN TÉCNICA DE ADMINISTRACIÓN DE ACTIVOS
D6: DIVISIÓN DE ARRENDAMIENTO Y COMERCIALIZACIÓN
D7: EJERCICIO 2026
D8: OOAD: | E8: COLIMA
A10: CLAV E PREI | C10: UNIDAD | D10: DIRECCIÓN | E10: DESTINO | F10: ASIGNADO ANUAL | G10: Renta Mensual | H10: PRESUPUESTO AL PERIODO | J10: VARIACIÓN | L10: AVANCE % | M10: OBSERVACIONES
A11: U.I. | B11: C.C. | H11: CALENDARIZADO (1) | I11: EJERCIDO (2) | J11: IMPORTE 3=(1-2) | K11: % 4=(3/1)*100
A12: 065801 | B12: 800201 | C12: Colima | D12: Avenida de los Maestros No. 324, Colonia Huertas del Sol | E12: CENTRO DE CAPACITACIÓN | F12: =COL_Calendario!F13 -> 275091 | G12: =19762.3*1.16 -> 22924.268 | H12: =COL_Calendario!T13 -> 206325 | I12: =COL_Calendario!T14 -> 206318.43 | J12: =H12-I12 -> 6.57 | K12: =+J12/H12*100 -> 0.0031842966 | L12: =+I12/H12*100 -> 99.996816 | M12: Ha registrado pagos al mes de agosto.
A13: 069103 | B13: 900110 | C13: Tecomán | D13: Calle 5 de Mayo No. 33, Colonia Unión, Tecomán | E13: OFICINAS ADMINISTRATIVAS SUBDELEGACIONALES | F13: =COL_Calendario!F15 -> 195096.72 | G13: 16258.06 | H13: =COL_Calendario!T15 -> 146331 | I13: =COL_Calendario!T16 -> 146322.37 | J13: =H13-I13 -> 8.63 | K13: =+J13/H13*100 -> 0.0058975883 | L13: =+I13/H13*100 -> 99.994102 | M13: Ha registrado pagos al mes de agosto.
A14: 065901 | B14: 380200 | D14: Calle Lic. Gustavo Díaz Ordaz No. 120, Colonia El Moralete | E14: TIENDA | F14: =COL_Calendario!F17 -> 696000 | G14: =+F14/12 -> 58000 | H14: =COL_Calendario!T17 -> 522000 | I14: =COL_Calendario!T18 -> 521999.73 | J14: =H14-I14 -> 0.27 | K14: =+J14/H14*100 -> 5.1724138e-05 | L14: =+I14/H14*100 -> 99.999948 | M14: Ha registrado pagos al mes de agosto.
A15: 068003 | B15: 150900 | D15: Avenida de los Deportistas No. 1144, colonia El Tecolote,Colima. | E15: SUB ALMACEN | F15: =COL_Calendario!F19 -> 1183200 | G15: 98600 | H15: =COL_Calendario!T19 -> 887400 | I15: =COL_Calendario!T20 -> 887399.91 | J15: =H15-I15 -> 0.09 | K15: =+J15/H15*100 -> 1.0141988e-05 | L15: =+I15/H15*100 -> 99.99999 | M15: Ha registrado pagos al mes de agosto.
A16: 069001 | B16: 050100 | C16: Colima | D16: Calle León Felipe No. 346, colonia El Tecolote, Colima, Colima. | E16: CASA HABITACIÓN TOOAD | F16: =COL_Calendario!F21 -> 249600 | G16: 20800 | H16: =COL_Calendario!T21 -> 187200 | I16: =COL_Calendario!T22 -> 187200 | J16: =H16-I16 -> 0 | K16: =+J16/H16*100 -> 0 | L16: =+I16/H16*100 -> 100 | M16: Ha registrado pagos al mes de agosto.
B17: 5 | C17: =COUNT(#REF!) -> 0 | F17: =SUM(F12:F16) -> 2598987.7 | G17: =SUM(G12:G16) -> 216582.33 | H17: =SUM(H12:H16) -> 1949256 | I17: =SUM(I12:I16) -> 1949240.4 | J17: =H17-I17 -> 15.56 | K17: =+J17/H17*100 -> 0.00079825328 | L17: =+I17/H17*100 -> 99.999202

Sheet COL_Calendario
F1: INSTITUTO MEXICANO DEL SEGURO SOCIAL
F2: DIRECCIÓN DE ADMINISTRACIÓN
F3: UNIDAD DE ADMINISTRACIÓN
F4: COORDINACIÓN DE CONSERVACIÓN Y SERVICIOS GENERALES
F5: COORDINACIÓN TÉCNICA DE ADMINISTRACIÓN DE ACTIVOS
F6: DIVISIÓN DE ARRENDAMIENTO Y COMERCIALIZACIÓN
D7: EJERCICIO 2026
D8: OOAD: | E8: COLIMA
I10: 2026M02 | J10: 2026M03 | K10: 2026M04 | L10: 2026M05 | M10: 2026M06 | N10: 2026M07 | O10: 2026M08 | P10: 2026M09 | Q10: 2026M10 | R10: 2026M11 | S10: 2026M12
B11: CLAV E PREI | C11: UNIDAD | D11: DIRECCIÓN | E11: DESTINO | F11: ASIGNADO ANUAL | G11: Renta Mensual | H11: Enero | I11: Febrero | J11: Marzo | K11: Abril | L11: Mayo | M11: Junio | N11: Julio | O11: Agosto | P11: Septiembre | Q11: Octubre | R11: Noviembre | S11: Diciembre | T11: Total | U11: OBSERVACIONES
A12: C.C. | B12: U.I.
A13: 800201 | B13: 65801 | C13: Colima | D13: Avenida de los Maestros No. 324, Colonia Huertas del Sol | E13: CENTRO DE CAPACITACIÓN | F13: =SUM(H13:S13) -> 275091 | G13: Asignado | I13: =VLOOKUP($A13&$B13&I$10,Base,8,FALSE) -> 22924.27 | J13: =VLOOKUP($A13&$B13&J$10,Base,8,FALSE) -> 22924.27 | K13: =VLOOKUP($A13&$B13&K$10,Base,8,FALSE) -> 22924.27 | L13: =VLOOKUP($A13&$B13&L$10,Base,8,FALSE) -> 22924.27 | M13: =VLOOKUP($A13&$B13&M$10,Base,8,FALSE) -> 22924.27 | N13: =VLOOKUP($A13&$B13&N$10,Base,8,FALSE) -> 22924.27 | O13: =VLOOKUP($A13&$B13&O$10,Base,8,FALSE) -> 22924.27 | P13: =VLOOKUP($A13&$B13&P$10,Base,8,FALSE) -> 22924.27 | ... S13: =VLOOKUP($A13&$B13&S$10,Base,8,FALSE) -> 45841 | T13: =SUM($H13:(OFFSET($H13,0,AVANCE060826!$T$2))) -> 206325
A14: 800201 | B14: 65801 | G14: Ejercido | I14: =VLOOKUP($A14&$B14&I$10,Base,9,FALSE) -> 22924.27 | J14: =VLOOKUP($A14&$B14&J$10,Base,9,FALSE) -> 22924.27 | K14: =VLOOKUP($A14&$B14&K$10,Base,9,FALSE) -> 22924.27 | L14: =VLOOKUP($A14&$B14&L$10,Base,9,FALSE) -> 22924.27 | M14: =VLOOKUP($A14&$B14&M$10,Base,9,FALSE) -> 22924.27 | N14: =VLOOKUP($A14&$B14&N$10,Base,9,FALSE) -> 22924.27 | O14: =VLOOKUP($A14&$B14&O$10,Base,9,FALSE) -> 22924.27 | P14: =VLOOKUP($A14&$B14&P$10,Base,9,FALSE) -> 22924.27 | ... S14: =VLOOKUP($A14&$B14&S$10,Base,9,FALSE) -> 0 | T14: =SUM(H14:S14) -> 206318.43
A15: 900110 | B15: 69103 | C15: Tecomán | D15: Calle 5 de Mayo No. 33, Colonia Centro, Tecomán | E15: OFICINAS ADMINISTRATIVAS SUBDELEGACIONALES | F15: =SUM(H15:S15) -> 195096.72 | G15: Asignado | I15: =VLOOKUP($A15&$B15&I$10,Base,8,FALSE) -> 16258.04 | J15: =VLOOKUP($A15&$B15&J$10,Base,8,FALSE) -> 16258.04 | K15: =VLOOKUP($A15&$B15&K$10,Base,8,FALSE) -> 16258.04 | L15: =VLOOKUP($A15&$B15&L$10,Base,8,FALSE) -> 0 | M15: =VLOOKUP($A15&$B15&M$10,Base,8,FALSE) -> 0 | N15: =VLOOKUP($A15&$B15&N$10,Base,8,FALSE) -> 48774.13 | O15: =VLOOKUP($A15&$B15&O$10,Base,8,FALSE) -> 16258.04 | P15: =VLOOKUP($A15&$B15&P$10,Base,8,FALSE) -> 16258.04 | ... S15: =VLOOKUP($A15&$B15&S$10,Base,8,FALSE) -> 32506.72 | T15: =SUM($H15:(OFFSET($H15,0,AVANCE060826!$T$2))) -> 146331
A16: 900110 | B16: 69103 | G16: Ejercido | I16: =VLOOKUP($A16&$B16&I$10,Base,9,FALSE) -> 16258.04 | J16: =VLOOKUP($A16&$B16&J$10,Base,9,FALSE) -> 16258.04 | K16: =VLOOKUP($A16&$B16&K$10,Base,9,FALSE) -> 16258.04 | L16: =VLOOKUP($A16&$B16&L$10,Base,9,FALSE) -> 0 | M16: =VLOOKUP($A16&$B16&M$10,Base,9,FALSE) -> 0 | N16: =VLOOKUP($A16&$B16&N$10,Base,9,FALSE) -> 48774.13 | O16: =VLOOKUP($A16&$B16&O$10,Base,9,FALSE) -> 16258.04 | P16: =VLOOKUP($A16&$B16&P$10,Base,9,FALSE) -> 16258.04 | ... S16: =VLOOKUP($A16&$B16&S$10,Base,9,FALSE) -> 0 | T16: =SUM(H16:S16) -> 146322.37
A17: 380200 | B17: 65901 | D17: Calle Lic. Gustavo Díaz Ordaz No. 120, Colonia El Moralete | E17: TIENDA | F17: =SUM(H17:S17) -> 696000 | G17: Asignado | I17: =VLOOKUP($A17&$B17&I$10,Base,8,FALSE) -> 57999.97 | J17: =VLOOKUP($A17&$B17&J$10,Base,8,FALSE) -> 57999.97 | K17: =VLOOKUP($A17&$B17&K$10,Base,8,FALSE) -> 57999.97 | L17: =VLOOKUP($A17&$B17&L$10,Base,8,FALSE) -> 57999.97 | M17: =VLOOKUP($A17&$B17&M$10,Base,8,FALSE) -> 57999.97 | N17: =VLOOKUP($A17&$B17&N$10,Base,8,FALSE) -> 57999.97 | O17: =VLOOKUP($A17&$B17&O$10,Base,8,FALSE) -> 57999.97 | P17: =VLOOKUP($A17&$B17&P$10,Base,8,FALSE) -> 57999.97 | ... S17: =VLOOKUP($A17&$B17&S$10,Base,8,FALSE) -> 116000 | T17: =SUM($H17:(OFFSET($H17,0,AVANCE060826!$T$2))) -> 522000
A18: 380200 | B18: 65901 | G18: Ejercido | I18: =VLOOKUP($A18&$B18&I$10,Base,9,FALSE) -> 57999.97 | J18: =VLOOKUP($A18&$B18&J$10,Base,9,FALSE) -> 57999.97 | K18: =VLOOKUP($A18&$B18&K$10,Base,9,FALSE) -> 57999.97 | L18: =VLOOKUP($A18&$B18&L$10,Base,9,FALSE) -> 57999.97 | M18: =VLOOKUP($A18&$B18&M$10,Base,9,FALSE) -> 57999.97 | N18: =VLOOKUP($A18&$B18&N$10,Base,9,FALSE) -> 57999.97 | O18: =VLOOKUP($A18&$B18&O$10,Base,9,FALSE) -> 57999.97 | P18: =VLOOKUP($A18&$B18&P$10,Base,9,FALSE) -> 57999.97 | ... S18: =VLOOKUP($A18&$B18&S$10,Base,9,FALSE) -> 0 | T18: =SUM(H18:S18) -> 521999.73
A19: 150900 | B19: 68003 | C19: Colima | D19: Avenida de los Deportistas No. 1144, colonia El Tecolote,Colima. | E19: SUB ALMACEN | F19: =SUM(H19:S19) -> 1183200 | G19: Asignado | I19: =VLOOKUP($A19&$B19&I$10,Base,8,FALSE) -> 98599.99 | J19: =VLOOKUP($A19&$B19&J$10,Base,8,FALSE) -> 98599.99 | K19: =VLOOKUP($A19&$B19&K$10,Base,8,FALSE) -> 98599.99 | L19: =VLOOKUP($A19&$B19&L$10,Base,8,FALSE) -> 98599.99 | M19: =VLOOKUP($A19&$B19&M$10,Base,8,FALSE) -> 98599.99 | N19: =VLOOKUP($A19&$B19&N$10,Base,8,FALSE) -> 98599.99 | O19: =VLOOKUP($A19&$B19&O$10,Base,8,FALSE) -> 98599.99 | P19: =VLOOKUP($A19&$B19&P$10,Base,8,FALSE) -> 98599.99 | ... S19: =VLOOKUP($A19&$B19&S$10,Base,8,FALSE) -> 197200 | T19: =SUM($H19:(OFFSET($H19,0,AVANCE060826!$T$2))) -> 887400
A20: 150900 | B20: 68003 | G20: Ejercido | I20: =VLOOKUP($A20&$B20&I$10,Base,9,FALSE) -> 98599.99 | J20: =VLOOKUP($A20&$B20&J$10,Base,9,FALSE) -> 98599.99 | K20: =VLOOKUP($A20&$B20&K$10,Base,9,FALSE) -> 98599.99 | L20: =VLOOKUP($A20&$B20&L$10,Base,9,FALSE) -> 98599.99 | M20: =VLOOKUP($A20&$B20&M$10,Base,9,FALSE) -> 98599.99 | N20: =VLOOKUP($A20&$B20&N$10,Base,9,FALSE) -> 98599.99 | O20: =VLOOKUP($A20&$B20&O$10,Base,9,FALSE) -> 98599.99 | P20: =VLOOKUP($A20&$B20&P$10,Base,9,FALSE) -> 98599.99 | ... S20: =VLOOKUP($A20&$B20&S$10,Base,9,FALSE) -> 0 | T20: =SUM(H20:S20) -> 887399.91
A21: 50100 | B21: 69001 | C21: Colima | D21: Calle León Felipe No. 346, Fraccionamiento Real de Vista Hermosa II, Colima, Colima | E21: CASA HABITACIÓN TOOAD | F21: =SUM(H21:S21) -> 249600 | G21: Asignado | I21: =VLOOKUP($A21&$B21&I$10,Base,8,FALSE) -> 20800 | J21: =VLOOKUP($A21&$B21&J$10,Base,8,FALSE) -> 20800 | K21: =VLOOKUP($A21&$B21&K$10,Base,8,FALSE) -> 20800 | L21: =VLOOKUP($A21&$B21&L$10,Base,8,FALSE) -> 20800 | M21: =VLOOKUP($A21&$B21&M$10,Base,8,FALSE) -> 20800 | N21: =VLOOKUP($A21&$B21&N$10,Base,8,FALSE) -> 20800 | O21: =VLOOKUP($A21&$B21&O$10,Base,8,FALSE) -> 20800 | P21: =VLOOKUP($A21&$B21&P$10,Base,8,FALSE) -> 20800 | ... S21: =VLOOKUP($A21&$B21&S$10,Base,8,FALSE) -> 41600 | T21: =SUM($H21:(OFFSET($H21,0,AVANCE060826!$T$2))) -> 187200
A22: 50100 | B22: 69001 | G22: Ejercido | I22: =VLOOKUP($A22&$B22&I$10,Base,9,FALSE) -> 20800 | J22: =VLOOKUP($A22&$B22&J$10,Base,9,FALSE) -> 20800 | K22: =VLOOKUP($A22&$B22&K$10,Base,9,FALSE) -> 20800 | L22: =VLOOKUP($A22&$B22&L$10,Base,9,FALSE) -> 20800 | M22: =VLOOKUP($A22&$B22&M$10,Base,9,FALSE) -> 20800 | N22: =VLOOKUP($A22&$B22&N$10,Base,9,FALSE) -> 20800 | O22: =VLOOKUP($A22&$B22&O$10,Base,9,FALSE) -> 20800 | P22: =VLOOKUP($A22&$B22&P$10,Base,9,FALSE) -> 20800 | ... S22: =VLOOKUP($A22&$B22&S$10,Base,9,FALSE) -> 0 | T22: =SUM(H22:S22) -> 187200
A23: 5 | C23: =COUNT(#REF!) -> 0 | F23: =SUM(F13:F21) -> 2598987.7 | G23: Asignado | H23: =+H21+H17+H15+H13+H19 -> 0 | I23: =+I21+I17+I15+I13+I19 -> 216582.27 | J23: =+J21+J17+J15+J13+J19 -> 216582.27 | K23: =+K21+K17+K15+K13+K19 -> 216582.27 | L23: =+L21+L17+L15+L13+L19 -> 200324.23 | M23: =+M21+M17+M15+M13 -> 101724.24 | N23: =+N21+N17+N15+N13 -> 150498.37 | O23: =+O21+O17+O15+O13 -> 117982.28 | P23: =+P21+P17+P15+P13 -> 117982.28 | Q23: =+Q21+Q17+Q15+Q13 -> 117997.75 | R23: =+R21+R17+R15+R13 -> 117984 | S23: =+S21+S17+S15+S13 -> 235947.72 | T23: =+T13+T15+T19+T21+T17 -> 1949256
G24: Ejercido | I24: =+I22+I18+I16+I14+I20 -> 216582.27 | J24: =+J22+J18+J16+J14+J20 -> 216582.27 | K24: =+K22+K18+K16+K14+K20 -> 216582.27 | L24: =+L22+L18+L16+L14+L20 -> 200324.23 | M24: =+M22+M18+M16+M14+M20 -> 200324.23 | N24: =+N22+N18+N16+N14+N20 -> 249098.36 | O24: =+O22+O18+O16+O14+O20 -> 216582.27 | P24: =+P22+P18+P16+P14+P20 -> 216582.27 | ... S24: =+S22+S18+S16+S14+S20 -> 0 | T24: =+T14+T16+T18+T20+T22 -> 1949240.4

Sheet CHIS
D1: INSTITUTO MEXICANO DEL SEGURO SOCIAL
D2: DIRECCIÓN DE ADMINISTRACIÓN
D3: UNIDAD DE ADMINISTRACIÓN
D4: COORDINACIÓN DE CONSERVACIÓN Y SERVICIOS GENERALES
D5: COORDINACIÓN TÉCNICA DE ADMINISTRACIÓN DE ACTIVOS
D6: DIVISIÓN DE ARRENDAMIENTO Y COMERCIALIZACIÓN
D7: EJERCICIO 2026
D8: OOAD: | E8: CHIAPAS
A10: CLAV E PREI | C10: UNIDAD | D10: DIRECCIÓN | E10: DESTINO | F10: ASIGNADO ANUAL | G10: Renta Mensual | H10: PRESUPUESTO AL PERIODO | J10: VARIACIÓN | L10: AVANCE % | M10: OBSERVACIONES
A11: U.I. | B11: C.C. | H11: CALENDARIZADO (1) | I11: EJERCIDO (2) | J11: IMPORTE 3=(1-2) | K11: % 4=(3/1)*100
A12: 075401 | B12: 310203 | C12: Tuxtla Gutíerrez | D12: 5a. Avenida Oriente S/N Colonia Los Manguitos, antes Calzada a La Ciudad Deportiva S/N, "Panchón Contreras", Tuxtla Gutíerrez | E12: UNIDAD DEPORTIVA | F12: =CHIS_Calendario!F13 -> 113004 | G12: 9416.96 | H12: =CHIS_Calendario!T13 -> 84753 | I12: =CHIS_Calendario!T14 -> 75328 | J12: =H12-I12 -> 9425 | K12: =+J12/H12*100 -> 11.12055 | L12: =+I12/H12*100 -> 88.87945 | M12: Registra pagos al mes de agosto.
A13: 079001 | B13: 710100 | C13: Tapachula | D13: 11a. Calle Poniente No. 8-A, Zona Centro, Tapachula | E13: OFICINAS ADMINISTRATIVAS | F13: =CHIS_Calendario!F15 -> 684288 | G13: =+F13/12 -> 57024 | H13: =CHIS_Calendario!T15 -> 513216 | I13: =CHIS_Calendario!T16 -> 456191.84 | J13: =H13-I13 -> 57024.16 | K13: =+J13/H13*100 -> 11.111142 | L13: =+I13/H13*100 -> 88.888858 | M13: Registra pagos al mes de agosto.
A14: 075902 | B14: 380200 | C14: Tapachula | D14: Segunda Calle Oriente y Septima Avenida Sur No. 12, Colonia Centro | E14: TIENDA NO. 12 | F14: =CHIS_Calendario!F17 -> 0 | G14: 37155.96 | H14: =CHIS_Calendario!T17 -> 0 | I14: =CHIS_Calendario!T18 -> 0 | J14: =H14-I14 -> 0 | K14: =+J14/H14*100 -> #DIV/0! | L14: =+I14/H14*100 -> #DIV/0! | M14: No registra pagos en el periodo.
A15: 075901 | B15: 380200 | C15: Tuxtla Gutíerrez | D15: Calle Central Sur No. 1989, Colonia San Francisco, Tuxtla Gutíerrez | E15: TIENDA NO. 13 | F15: =CHIS_Calendario!F19 -> 696000 | G15: =+F15/12 -> 58000 | H15: =CHIS_Calendario!T19 -> 522000 | I15: =CHIS_Calendario!T20 -> 464000 | J15: =H15-I15 -> 58000 | K15: =+J15/H15*100 -> 11.111111 | L15: =+I15/H15*100 -> 88.888889 | M15: Registra pagos al mes de agosto.
A16: 078002 | B16: 150902 | C16: Tapachula | I16: =CHIS_Calendario!T18 -> 0 | J16: =H16-I16 -> 0
A17: 079101 | B17: 140100 | C17: Tuxtla Gutíerrez | D17: Avenida Carlos Maciel No. 119, Fraccionamiento Santos (San Roque), Tuxtla Gutíerrez | E17: BODEGA DE ARCHIVO DE CONCENTRACIÓN | F17: =CHIS_Calendario!F23 -> 588180 | G17: =F17/12 -> 49015 | H17: =CHIS_Calendario!T23 -> 407160 | I17: =CHIS_Calendario!T24 -> 361919.99 | J17: =H17-I17 -> 45240.01 | K17: =+J17/H17*100 -> 11.111114 | L17: =+I17/H17*100 -> 88.888886 | M17: Registra pagos al mes de julio.
A18: =+[35]CHIS!A26 -> 79306 | B18: =+[35]CHIS!B26 -> 73200 | D18: Calle Vicente Guerrero Número 6, C.P. 29520 Colonia Centro De Pichucalco, Chiapa | E18: Oficinas Administrativas EMS | F18: =CHIS_Calendario!F27 -> 125280 | G18: =+F18/12 -> 10440 | H18: =CHIS_Calendario!T27 -> 93960 | I18: =CHIS_Calendario!T28 -> 83520 | J18: =H18-I18 -> 10440 | K18: =+J18/H18*100 -> 11.111111 | L18: =+I18/H18*100 -> 88.888889 | M18: Registra pagos al mes de agosto.
A19: =+[35]CHIS!$A$28 -> 79307 | B19: =+[35]CHIS!$B$28 -> 73110 | D19: 2ª Calle Sur Poniente 188, Barrio Las Flores, C.P. 30000 Comitán De Domínguez, Chiapas. | E19: Oficinas Administrativas EMS | F19: =CHIS_Calendario!F29 -> 125280 | G19: =+F19/12 -> 10440 | H19: =CHIS_Calendario!T29 -> 93960 | I19: =CHIS_Calendario!T30 -> 73080 | J19: =H19-I19 -> 20880 | K19: =+J19/H19*100 -> 22.222222 | L19: =+I19/H19*100 -> 77.777778 | M19: IMSS-BIENESTAR registra pagos al mes de julio.
A20: 5740D8 | B20: 73200 | D20: 2ª Calle Sur Poniente Esquina Calle Privada Número 190, Barrio Las Flores C.P. 30000 En Comitán De Domínguez, Chiapas | E20: Oficinas Administrativas EMS | F20: =CHIS_Calendario!F31 -> 73080 | G20: =+F20/12 -> 6090 | H20: =CHIS_Calendario!T31 -> 54810 | I20: =CHIS_Calendario!T32 -> 48720 | J20: =H20-I20 -> 6090 | K20: =+J20/H20*100 -> 11.111111 | L20: =+I20/H20*100 -> 88.888889 | M20: Registra pagos al mes de agosto.
A21: 579307 | B21: 73110 | D21: Avenida Central Poniente Número 150, C.P. 29770 Colonia Juan Sabines De Bochil | E21: Oficinas Administrativas EMS | F21: =CHIS_Calendario!F33 -> 125280 | G21: =+F21/12 -> 10440 | H21: =CHIS_Calendario!T33 -> 93960 | I21: =CHIS_Calendario!T34 -> 83520 | J21: =H21-I21 -> 10440 | K21: =+J21/H21*100 -> 11.111111 | L21: =+I21/H21*100 -> 88.888889 | M21: Registra pagos al mes de agosto.
A22: 579001 | B22: 73110 | D22: Avenida Central Norte Número 125, Cp.30700 Colonia Centro De La Ciudad De Tapachula De Córdova Y Ordóñez, Chiapas | E22: Oficinas Administrativas EMS | F22: =CHIS_Calendario!F35 -> 552624 | G22: =+F22/12 -> 46052 | H22: =CHIS_Calendario!T35 -> 414468 | I22: =CHIS_Calendario!T36 -> 343007.85 | J22: =H22-I22 -> 71460.15 | K22: =+J22/H22*100 -> 17.241416 | L22: =+I22/H22*100 -> 82.758584 | M22: IMSS-BIENESTAR registra pagos del mes de julio.
J23: =H23-I23 -> 0 | M23: Registra pagos al mes de febrero
B24: 10 | C24: =COUNT(#REF!) -> 0 | F24: =SUM(F12:F23) -> 3083016 | G24: =SUM(G12:G23) -> 294073.92 | H24: =SUM(H12:H23) -> 2278287 | I24: =SUM(I12:I23) -> 1989287.7 | J24: =H24-I24 -> 288999.32 | K24: =+J24/H24*100 -> 12.684939 | L24: =+I24/H24*100 -> 87.315061
F28: =+F24-F26 -> 3083016

Sheet CHIS_Calendario
D1: INSTITUTO MEXICANO DEL SEGURO SOCIAL
D2: DIRECCIÓN DE ADMINISTRACIÓN
D3: UNIDAD DE ADMINISTRACIÓN
D4: COORDINACIÓN DE CONSERVACIÓN Y SERVICIOS GENERALES
D5: COORDINACIÓN TÉCNICA DE ADMINISTRACIÓN DE ACTIVOS
D6: DIVISIÓN DE ARRENDAMIENTO Y COMERCIALIZACIÓN
D7: EJERCICIO 2026
D8: OOAD: | E8: CHIAPAS
I10: 2026M02 | J10: 2026M03 | K10: 2026M04 | L10: 2026M05 | M10: 2026M06 | N10: 2026M07 | O10: 2026M08 | P10: 2026M09 | Q10: 2026M10 | R10: 2026M11 | S10: 2026M12
B11: CLAV E PREI | C11: UNIDAD | D11: DIRECCIÓN | E11: DESTINO | F11: ASIGNADO ANUAL | G11: Renta Mensual | H11: Enero | I11: Febrero | J11: Marzo | K11: Abril | L11: Mayo | M11: Junio | N11: Julio | O11: Agosto | P11: Septiembre | Q11: Octubre | R11: Noviembre | S11: Diciembre | U11: OBSERVACIONES
A12: C.C. | B12: U.I. | T12: Total
A13: 310203 | B13: 75401 | C13: Tuxtla Gutíerrez | D13: 5a. Avenida Oriente S/N Colonia Los Manguitos, antes Calzada a La Ciudad Deportiva S/N, "Panchón Contreras", Tuxtla Gutíerrez | E13: UNIDAD DEPORTIVA | F13: =SUM(H13:S13) -> 113004 | G13: Asignado | I13: =VLOOKUP($A13&$B13&I$10,Base,8,FALSE) -> 0 | J13: =VLOOKUP($A13&$B13&J$10,Base,8,FALSE) -> 18832 | K13: =VLOOKUP($A13&$B13&K$10,Base,8,FALSE) -> 9416 | L13: =VLOOKUP($A13&$B13&L$10,Base,8,FALSE) -> 9416 | M13: =VLOOKUP($A13&$B13&M$10,Base,8,FALSE) -> 9416 | N13: =VLOOKUP($A13&$B13&N$10,Base,8,FALSE) -> 9416 | O13: =VLOOKUP($A13&$B13&O$10,Base,8,FALSE) -> 0 | P13: =VLOOKUP($A13&$B13&P$10,Base,8,FALSE) -> 18832 | ... S13: =VLOOKUP($A13&$B13&S$10,Base,8,FALSE) -> 18834 | T13: =SUM($H13:(OFFSET($H13,0,AVANCE060826!$T$2))) -> 84753
A14: 310203 | B14: 75401 | G14: Ejercido | I14: =VLOOKUP($A14&$B14&I$10,Base,9,FALSE) -> 0 | J14: =VLOOKUP($A14&$B14&J$10,Base,9,FALSE) -> 18832 | K14: =VLOOKUP($A14&$B14&K$10,Base,9,FALSE) -> 9416 | L14: =VLOOKUP($A14&$B14&L$10,Base,9,FALSE) -> 9416 | M14: =VLOOKUP($A14&$B14&M$10,Base,9,FALSE) -> 9416 | N14: =VLOOKUP($A14&$B14&N$10,Base,9,FALSE) -> 9416 | O14: =VLOOKUP($A14&$B14&O$10,Base,9,FALSE) -> 0 | P14: =VLOOKUP($A14&$B14&P$10,Base,9,FALSE) -> 18832 | ... S14: =VLOOKUP($A14&$B14&S$10,Base,9,FALSE) -> 0 | T14: =SUM(H14:S14) -> 75328
A15: 710100 | B15: 79001 | C15: Tapachula | D15: 11a. Calle Poniente No. 8-A, Zona Centro, Tapachula | E15: OFICINAS ADMINISTRATIVAS | F15: =SUM(I15:S15) -> 684288 | G15: Asignado | I15: =VLOOKUP($A15&$B15&I$10,Base,8,FALSE) -> 0 | J15: =VLOOKUP($A15&$B15&J$10,Base,8,FALSE) -> 0 | K15: =VLOOKUP($A15&$B15&K$10,Base,8,FALSE) -> 171071.94 | L15: =VLOOKUP($A15&$B15&L$10,Base,8,FALSE) -> 57023.98 | M15: =VLOOKUP($A15&$B15&M$10,Base,8,FALSE) -> 57023.98 | N15: =VLOOKUP($A15&$B15&N$10,Base,8,FALSE) -> 57023.98 | O15: =VLOOKUP($A15&$B15&O$10,Base,8,FALSE) -> 0 | P15: =VLOOKUP($A15&$B15&P$10,Base,8,FALSE) -> 114047.96 | ... S15: =VLOOKUP($A15&$B15&S$10,Base,8,FALSE) -> 114048 | T15: =SUM($H15:(OFFSET($H15,0,AVANCE060826!$T$2))) -> 513216
A16: 710100 | B16: 79001 | G16: Ejercido | I16: =VLOOKUP($A16&$B16&I$10,Base,9,FALSE) -> 0 | J16: =VLOOKUP($A16&$B16&J$10,Base,9,FALSE) -> 0 | K16: =VLOOKUP($A16&$B16&K$10,Base,9,FALSE) -> 171071.94 | L16: =VLOOKUP($A16&$B16&L$10,Base,9,FALSE) -> 57023.98 | M16: =VLOOKUP($A16&$B16&M$10,Base,9,FALSE) -> 57023.98 | N16: =VLOOKUP($A16&$B16&N$10,Base,9,FALSE) -> 57023.98 | O16: =VLOOKUP($A16&$B16&O$10,Base,9,FALSE) -> 0 | P16: =VLOOKUP($A16&$B16&P$10,Base,9,FALSE) -> 114047.96 | ... S16: =VLOOKUP($A16&$B16&S$10,Base,9,FALSE) -> 0 | T16: =SUM(H16:S16) -> 456191.84
A17: 380200 | B17: 75902 | C17: Tapachula | D17: Segunda Calle Oriente y Septima Avenida Sur No. 12, Colonia Centro | E17: TIENDA NO. 12 | F17: =SUM(I17:S17) -> 0 | G17: Asignado | I17: =VLOOKUP($A17&$B17&I$10,Base,8,FALSE) -> 0 | J17: =VLOOKUP($A17&$B17&J$10,Base,8,FALSE) -> 0 | K17: =VLOOKUP($A17&$B17&K$10,Base,8,FALSE) -> 0 | L17: =VLOOKUP($A17&$B17&L$10,Base,8,FALSE) -> 0 | M17: =VLOOKUP($A17&$B17&M$10,Base,8,FALSE) -> 0 | N17: =VLOOKUP($A17&$B17&N$10,Base,8,FALSE) -> 0 | O17: =VLOOKUP($A17&$B17&O$10,Base,8,FALSE) -> 0 | P17: =VLOOKUP($A17&$B17&P$10,Base,8,FALSE) -> 0 | ... S17: =VLOOKUP($A17&$B17&S$10,Base,8,FALSE) -> 0 | T17: =SUM($H17:(OFFSET($H17,0,AVANCE060826!$T$2))) -> 0
A18: 380200 | B18: 75902 | G18: Ejercido | I18: =VLOOKUP($A18&$B18&I$10,Base,9,FALSE) -> 0 | J18: =VLOOKUP($A18&$B18&J$10,Base,9,FALSE) -> 0 | K18: =VLOOKUP($A18&$B18&K$10,Base,9,FALSE) -> 0 | L18: =VLOOKUP($A18&$B18&L$10,Base,9,FALSE) -> 0 | M18: =VLOOKUP($A18&$B18&M$10,Base,9,FALSE) -> 0 | N18: =VLOOKUP($A18&$B18&N$10,Base,9,FALSE) -> 0 | O18: =VLOOKUP($A18&$B18&O$10,Base,9,FALSE) -> 0 | P18: =VLOOKUP($A18&$B18&P$10,Base,9,FALSE) -> 0 | ... S18: =VLOOKUP($A18&$B18&S$10,Base,9,FALSE) -> 0 | T18: =SUM(H18:S18) -> 0
A19: 380200 | B19: 75901 | C19: Tuxtla Gutíerrez | D19: Calle Central Sur No. 1989, Colonia San Francisco, Tuxtla Gutíerrez | E19: TIENDA NO. 13 | F19: =SUM(I19:S19) -> 696000 | G19: Asignado | I19: =VLOOKUP($A19&$B19&I$10,Base,8,FALSE) -> 0 | J19: =VLOOKUP($A19&$B19&J$10,Base,8,FALSE) -> 0 | K19: =VLOOKUP($A20&$B20&K$10,Base,8,FALSE) -> 58000 | L19: =VLOOKUP($A19&$B19&L$10,Base,8,FALSE) -> 174000 | M19: =VLOOKUP($A19&$B19&M$10,Base,8,FALSE) -> 58000 | N19: =VLOOKUP($A19&$B19&N$10,Base,8,FALSE) -> 58000 | O19: =VLOOKUP($A19&$B19&O$10,Base,8,FALSE) -> 58000 | P19: =VLOOKUP($A19&$B19&P$10,Base,8,FALSE) -> 58000 | Q19: =VLOOKUP($A19&$B19&Q$10,Base,8,FALSE) -> 58000 | R19: =VLOOKUP($A19&$B19&R$10,Base,8,FALSE) -> 58000 | S19: =VLOOKUP($A19&$B19&S$10,Base,8,FALSE) -> 116000 | T19: =SUM($H19:(OFFSET($H19,0,AVANCE060826!$T$2))) -> 522000
A20: 380200 | B20: 75901 | G20: Ejercido | I20: =VLOOKUP($A20&$B20&I$10,Base,9,FALSE) -> 0 | J20: =VLOOKUP($A20&$B20&J$10,Base,9,FALSE) -> 0 | K20: =VLOOKUP($A20&$B20&K$10,Base,9,FALSE) -> 58000 | L20: =VLOOKUP($A20&$B20&L$10,Base,9,FALSE) -> 174000 | M20: =VLOOKUP($A20&$B20&M$10,Base,9,FALSE) -> 58000 | N20: =VLOOKUP($A20&$B20&N$10,Base,9,FALSE) -> 58000 | O20: =VLOOKUP($A20&$B20&O$10,Base,9,FALSE) -> 58000 | P20: =VLOOKUP($A20&$B20&P$10,Base,9,FALSE) -> 58000 | ... S20: =VLOOKUP($A20&$B20&S$10,Base,9,FALSE) -> 0 | T20: =SUM(H20:S20) -> 464000
C21: Tapachula | D21: Libramiento Sur de Tapachula de Cordova y Ordoñez Km 4+000, Tapachula | E21: BODEGA DEL ALMACÉN DELEGACIONAL Y OFICINAS ADMINISTRATIVAS DE ABASTECIMIENTO Y EQUIPAMIENTO | F21: =SUM(I21:S21) -> 0 | G21: Asignado | K21: =IF(((VLOOKUP(K$10,AVANCE060826!$Q$8:$R$19,2,FALSE))<=AVANCE060826!$S$2),$H21,0) -> 0 | L21: =IF(((VLOOKUP(L$10,AVANCE060826!$Q$8:$R$19,2,FALSE))<=AVANCE060826!$S$2),$H21,0) -> 0 | M21: =IF(((VLOOKUP(M$10,AVANCE060826!$Q$8:$R$19,2,FALSE))<=AVANCE060826!$S$2),$H21,0) -> 0 | N21: =IF(((VLOOKUP(N$10,AVANCE060826!$Q$8:$R$19,2,FALSE))<=AVANCE060826!$S$2),$H21,0) -> 0 | O21: =IF(((VLOOKUP(O$10,AVANCE060826!$Q$8:$R$19,2,FALSE))<=AVANCE060826!$S$2),$H21,0) -> 0 | P21: =IF(((VLOOKUP(P$10,AVANCE060826!$Q$8:$R$19,2,FALSE))<=AVANCE060826!$S$2),$H21,0) -> 0 | Q21: =IF(((VLOOKUP(Q$10,AVANCE060826!$Q$8:$R$19,2,FALSE))<=AVANCE060826!$S$2),$H21,0) -> 0 | R21: =IF(((VLOOKUP(R$10,AVANCE060826!$Q$8:$R$19,2,FALSE))<=AVANCE060826!$S$2),$H21,0) -> 0 | S21: =IF(((VLOOKUP(S$10,AVANCE060826!$Q$8:$R$19,2,FALSE))<=AVANCE060826!$S$2),$H21,0) -> 0 | T21: =SUM(H21:S21) -> 0
G22: Ejercido
A23: 140100 | B23: 79101 | C23: Tuxtla Gutíerrez | D23: Avenida Carlos Maciel No. 119, Fraccionamiento Santos (San Roque), Tuxtla Gutíerrez | E23: BODEGA DE ARCHIVO DE CONCENTRACIÓN | F23: =SUM(I23:S23) -> 588180 | G23: Asignado | I23: =VLOOKUP($A23&$B23&I$10,Base,8,FALSE) -> 0 | J23: =VLOOKUP($A23&$B23&J$10,Base,8,FALSE) -> 45239.99 | K23: =VLOOKUP($A23&$B23&K$10,Base,8,FALSE) -> 0 | L23: =VLOOKUP($A23&$B23&L$10,Base,8,FALSE) -> 135720 | M23: =VLOOKUP($A23&$B23&M$10,Base,8,FALSE) -> 45239.98 | N23: =VLOOKUP($A23&$B23&N$10,Base,8,FALSE) -> 45240.01 | O23: =VLOOKUP($A23&$B23&O$10,Base,8,FALSE) -> 45240.01 | P23: =VLOOKUP($A23&$B23&P$10,Base,8,FALSE) -> 45240 | ... S23: =VLOOKUP($A23&$B23&S$10,Base,8,FALSE) -> 135780 | T23: =SUM($H23:(OFFSET($H23,0,AVANCE060826!$T$2))) -> 407160
A24: 140100 | B24: 79101 | G24: Ejercido | I24: =VLOOKUP($A24&$B24&I$10,Base,9,FALSE) -> 0 | J24: =VLOOKUP($A24&$B24&J$10,Base,9,FALSE) -> 45239.99 | K24: =VLOOKUP($A24&$B24&K$10,Base,9,FALSE) -> 0 | L24: =VLOOKUP($A24&$B24&L$10,Base,9,FALSE) -> 135720 | M24: =VLOOKUP($A24&$B24&M$10,Base,9,FALSE) -> 45239.98 | N24: =VLOOKUP($A24&$B24&N$10,Base,9,FALSE) -> 45240.01 | O24: =VLOOKUP($A24&$B24&O$10,Base,9,FALSE) -> 45240.01 | P24: =VLOOKUP($A24&$B24&P$10,Base,9,FALSE) -> 45240 | ... S24: =VLOOKUP($A24&$B24&S$10,Base,9,FALSE) -> 0 | T24: =SUM(H24:S24) -> 361919.99
A25: 50100 | B25: 79001 | C25: Tuxtla Gutíerrez | D25: Avenida Río Coatán lote 3, esquina Río Coatancito, Fraccionamiento Valle Dorado, Tapachula | E25: Casa TOOAD | G25: Asignado | I25: =VLOOKUP($A25&$B25&I$10,Base,8,FALSE) -> 0 | J25: =VLOOKUP($A25&$B25&J$10,Base,8,FALSE) -> 0 | K25: =VLOOKUP($A25&$B25&K$10,Base,8,FALSE) -> 0 | L25: =VLOOKUP($A25&$B25&L$10,Base,8,FALSE) -> 0 | M25: =VLOOKUP($A25&$B25&M$10,Base,8,FALSE) -> 0 | N25: =VLOOKUP($A25&$B25&N$10,Base,8,FALSE) -> 0 | O25: =VLOOKUP($A25&$B25&O$10,Base,8,FALSE) -> 0 | P25: =VLOOKUP($A25&$B25&P$10,Base,8,FALSE) -> 0 | ... S25: =VLOOKUP($A25&$B25&S$10,Base,8,FALSE) -> 0 | T25: =SUM($H25:(OFFSET($H25,0,AVANCE060826!$T$2))) -> 0
A26: 50100 | B26: 79001 | G26: Ejercido | I26: =VLOOKUP($A26&$B26&I$10,Base,9,FALSE) -> 0 | J26: =VLOOKUP($A26&$B26&J$10,Base,9,FALSE) -> 0 | K26: =VLOOKUP($A26&$B26&K$10,Base,9,FALSE) -> 0 | L26: =VLOOKUP($A26&$B26&L$10,Base,9,FALSE) -> 0 | M26: =VLOOKUP($A26&$B26&M$10,Base,9,FALSE) -> 0 | N26: =VLOOKUP($A26&$B26&N$10,Base,9,FALSE) -> 0 | O26: =VLOOKUP($A26&$B26&O$10,Base,9,FALSE) -> 0 | P26: =VLOOKUP($A26&$B26&P$10,Base,9,FALSE) -> 0 | ... S26: =VLOOKUP($A26&$B26&S$10,Base,9,FALSE) -> 0 | T26: =SUM(H26:S26) -> 0
A27: 73110 | B27: 79306 | D27: Calle Vicente Guerrero Número 6, C.P. 29520 Colonia Centro De Pichucalco, Chiapas | E27: Oficinas Administrativas EMS | F27: =SUM(I27:S27) -> 125280 | G27: Asignado | I27: =VLOOKUP($A27&$B27&I$10,Base,8,FALSE) -> 0 | J27: =VLOOKUP($A27&$B27&J$10,Base,8,FALSE) -> 0 | K27: =VLOOKUP($A27&$B27&K$10,Base,8,FALSE) -> 31320 | L27: =VLOOKUP($A27&$B27&L$10,Base,8,FALSE) -> 10440 | M27: =VLOOKUP($A27&$B27&M$10,Base,8,FALSE) -> 10440 | N27: =VLOOKUP($A27&$B27&N$10,Base,8,FALSE) -> 10440 | O27: =VLOOKUP($A27&$B27&O$10,Base,8,FALSE) -> 0 | P27: =VLOOKUP($A27&$B27&P$10,Base,8,FALSE) -> 20880 | ... S27: =VLOOKUP($A27&$B27&S$10,Base,8,FALSE) -> 20880 | T27: =SUM($H27:(OFFSET($H27,0,AVANCE060826!$T$2))) -> 93960
A28: 73110 | B28: 79306 | G28: Ejercido | I28: =VLOOKUP($A28&$B28&I$10,Base,9,FALSE) -> 0 | J28: =VLOOKUP($A28&$B28&J$10,Base,9,FALSE) -> 0 | K28: =VLOOKUP($A28&$B28&K$10,Base,9,FALSE) -> 31320 | L28: =VLOOKUP($A28&$B28&L$10,Base,9,FALSE) -> 10440 | M28: =VLOOKUP($A28&$B28&M$10,Base,9,FALSE) -> 10440 | N28: =VLOOKUP($A28&$B28&N$10,Base,9,FALSE) -> 10440 | O28: =VLOOKUP($A28&$B28&O$10,Base,9,FALSE) -> 0 | P28: =VLOOKUP($A28&$B28&P$10,Base,9,FALSE) -> 20880 | ... S28: =VLOOKUP($A28&$B28&S$10,Base,9,FALSE) -> 0 | T28: =SUM(H28:S28) -> 83520
A29: 73110 | B29: 79307 | D29: 2ª Calle Sur Poniente 188, Barrio Las Flores, C.P. 30000 Comitán De Domínguez, Chiapas. | E29: Oficinas Administrativas EMS | F29: =SUM(I29:S29) -> 125280 | G29: Asignado | I29: =VLOOKUP($A29&$B29&I$10,Base,8,FALSE) -> 0 | J29: =VLOOKUP($A29&$B29&J$10,Base,8,FALSE) -> 0 | K29: =VLOOKUP($A29&$B29&K$10,Base,8,FALSE) -> 31320 | L29: =VLOOKUP($A29&$B29&L$10,Base,8,FALSE) -> 0 | M29: =VLOOKUP($A29&$B29&M$10,Base,8,FALSE) -> 20880 | N29: =VLOOKUP($A29&$B29&N$10,Base,8,FALSE) -> 10440 | O29: =VLOOKUP($A29&$B29&O$10,Base,8,FALSE) -> 0 | P29: =VLOOKUP($A29&$B29&P$10,Base,8,FALSE) -> 10440 | ... S29: =VLOOKUP($A29&$B29&S$10,Base,8,FALSE) -> 20880 | T29: =SUM($H29:(OFFSET($H29,0,AVANCE060826!$T$2))) -> 93960
A30: 73110 | B30: 79307 | G30: Ejercido | I30: =VLOOKUP($A30&$B30&I$10,Base,9,FALSE) -> 0 | J30: =VLOOKUP($A30&$B30&J$10,Base,9,FALSE) -> 0 | K30: =VLOOKUP($A30&$B30&K$10,Base,9,FALSE) -> 31320 | L30: =VLOOKUP($A30&$B30&L$10,Base,9,FALSE) -> 0 | M30: =VLOOKUP($A30&$B30&M$10,Base,9,FALSE) -> 20880 | N30: =VLOOKUP($A30&$B30&N$10,Base,9,FALSE) -> 10440 | O30: =VLOOKUP($A30&$B30&O$10,Base,9,FALSE) -> 0 | P30: =VLOOKUP($A30&$B30&P$10,Base,9,FALSE) -> 10440 | ... S30: =VLOOKUP($A30&$B30&S$10,Base,9,FALSE) -> 0 | T30: =SUM(H30:S30) -> 73080
A31: 73200 | B31: 0740D8 | D31: 2ª Calle Sur Poniente Esquina Calle Privada Número 190, Barrio Las Flores C.P. 30000 En Comitán De Domínguez, Chiapas | E31: Oficinas Administrativas EMS | F31: =SUM(I31:S31) -> 73080 | G31: Asignado | I31: =VLOOKUP($A31&$B31&I$10,Base,8,FALSE) -> 0 | J31: =VLOOKUP($A31&$B31&J$10,Base,8,FALSE) -> 0 | K31: =VLOOKUP($A31&$B31&K$10,Base,8,FALSE) -> 18270 | L31: =VLOOKUP($A31&$B31&L$10,Base,8,FALSE) -> 0 | M31: =VLOOKUP($A31&$B31&M$10,Base,8,FALSE) -> 12180 | N31: =VLOOKUP($A31&$B31&N$10,Base,8,FALSE) -> 6090 | O31: =VLOOKUP($A31&$B31&O$10,Base,8,FALSE) -> 0 | P31: =VLOOKUP($A31&$B31&P$10,Base,8,FALSE) -> 12180 | ... S31: =VLOOKUP($A31&$B31&S$10,Base,8,FALSE) -> 12180 | T31: =SUM($H31:(OFFSET($H31,0,AVANCE060826!$T$2))) -> 54810
A32: 73200 | B32: 0740D8 | G32: Ejercido | I32: =VLOOKUP($A32&$B32&I$10,Base,9,FALSE) -> 0 | J32: =VLOOKUP($A32&$B32&J$10,Base,9,FALSE) -> 0 | K32: =VLOOKUP($A32&$B32&K$10,Base,9,FALSE) -> 18270 | L32: =VLOOKUP($A32&$B32&L$10,Base,9,FALSE) -> 0 | M32: =VLOOKUP($A32&$B32&M$10,Base,9,FALSE) -> 12180 | N32: =VLOOKUP($A32&$B32&N$10,Base,9,FALSE) -> 6090 | O32: =VLOOKUP($A32&$B32&O$10,Base,9,FALSE) -> 0 | P32: =VLOOKUP($A32&$B32&P$10,Base,9,FALSE) -> 12180 | ... S32: =VLOOKUP($A32&$B32&S$10,Base,9,FALSE) -> 0 | T32: =SUM(H32:S32) -> 48720
A33: 73200 | B33: 0740D1 | D33: Avenida Central Poniente Número 150, C.P. 29770 Colonia Juan Sabines De Bochil | E33: Oficinas Administrativas EMS | F33: =SUM(I33:S33) -> 125280 | G33: Asignado | I33: =VLOOKUP($A33&$B33&I$10,Base,8,FALSE) -> 0 | J33: =VLOOKUP($A33&$B33&J$10,Base,8,FALSE) -> 0 | K33: =VLOOKUP($A33&$B33&K$10,Base,8,FALSE) -> 0 | L33: =VLOOKUP($A33&$B33&L$10,Base,8,FALSE) -> 41760 | M33: =VLOOKUP($A33&$B33&M$10,Base,8,FALSE) -> 10440 | N33: =VLOOKUP($A33&$B33&N$10,Base,8,FALSE) -> 0 | O33: =VLOOKUP($A33&$B33&O$10,Base,8,FALSE) -> 10440 | P33: =VLOOKUP($A33&$B33&P$10,Base,8,FALSE) -> 20880 | ... S33: =VLOOKUP($A33&$B33&S$10,Base,8,FALSE) -> 20880 | T33: =SUM($H33:(OFFSET($H33,0,AVANCE060826!$T$2))) -> 93960
A34: 73200 | B34: 0740D1 | G34: Ejercido | I34: =VLOOKUP($A34&$B34&I$10,Base,9,FALSE) -> 0 | J34: =VLOOKUP($A34&$B34&J$10,Base,9,FALSE) -> 0 | K34: =VLOOKUP($A34&$B34&K$10,Base,9,FALSE) -> 0 | L34: =VLOOKUP($A34&$B34&L$10,Base,9,FALSE) -> 41760 | M34: =VLOOKUP($A34&$B34&M$10,Base,9,FALSE) -> 10440 | N34: =VLOOKUP($A34&$B34&N$10,Base,9,FALSE) -> 0 | O34: =VLOOKUP($A34&$B34&O$10,Base,9,FALSE) -> 10440 | P34: =VLOOKUP($A34&$B34&P$10,Base,9,FALSE) -> 20880 | ... S34: =VLOOKUP($A34&$B34&S$10,Base,9,FALSE) -> 0 | T34: =SUM(H34:S34) -> 83520
A35: 73110 | B35: 07P901 | D35: Avenida Central Norte Número 125, Cp.30700 Colonia Centro De La Ciudad De Tapachula De Córdova Y Ordóñez, Chiapas | E35: Oficinas Administrativas EMS | F35: =SUM(H35:S35) -> 552624 | G35: Asignado | I35: =VLOOKUP($A35&$B35&I$10,Base,8,FALSE) -> 42875.98 | J35: =VLOOKUP($A35&$B35&J$10,Base,8,FALSE) -> 0 | K35: =VLOOKUP($A35&$B35&K$10,Base,8,FALSE) -> 0 | L35: =VLOOKUP($A35&$B35&L$10,Base,8,FALSE) -> 0 | M35: =VLOOKUP($A35&$B35&M$10,Base,8,FALSE) -> 0 | N35: =VLOOKUP($A35&$B35&N$10,Base,8,FALSE) -> 214379.91 | O35: =VLOOKUP($A35&$B35&O$10,Base,8,FALSE) -> 42875.98 | P35: =VLOOKUP($A35&$B35&P$10,Base,8,FALSE) -> 42875.98 | ... S35: =VLOOKUP($A35&$B35&S$10,Base,8,FALSE) -> 92104 | T35: =SUM($H35:(OFFSET($H35,0,AVANCE060826!$T$2))) -> 414468
A36: 73110 | B36: 07P901 | G36: Ejercido | I36: =VLOOKUP($A36&$B36&I$10,Base,9,FALSE) -> 42875.98 | J36: =VLOOKUP($A36&$B36&J$10,Base,9,FALSE) -> 0 | K36: =VLOOKUP($A36&$B36&K$10,Base,9,FALSE) -> 0 | L36: =VLOOKUP($A36&$B36&L$10,Base,9,FALSE) -> 0 | M36: =VLOOKUP($A36&$B36&M$10,Base,9,FALSE) -> 0 | N36: =VLOOKUP($A36&$B36&N$10,Base,9,FALSE) -> 214379.91 | O36: =VLOOKUP($A36&$B36&O$10,Base,9,FALSE) -> 42875.98 | P36: =VLOOKUP($A36&$B36&P$10,Base,9,FALSE) -> 42875.98 | ... S36: =VLOOKUP($A36&$B36&S$10,Base,9,FALSE) -> 0 | T36: =SUM(H36:S36) -> 343007.85
E37: Total | F37: =SUM(F13:F36) -> 3083016 | G37: Asignado | H37: =+H13+H15+H17+H19+H23+H27+H29+H31+H33+H35 -> 0 | I37: =+I13+I15+I17+I19+I23+I27+I29+I31+I33+I35 -> 42875.98 | J37: =+J13+J15+J17+J19+J23+J27+J29+J31+J33+J35 -> 64071.99 | K37: =+K13+K15+K17+K19+K23+K27+K29+K31+K33+K35 -> 319397.94 | L37: =+L13+L15+L17+L19+L23+L27+L29+L31+L33+L35 -> 428359.98 | M37: =+M13+M15+M17+M19+M23+M27+M29+M31+M33+M35 -> 223619.96 | N37: =+N13+N15+N17+N19+N23+N27+N29+N31+N33+N35 -> 411029.9 | O37: =+O13+O15+O17+O19+O23+O27+O29+O31+O33+O35 -> 156555.99 | ... T37: =+T13+T15+T17+T19+T23+T27+T29+T31+T33+T35 -> 2278287
G38: Ejercido | H38: =+H14+H16+H18+H20+H24+H28+H30+H32+H34+H36 -> 0 | I38: =+I14+I16+I18+I20+I24+I28+I30+I32+I34+I36 -> 42875.98 | J38: =+J14+J16+J18+J20+J24+J28+J30+J32+J34+J36 -> 64071.99 | K38: =+K14+K16+K18+K20+K24+K28+K30+K32+K34+K36 -> 319397.94 | L38: =+L14+L16+L18+L20+L24+L28+L30+L32+L34+L36 -> 428359.98 | M38: =+M14+M16+M18+M20+M24+M28+M30+M32+M34+M36 -> 223619.96 | N38: =+N14+N16+N18+N20+N24+N28+N30+N32+N34+N36 -> 411029.9 | O38: =+O14+O16+O18+O20+O24+O28+O30+O32+O34+O36 -> 156555.99 | ... T38: =+T14+T16+T18+T20+T24+T28+T30+T32+T34+T36 -> 1989287.7

Sheet CHIH
D1: INSTITUTO MEXICANO DEL SEGURO SOCIAL
D2: DIRECCIÓN DE ADMINISTRACIÓN
D3: UNIDAD DE ADMINISTRACIÓN
D4: COORDINACIÓN DE CONSERVACIÓN Y SERVICIOS GENERALES
D5: COORDINACIÓN TÉCNICA DE ADMINISTRACIÓN DE ACTIVOS
D6: DIVISIÓN DE ARRENDAMIENTO Y COMERCIALIZACIÓN
D7: EJERCICIO 2025
D8: OOAD: | E8: CHIHUAHUA
A10: CLAV E PREI | C10: UNIDAD | D10: DIRECCIÓN | E10: DESTINO | F10: ASIGNADO ANUAL | G10: Renta Mensual | H10: PRESUPUESTO AL PERIODO | J10: VARIACIÓN | L10: AVANCE % | M10: OBSERVACIONES
A11: U.I. | B11: C.C. | H11: CALENDARIZADO (1) | I11: EJERCIDO (2) | J11: IMPORTE 3=(1-2) | K11: % 4=(3/1)*100
A12: 082435 | B12: 200200 | C12: San Francisco del Oro | D12: Calle Benito Juarez No. 97, Colonia Centro, San Francisco del Oro | E12: UNIDAD DE MEDICINA FAMILIAR NO. 9 | F12: =CHIH_Calendario!F12 -> 155316 | G12: =+F12/12 -> 12943 | H12: =CHIH_Calendario!T12 -> 116487 | I12: =CHIH_Calendario!T13 -> 116479.08 | J12: =+I12-H12 -> -7.92 | K12: =+J12/H12*100 -> -0.006799042 | L12: =+I12/H12*100 -> 99.993201 | M12: Registra pagos al mes de agosto.
A13: 082438 | B13: 200200 | C13: Creel Bocoyna | D13: Fernando Montes de Oca, Lote 6, Manzana 8, barrio Profortarah, Creel Bocoyna | E13: UNIDAD DE MEDICINA FAMILIAR NO. 32 | F13: =CHIH_Calendario!F14 -> 108780 | G13: =+F13/12 -> 9065 | H13: =CHIH_Calendario!T14 -> 81585 | I13: =CHIH_Calendario!T15 -> 72513.8 | J13: =+I13-H13 -> -9071.2 | K13: =+J13/H13*100 -> -11.118711 | L13: =+I13/H13*100 -> 88.881289 | M13: Registra pagos al mes de agosto.
A14: 082442 | B14: 200200 | C14: Rodrigo de Quevedo | D14: Avenida Álvaro Obregón S/N Colonia Centro, Municipio de Ascención, Rodrigo de Quevedo | E14: UNIDAD DE MEDICINA FAMILIAR NO. 45 | F14: =CHIH_Calendario!F16 -> 51156 | G14: =+F14/12 -> 4263 | H14: =CHIH_Calendario!T16 -> 38367 | I14: =CHIH_Calendario!T17 -> 21315 | J14: =+I14-H14 -> -17052 | K14: =+J14/H14*100 -> -44.444444 | L14: =+I14/H14*100 -> 55.555556 | M14: Registra pagos al mes de mayo.
A15: 082408 | B15: 200200 | C15: Ciudad Delicias | D15: Avenida 14 Poniente No, 700, Colonia Sector Poniente, Ciudad Delicias | E15: UNIDAD DE MEDICINA FAMILIAR NO. 57 | F15: =CHIH_Calendario!F18 -> 207708 | G15: =+F15/12 -> 17309 | H15: =CHIH_Calendario!T18 -> 155781 | I15: =CHIH_Calendario!T19 -> 121154.32 | J15: =+I15-H15 -> -34626.68 | K15: =+J15/H15*100 -> -22.227794 | L15: =+I15/H15*100 -> 77.772206 | M15: Registra pagos al mes de julio.
A16: 089106 | B16: 900110 | C16: Ciudad Juárez | D16: Avenida Henry Dunant No. 4508, Zona Pronaf, Ciudad Juárez | E16: OFICINAS ADMINISTRATIVAS | F16: =CHIH_Calendario!F20 -> 1224720 | G16: =+F16/12 -> 102060 | H16: =CHIH_Calendario!T20 -> 1020600 | I16: =CHIH_Calendario!T21 -> 918540 | J16: =+I16-H16 -> -102060 | K16: =+J16/H16*100 -> -10 | L16: =+I16/H16*100 -> 90 | M16: Registra pagos al mes de septiembre.
A17: 089102 | B17: 900110 | C17: Ciudad Cuauhtémoc | D17: Avenida Tecnológico No. 343, Colonia Barrio Lerdo, Cd. Cuauhtémoc | E17: OFICINAS ADMINISTRATIVAS SUBDELEGACIONALES | F17: =CHIH_Calendario!F22 -> 282948 | G17: =+F17/12 -> 23579 | H17: =CHIH_Calendario!T22 -> 212211 | I17: =CHIH_Calendario!T23 -> 188625.2 | J17: =+I17-H17 -> -23585.8 | K17: =+J17/H17*100 -> -11.114315 | L17: =+I17/H17*100 -> 88.885685 | M17: Registra pagos al mes de agosto.
A18: 089107 | B18: 900110 | C18: Hidalgo del Parral | D18: Calle Pedro de Lille No. 3, Hidalgo del Parral | E18: OFICINAS ADMINISTRATIVAS | F18: =CHIH_Calendario!F24 -> 469596 | G18: =+F18/12 -> 39133 | H18: =CHIH_Calendario!T24 -> 352197 | I18: =CHIH_Calendario!T25 -> 352193.4 | J18: =+I18-H18 -> -3.6 | K18: =+J18/H18*100 -> -0.0010221552 | L18: =+I18/H18*100 -> 99.998978 | M18: Registra pagos al mes de agosto.
A19: 089103 | B19: 900110 | C19: Ciudad Delicias | D19: Avenida Fernando Baeza No. 206, Sector Oriente, Cd. Delicias | E19: OFICINAS ADMINISTRATIVAS | F19: =CHIH_Calendario!F26 -> 304140 | G19: =+F19/12 -> 25345 | H19: =CHIH_Calendario!T26 -> 228105 | I19: =CHIH_Calendario!T27 -> 177413.81 | J19: =+I19-H19 -> -50691.19 | K19: =+J19/H19*100 -> -22.222744 | L19: =+I19/H19*100 -> 77.777256 | M19: Registra pagos al mes de julio.
A20: 085901 | B20: 380200 | C20: Chihuahua | D20: Calle 21 Nº. 1109, Colonia Santo Niño, Chihuahua | E20: TIENDA Nº.14 | F20: =CHIH_Calendario!F28 -> 292920 | G20: =+F20/12 -> 24410 | H20: =CHIH_Calendario!T28 -> 219690 | I20: =CHIH_Calendario!T29 -> 170861.04 | J20: =H20-I20 -> 48828.96 | K20: =+J20/H20*100 -> 22.226301 | L20: =+I20/H20*100 -> 77.773699 | M20: Registra pagos al mes de julio.
A21: 085905 | B21: 380200 | C21: Ciudad Juarez | D21: Boulevard Oscar Flores Sánchez Nº. 2250, Ciudad Juarez | E21: TIENDA Nº. 97 | F21: =CHIH_Calendario!F30 -> 810440.64 | G21: =+F21/12 -> 67536.72 | H21: =CHIH_Calendario!T30 -> 607833 | I21: =CHIH_Calendario!T31 -> 337683.6 | J21: =H21-I21 -> 270149.4 | K21: =+J21/H21*100 -> 44.444675 | L21: =+I21/H21*100 -> 55.555325 | M21: Registra pagos al mes de mayo.
A22: 088001 | B22: 150900 | C22: Chihuahua | D22: Calle General Rosalio Hernandez Nº. 21 y Ferrocarriles Nacionales de México, Chihuahua | E22: ALM.DELEGACIONAL (BIENES NO TERAPEUTICOS) | F22: =CHIH_Calendario!F32 -> 588036.48 | G22: =+F22/12 -> 49003.04 | H22: =CHIH_Calendario!T32 -> 490030.4 | I22: =CHIH_Calendario!T33 -> 477567.34 | J22: =H22-I22 -> 12463.06 | K22: =+J22/H22*100 -> 2.5433238 | L22: =+I22/H22*100 -> 97.456676 | M22: Registra pagos al mes de septiembre.
A23: 088001 | B23: 150900 | C23: Chihuahua | D23: Calle Privada Santa Rosa Nºs. 21 y 23, Chihuahua | E23: ALM.DELEGACIONAL (BIENES TERAPEUTICOS) | F23: =CHIH_Calendario!F34 -> 1246797 | G23: =+F23/12 -> 103899.75 | H23: =CHIH_Calendario!T34 -> 1038997.5 | I23: =CHIH_Calendario!T35 -> 532465.23 | J23: =H23-I23 -> 506532.27 | K23: =+J23/H23*100 -> 48.75202 | L23: =+I23/H23*100 -> 51.24798 | M23: Registra pagos al mes de mayo. Registra un importe adicional de 79,769.99.
A24: 088002 | B24: 920201 | C24: Chihuahua | D24: Calle 53 A N°. 5 Colonia Arquitectos, Chihuahua | E24: BODEGA DE BIENES EMBARGADOS | F24: =CHIH_Calendario!F36 -> 337536 | G24: =+F24/12 -> 28128 | H24: =CHIH_Calendario!T36 -> 253152 | I24: =CHIH_Calendario!T37 -> 193983.92 | J24: =H24-I24 -> 59168.08 | K24: =+J24/H24*100 -> 23.372551 | L24: =+I24/H24*100 -> 76.627449 | M24: Registra pagos al mes de junio, no refleja el pago de IVA.
A25: 089105 | B25: 920110 | C25: Ciudad Juárez | D25: Calle Sierra Mohinora Nº. 6011, Fraccionamiento La Cuesta, Ciudad Juárez | E25: BODEGA DE BIENES EMBARGADOS | F25: =CHIH_Calendario!F38 -> 371472 | G25: =+F25/12 -> 30956 | H25: =CHIH_Calendario!T38 -> 278604 | I25: =CHIH_Calendario!T39 -> 278592.21 | J25: =H25-I25 -> 11.79 | K25: =+J25/H25*100 -> 0.0042318129 | L25: =+I25/H25*100 -> 99.995768 | M25: Registra pagos al mes de agosto.
A26: 088001 | B26: 150900 | C26: Chihuahua | D26: Calle Privada Santa Rosa Nº 19, Chihuahua | E26: COORDINACIÓN DE ABASTECIMIENTO | F26: =CHIH_Calendario!F40 -> 369231.72 | G26: =+F26/12 -> 30769.31 | H26: =CHIH_Calendario!T40 -> 307693.1 | I26: =CHIH_Calendario!T41 -> 459334.79 | J26: =H26-I26 -> -151641.69 | K26: =+J26/H26*100 -> -49.283422 | L26: =+I26/H26*100 -> 149.28342 | M26: Registra pagos al mes de agosto.
A27: 5863303 | B27: 73110 | C27: Ciudad Delicias | D27: Av. Morelos No. 654 Altos Col. Centro C.P 31500 | E27: Oficinas Administrativas EMS | F27: =CHIH_Calendario!F27 -> 0 | H27: =CHIH_Calendario!T42 -> 0 | I27: =CHIH_Calendario!T43 -> 0 | J27: =H27-I27 -> 0 | K27: =+J27/H27*100 -> #DIV/0! | L27: =+I27/H27*100 -> #DIV/0! | M27: No registra pagos en el periodo.
B28: 16 | C28: =COUNT(#REF!) -> 0 | F28: =SUM(F12:F27) -> 6820797.8 | G28: =SUM(G12:G27) -> 568399.82 | H28: =SUM(H12:H27) -> 5401333 | I28: =SUM(I12:I27) -> 4418722.7 | J28: =H28-I28 -> 982610.26 | K28: =+J28/H28*100 -> 18.191996 | L28: =+I28/H28*100 -> 81.808004
F30: 1 | G30: No registra pagos en el periodo
F31: 3 | G31: Registran pagos al mes de marzo
F32: 1 | G32: Registran pagos al mes de abril
F33: 5 | G33: Registran pagos al mes de mayo
F34: 3 | G34: Registran pagos al mes de junio
F35: 2 | G35: Registran pagos al mes de julio
F36: 15

Sheet CHIH_Calendario
F1: INSTITUTO MEXICANO DEL SEGURO SOCIAL
F2: DIRECCIÓN DE ADMINISTRACIÓN
F3: UNIDAD DE ADMINISTRACIÓN
F4: COORDINACIÓN DE CONSERVACIÓN Y SERVICIOS GENERALES
F5: COORDINACIÓN TÉCNICA DE ADMINISTRACIÓN DE ACTIVOS
F6: DIVISIÓN DE ARRENDAMIENTO Y COMERCIALIZACIÓN
D7: EJERCICIO 2026
D8: OOAD: | E8: CHIHUAHUA | H8: =+H33+H35+H41 -> 0 | I8: =+I33+I35+I41 -> 0 | L8: =+L33+L35+L41 -> 0 | M8: =+M33+M35+M41 -> 367341.84 | N8: =+N33+N35+N41 -> 0 | O8: =+O33+O35+O41 -> 183670.92 | P8: =+P33+P35+P41 -> 367341.84 | Q8: =+Q33+Q35+Q41 -> 0 | R8: =+R33+R35+R41 -> 0 | S8: =+S33+S35+S41 -> 0
I9: 2026M02 | J9: 2026M03 | K9: 2026M04 | L9: 2026M05 | M9: 2026M06 | N9: 2026M07 | O9: 2026M08 | P9: 2026M09 | Q9: 2026M10 | R9: 2026M11 | S9: 2026M12
B10: CLAV E PREI | C10: UNIDAD | D10: DIRECCIÓN | E10: DESTINO | F10: ASIGNADO ANUAL | G10: Renta Mensual | H10: Enero | I10: Febrero | J10: Marzo | K10: Abril | L10: Mayo | M10: Junio | N10: Julio | O10: Agosto | P10: Septiembre | Q10: Octubre | R10: Noviembre | S10: Diciembre | T10: Total | U10: OBSERVACIONES
A11: C.C. | B11: U.I.
A12: 200200 | B12: 82435 | C12: San Francisco del Oro | D12: Calle Benito Juarez No. 97, Colonia Centro, San Francisco del Oro | E12: UNIDAD DE MEDICINA FAMILIAR NO. 9 | F12: =SUM(H12:S12) -> 155316 | G12: Asignado | I12: =VLOOKUP($A12&$B12&I$9,Base,8,FALSE) -> 0 | J12: =VLOOKUP($A12&$B12&J$9,Base,8,FALSE) -> 25884.24 | K12: =VLOOKUP($A12&$B12&K$9,Base,8,FALSE) -> 12942.12 | L12: =VLOOKUP($A12&$B12&L$9,Base,8,FALSE) -> 0 | M12: =VLOOKUP($A12&$B12&M$9,Base,8,FALSE) -> 25884.24 | N12: =VLOOKUP($A12&$B12&N$9,Base,8,FALSE) -> 12942.12 | O12: =VLOOKUP($A12&$B12&O$9,Base,8,FALSE) -> 12942.12 | P12: =VLOOKUP($A12&$B12&P$9,Base,8,FALSE) -> 12942.12 | ... S12: =VLOOKUP($A12&$B12&S$9,Base,8,FALSE) -> 25886 | T12: =SUM($H12:(OFFSET($H12,0,AVANCE060826!$T$2))) -> 116487 | U12: Pago al mes de febrero.
A13: 200200 | B13: 82435 | G13: Ejercido | I13: =VLOOKUP($A13&$B13&I$9,Base,9,FALSE) -> 0 | J13: =VLOOKUP($A13&$B13&J$9,Base,9,FALSE) -> 25884.24 | K13: =VLOOKUP($A13&$B13&K$9,Base,9,FALSE) -> 12942.12 | L13: =VLOOKUP($A13&$B13&L$9,Base,9,FALSE) -> 0 | M13: =VLOOKUP($A13&$B13&M$9,Base,9,FALSE) -> 25884.24 | N13: =VLOOKUP($A13&$B13&N$9,Base,9,FALSE) -> 12942.12 | O13: =VLOOKUP($A13&$B13&O$9,Base,9,FALSE) -> 12942.12 | P13: =VLOOKUP($A13&$B13&P$9,Base,9,FALSE) -> 12942.12 | ... S13: =VLOOKUP($A13&$B13&S$9,Base,9,FALSE) -> 0 | T13: =SUM(H13:S13) -> 116479.08
A14: 200200 | B14: 82438 | C14: Creel Bocoyna | D14: Fernando Montes de Oca, Lote 6, Manzana 8, barrio Profortarah, Creel Bocoyna | E14: UNIDAD DE MEDICINA FAMILIAR NO. 32 | F14: =SUM(H14:S14) -> 108780 | G14: Asignado | I14: =VLOOKUP($A14&$B14&I$9,Base,8,FALSE) -> 0 | J14: =VLOOKUP($A14&$B14&J$9,Base,8,FALSE) -> 9064.23 | K14: =VLOOKUP($A14&$B14&K$9,Base,8,FALSE) -> 18128.42 | L14: =VLOOKUP($A14&$B14&L$9,Base,8,FALSE) -> 9064.23 | M14: =VLOOKUP($A14&$B14&M$9,Base,8,FALSE) -> 9064.23 | N14: =VLOOKUP($A14&$B14&N$9,Base,8,FALSE) -> 9064.23 | O14: =VLOOKUP($A14&$B14&O$9,Base,8,FALSE) -> 9064.23 | P14: =VLOOKUP($A14&$B14&P$9,Base,8,FALSE) -> 9064.23 | ... S14: =VLOOKUP($A14&$B14&S$9,Base,8,FALSE) -> 18130 | T14: =SUM($H14:(OFFSET($H14,0,AVANCE060826!$T$2))) -> 81585 | U14: Pagado al mes de mayo.
A15: 200200 | B15: 82438 | G15: Ejercido | I15: =VLOOKUP($A15&$B15&I$9,Base,9,FALSE) -> 0 | J15: =VLOOKUP($A15&$B15&J$9,Base,9,FALSE) -> 9064.23 | K15: =VLOOKUP($A15&$B15&K$9,Base,9,FALSE) -> 18128.42 | L15: =VLOOKUP($A15&$B15&L$9,Base,9,FALSE) -> 9064.23 | M15: =VLOOKUP($A15&$B15&M$9,Base,9,FALSE) -> 9064.23 | N15: =VLOOKUP($A15&$B15&N$9,Base,9,FALSE) -> 9064.23 | O15: =VLOOKUP($A15&$B15&O$9,Base,9,FALSE) -> 9064.23 | P15: =VLOOKUP($A15&$B15&P$9,Base,9,FALSE) -> 9064.23 | ... S15: =VLOOKUP($A15&$B15&S$9,Base,9,FALSE) -> 0 | T15: =SUM(H15:S15) -> 72513.8
A16: 200200 | B16: 82442 | C16: Rodrigo de Quevedo | D16: Avenida Álvaro Obregón S/N Colonia Centro, Municipio de Ascención, Rodrigo de Quevedo | E16: UNIDAD DE MEDICINA FAMILIAR NO. 45 | F16: =SUM(H16:S16) -> 51156 | G16: Asignado | I16: =VLOOKUP($A16&$B16&I$9,Base,8,FALSE) -> 0 | J16: =VLOOKUP($A16&$B16&J$9,Base,8,FALSE) -> 0 | K16: =VLOOKUP($A16&$B16&K$9,Base,8,FALSE) -> 0 | L16: =VLOOKUP($A16&$B16&L$9,Base,8,FALSE) -> 0 | M16: =VLOOKUP($A16&$B16&M$9,Base,8,FALSE) -> 21315 | N16: =VLOOKUP($A16&$B16&N$9,Base,8,FALSE) -> 0 | O16: =VLOOKUP($A16&$B16&O$9,Base,8,FALSE) -> 0 | P16: =VLOOKUP($A16&$B16&P$9,Base,8,FALSE) -> 0 | ... S16: =VLOOKUP($A16&$B16&S$9,Base,8,FALSE) -> 8526 | T16: =SUM($H16:(OFFSET($H16,0,AVANCE060826!$T$2))) -> 38367 | U16: Pagado al mes de junio.
A17: 200200 | B17: 82442 | G17: Ejercido | I17: =VLOOKUP($A17&$B17&I$9,Base,9,FALSE) -> 0 | J17: =VLOOKUP($A17&$B17&J$9,Base,9,FALSE) -> 0 | K17: =VLOOKUP($A17&$B17&K$9,Base,9,FALSE) -> 0 | L17: =VLOOKUP($A17&$B17&L$9,Base,9,FALSE) -> 0 | M17: =VLOOKUP($A17&$B17&M$9,Base,9,FALSE) -> 21315 | N17: =VLOOKUP($A17&$B17&N$9,Base,9,FALSE) -> 0 | O17: =VLOOKUP($A17&$B17&O$9,Base,9,FALSE) -> 0 | P17: =VLOOKUP($A17&$B17&P$9,Base,9,FALSE) -> 0 | ... S17: =VLOOKUP($A17&$B17&S$9,Base,9,FALSE) -> 0 | T17: =SUM(H17:S17) -> 21315
A18: 200200 | B18: 82408 | C18: Ciudad Delicias | D18: Avenida 14 Poniente No, 700, Colonia Sector Poniente, Ciudad Delicias | E18: UNIDAD DE MEDICINA FAMILIAR NO. 57 | F18: =SUM(H18:S18) -> 207708 | G18: Asignado | I18: =VLOOKUP($A18&$B18&I$9,Base,8,FALSE) -> 0 | J18: =VLOOKUP($A18&$B18&J$9,Base,8,FALSE) -> 0 | K18: =VLOOKUP($A18&$B18&K$9,Base,8,FALSE) -> 51923.28 | L18: =VLOOKUP($A18&$B18&L$9,Base,8,FALSE) -> 17307.76 | M18: =VLOOKUP($A18&$B18&M$9,Base,8,FALSE) -> 17307.76 | N18: =VLOOKUP($A18&$B18&N$9,Base,8,FALSE) -> 17307.76 | O18: =VLOOKUP($A18&$B18&O$9,Base,8,FALSE) -> 17307.76 | P18: =VLOOKUP($A18&$B18&P$9,Base,8,FALSE) -> 0 | ... S18: =VLOOKUP($A18&$B18&S$9,Base,8,FALSE) -> 34618 | T18: =SUM($H18:(OFFSET($H18,0,AVANCE060826!$T$2))) -> 155781 | U18: Pagado al mes de mayo.
A19: 200200 | B19: 82408 | G19: Ejercido | I19: =VLOOKUP($A19&$B19&I$9,Base,9,FALSE) -> 0 | J19: =VLOOKUP($A19&$B19&J$9,Base,9,FALSE) -> 0 | K19: =VLOOKUP($A19&$B19&K$9,Base,9,FALSE) -> 51923.28 | L19: =VLOOKUP($A19&$B19&L$9,Base,9,FALSE) -> 17307.76 | M19: =VLOOKUP($A19&$B19&M$9,Base,9,FALSE) -> 17307.76 | N19: =VLOOKUP($A19&$B19&N$9,Base,9,FALSE) -> 17307.76 | O19: =VLOOKUP($A19&$B19&O$9,Base,9,FALSE) -> 17307.76 | P19: =VLOOKUP($A19&$B19&P$9,Base,9,FALSE) -> 0 | ... S19: =VLOOKUP($A19&$B19&S$9,Base,9,FALSE) -> 0 | T19: =SUM(H19:S19) -> 121154.32
A20: 900110 | B20: 89106 | C20: Ciudad Juárez | D20: Avenida Henry Dunant No. 4508, Zona Pronaf, Ciudad Juárez | E20: OFICINAS ADMINISTRATIVAS | F20: =SUM(H20:S20) -> 1224720 | G20: Asignado | I20: =VLOOKUP($A20&$B20&I$9,Base,8,FALSE) -> 204120 | J20: =VLOOKUP($A20&$B20&J$9,Base,8,FALSE) -> 0 | K20: =VLOOKUP($A20&$B20&K$9,Base,8,FALSE) -> 0 | L20: =VLOOKUP($A20&$B20&L$9,Base,8,FALSE) -> 204120 | M20: =VLOOKUP($A20&$B20&M$9,Base,8,FALSE) -> 102060 | N20: =VLOOKUP($A20&$B20&N$9,Base,8,FALSE) -> 102060 | O20: =VLOOKUP($A20&$B20&O$9,Base,8,FALSE) -> 204120 | P20: =VLOOKUP($A20&$B20&P$9,Base,8,FALSE) -> 102060 | ... S20: =VLOOKUP($A20&$B20&S$9,Base,8,FALSE) -> 102060 | T20: =SUM($H20:(OFFSET($H20,0,AVANCE060826!$T$2))) -> 1020600 | U20: Pago al mes de abril.
A21: 900110 | B21: 89106 | G21: Ejercido | I21: =VLOOKUP($A21&$B21&I$9,Base,9,FALSE) -> 204120 | J21: =VLOOKUP($A21&$B21&J$9,Base,9,FALSE) -> 0 | K21: =VLOOKUP($A21&$B21&K$9,Base,9,FALSE) -> 0 | L21: =VLOOKUP($A21&$B21&L$9,Base,9,FALSE) -> 204120 | M21: =VLOOKUP($A21&$B21&M$9,Base,9,FALSE) -> 102060 | N21: =VLOOKUP($A21&$B21&N$9,Base,9,FALSE) -> 102060 | O21: =VLOOKUP($A21&$B21&O$9,Base,9,FALSE) -> 204120 | P21: =VLOOKUP($A21&$B21&P$9,Base,9,FALSE) -> 102060 | ... S21: =VLOOKUP($A21&$B21&S$9,Base,9,FALSE) -> 0 | T21: =SUM(H21:S21) -> 918540
A22: 900110 | B22: 89102 | C22: Ciudad Cuauhtémoc | D22: Avenida Tecnológico No. 343, Colonia Barrio Lerdo, Cd. Cuauhtémoc | E22: OFICINAS ADMINISTRATIVAS SUBDELEGACIONALES | F22: =SUM(H22:S22) -> 282948 | G22: Asignado | I22: =VLOOKUP($A22&$B22&I$9,Base,8,FALSE) -> 0 | J22: =VLOOKUP($A22&$B22&J$9,Base,8,FALSE) -> 0 | K22: =VLOOKUP($A22&$B22&K$9,Base,8,FALSE) -> 0 | L22: =VLOOKUP($A22&$B22&L$9,Base,8,FALSE) -> 0 | M22: =VLOOKUP($A22&$B22&M$9,Base,8,FALSE) -> 0 | N22: =VLOOKUP($A22&$B22&N$9,Base,8,FALSE) -> 141468.9 | O22: =VLOOKUP($A22&$B22&O$9,Base,8,FALSE) -> 0 | P22: =VLOOKUP($A22&$B22&P$9,Base,8,FALSE) -> 47156.3 | ... S22: =VLOOKUP($A22&$B22&S$9,Base,8,FALSE) -> 47158 | T22: =SUM($H22:(OFFSET($H22,0,AVANCE060826!$T$2))) -> 212211 | U22: Pagado al mes de junio.
A23: 900110 | B23: 89102 | G23: Ejercido | I23: =VLOOKUP($A23&$B23&I$9,Base,9,FALSE) -> 0 | J23: =VLOOKUP($A23&$B23&J$9,Base,9,FALSE) -> 0 | K23: =VLOOKUP($A23&$B23&K$9,Base,9,FALSE) -> 0 | L23: =VLOOKUP($A23&$B23&L$9,Base,9,FALSE) -> 0 | M23: =VLOOKUP($A23&$B23&M$9,Base,9,FALSE) -> 0 | N23: =VLOOKUP($A23&$B23&N$9,Base,9,FALSE) -> 141468.9 | O23: =VLOOKUP($A23&$B23&O$9,Base,9,FALSE) -> 0 | P23: =VLOOKUP($A23&$B23&P$9,Base,9,FALSE) -> 47156.3 | ... S23: =VLOOKUP($A23&$B23&S$9,Base,9,FALSE) -> 0 | T23: =SUM(H23:S23) -> 188625.2
A24: 900110 | B24: 89107 | C24: Hidalgo del Parral | D24: Calle Pedro de Lille No. 3, Hidalgo del Parral | E24: OFICINAS ADMINISTRATIVAS | F24: =SUM(H24:S24) -> 469596 | G24: Asignado | I24: =VLOOKUP($A24&$B24&I$9,Base,8,FALSE) -> 0 | J24: =VLOOKUP($A24&$B24&J$9,Base,8,FALSE) -> 78265.2 | K24: =VLOOKUP($A24&$B24&K$9,Base,8,FALSE) -> 39132.6 | L24: =VLOOKUP($A24&$B24&L$9,Base,8,FALSE) -> 39132.6 | M24: =VLOOKUP($A24&$B24&M$9,Base,8,FALSE) -> 39132.6 | N24: =VLOOKUP($A24&$B24&N$9,Base,8,FALSE) -> 39132.6 | O24: =VLOOKUP($A24&$B24&O$9,Base,8,FALSE) -> 39132.6 | P24: =VLOOKUP($A24&$B24&P$9,Base,8,FALSE) -> 39132.6 | ... S24: =VLOOKUP($A24&$B24&S$9,Base,8,FALSE) -> 78266 | T24: =SUM($H24:(OFFSET($H24,0,AVANCE060826!$T$2))) -> 352197 | U24: Pagado al mes de junio.
A25: 900110 | B25: 89107 | G25: Ejercido | I25: =VLOOKUP($A25&$B25&I$9,Base,9,FALSE) -> 0 | J25: =VLOOKUP($A25&$B25&J$9,Base,9,FALSE) -> 78265.2 | K25: =VLOOKUP($A25&$B25&K$9,Base,9,FALSE) -> 39132.6 | L25: =VLOOKUP($A25&$B25&L$9,Base,9,FALSE) -> 39132.6 | M25: =VLOOKUP($A25&$B25&M$9,Base,9,FALSE) -> 39132.6 | N25: =VLOOKUP($A25&$B25&N$9,Base,9,FALSE) -> 39132.6 | O25: =VLOOKUP($A25&$B25&O$9,Base,9,FALSE) -> 39132.6 | P25: =VLOOKUP($A25&$B25&P$9,Base,9,FALSE) -> 39132.6 | ... S25: =VLOOKUP($A25&$B25&S$9,Base,9,FALSE) -> 0 | T25: =SUM(H25:S25) -> 352193.4
A26: 900110 | B26: 89103 | C26: Ciudad Delicias | D26: Avenida Fernando Baeza No. 206, Sector Oriente, Cd. Delicias | E26: OFICINAS ADMINISTRATIVAS | F26: =SUM(H26:S26) -> 304140 | G26: Asignado | I26: =VLOOKUP($A26&$B26&I$9,Base,8,FALSE) -> 0 | J26: =VLOOKUP($A26&$B26&J$9,Base,8,FALSE) -> 50689.66 | K26: =VLOOKUP($A26&$B26&K$9,Base,8,FALSE) -> 25344.83 | L26: =VLOOKUP($A26&$B26&L$9,Base,8,FALSE) -> 25344.83 | M26: =VLOOKUP($A26&$B26&M$9,Base,8,FALSE) -> 25344.83 | N26: =VLOOKUP($A26&$B26&N$9,Base,8,FALSE) -> 25344.83 | O26: =VLOOKUP($A26&$B26&O$9,Base,8,FALSE) -> 25344.83 | P26: =VLOOKUP($A26&$B26&P$9,Base,8,FALSE) -> 0 | ... S26: =VLOOKUP($A26&$B26&S$9,Base,8,FALSE) -> 50690 | T26: =SUM($H26:(OFFSET($H26,0,AVANCE060826!$T$2))) -> 228105 | U26: Pagado al mes de mayo.
A27: 900110 | B27: 89103 | G27: Ejercido | I27: =VLOOKUP($A27&$B27&I$9,Base,9,FALSE) -> 0 | J27: =VLOOKUP($A27&$B27&J$9,Base,9,FALSE) -> 50689.66 | K27: =VLOOKUP($A27&$B27&K$9,Base,9,FALSE) -> 25344.83 | L27: =VLOOKUP($A27&$B27&L$9,Base,9,FALSE) -> 25344.83 | M27: =VLOOKUP($A27&$B27&M$9,Base,9,FALSE) -> 25344.83 | N27: =VLOOKUP($A27&$B27&N$9,Base,9,FALSE) -> 25344.83 | O27: =VLOOKUP($A27&$B27&O$9,Base,9,FALSE) -> 25344.83 | P27: =VLOOKUP($A27&$B27&P$9,Base,9,FALSE) -> 0 | ... S27: =VLOOKUP($A27&$B27&S$9,Base,9,FALSE) -> 0 | T27: =SUM(H27:S27) -> 177413.81
A28: 380200 | B28: 85901 | C28: Chihuahua | D28: Calle 21 Nº. 1109, Colonia Santo Niño, Chihuahua | E28: TIENDA Nº.14 | F28: =SUM(H28:S28) -> 292920 | G28: Asignado | I28: =VLOOKUP($A28&$B28&I$9,Base,8,FALSE) -> 0 | J28: =VLOOKUP($A28&$B28&J$9,Base,8,FALSE) -> 0 | K28: =VLOOKUP($A28&$B28&K$9,Base,8,FALSE) -> 73226.16 | L28: =VLOOKUP($A28&$B28&L$9,Base,8,FALSE) -> 24408.72 | M28: =VLOOKUP($A28&$B28&M$9,Base,8,FALSE) -> 24408.72 | N28: =VLOOKUP($A28&$B28&N$9,Base,8,FALSE) -> 0 | O28: =VLOOKUP($A28&$B28&O$9,Base,8,FALSE) -> 48817.44 | P28: =VLOOKUP($A28&$B28&P$9,Base,8,FALSE) -> 0 | ... S28: =VLOOKUP($A28&$B28&S$9,Base,8,FALSE) -> 48820 | T28: =SUM($H28:(OFFSET($H28,0,AVANCE060826!$T$2))) -> 219690 | U28: Pagado al mes de mayo.
A29: 380200 | B29: 85901 | G29: Ejercido | I29: =VLOOKUP($A29&$B29&I$9,Base,9,FALSE) -> 0 | J29: =VLOOKUP($A29&$B29&J$9,Base,9,FALSE) -> 0 | K29: =VLOOKUP($A29&$B29&K$9,Base,9,FALSE) -> 73226.16 | L29: =VLOOKUP($A29&$B29&L$9,Base,9,FALSE) -> 24408.72 | M29: =VLOOKUP($A29&$B29&M$9,Base,9,FALSE) -> 24408.72 | N29: =VLOOKUP($A29&$B29&N$9,Base,9,FALSE) -> 0 | O29: =VLOOKUP($A29&$B29&O$9,Base,9,FALSE) -> 48817.44 | P29: =VLOOKUP($A29&$B29&P$9,Base,9,FALSE) -> 0 | ... S29: =VLOOKUP($A29&$B29&S$9,Base,9,FALSE) -> 0 | T29: =SUM(H29:S29) -> 170861.04
A30: 380200 | B30: 85905 | C30: Ciudad Juarez | D30: Boulevard Oscar Flores Sánchez Nº. 2250, Ciudad Juarez | E30: TIENDA Nº. 97 | F30: =SUM(H30:S30) -> 810440.64 | G30: Asignado | I30: =VLOOKUP($A30&$B30&I$9,Base,8,FALSE) -> 0 | J30: =VLOOKUP($A30&$B30&J$9,Base,8,FALSE) -> 0 | K30: =VLOOKUP($A30&$B30&K$9,Base,8,FALSE) -> 0 | L30: =VLOOKUP($A30&$B30&L$9,Base,8,FALSE) -> 0 | M30: =VLOOKUP($A30&$B30&M$9,Base,8,FALSE) -> 337683.6 | N30: =VLOOKUP($A30&$B30&N$9,Base,8,FALSE) -> 0 | O30: =VLOOKUP($A30&$B30&O$9,Base,8,FALSE) -> 0 | P30: =VLOOKUP($A30&$B30&P$9,Base,8,FALSE) -> 0 | ... S30: =VLOOKUP($A30&$B30&S$9,Base,8,FALSE) -> 135070.64 | T30: =SUM($H30:(OFFSET($H30,0,AVANCE060826!$T$2))) -> 607833 | U30: Pagado al mes de mayo.
A31: 380200 | B31: 85905 | G31: Ejercido | I31: =VLOOKUP($A31&$B31&I$9,Base,9,FALSE) -> 0 | J31: =VLOOKUP($A31&$B31&J$9,Base,9,FALSE) -> 0 | K31: =VLOOKUP($A31&$B31&K$9,Base,9,FALSE) -> 0 | L31: =VLOOKUP($A31&$B31&L$9,Base,9,FALSE) -> 0 | M31: =VLOOKUP($A31&$B31&M$9,Base,9,FALSE) -> 337683.6 | N31: =VLOOKUP($A31&$B31&N$9,Base,9,FALSE) -> 0 | O31: =VLOOKUP($A31&$B31&O$9,Base,9,FALSE) -> 0 | P31: =VLOOKUP($A31&$B31&P$9,Base,9,FALSE) -> 0 | ... S31: =VLOOKUP($A31&$B31&S$9,Base,9,FALSE) -> 0 | T31: =SUM(H31:S31) -> 337683.6
A32: 150900 | B32: 88001 | C32: Chihuahua | D32: Calle General Rosalio Hernandez Nº. 21 y Ferrocarriles Nacionales de México, Chihuahua | E32: ALM.DELEGACIONAL (BIENES NO TERAPEUTICOS) | F32: =SUM(H32:S32) -> 588036.48 | G32: Asignado | H32: 49003.04 | I32: 49003.04 | J32: 49003.04 | K32: 49003.04 | L32: 49003.04 | M32: 49003.04 | N32: 49003.04 | O32: 49003.04 | P32: 49003.04 | Q32: 49003.04 | R32: 49003.04 | S32: 49003.04 | T32: =SUM($H32:(OFFSET($H32,0,AVANCE060826!$T$2))) -> 490030.4 | U32: Pagado al mes de junio.
A33: 150900 | B33: 88001 | G33: Ejercido | K33: 183670.92 | M33: 122447.28 | O33: 49001.86 | P33: 122447.28 | T33: =SUM(H33:S33) -> 477567.34
A34: 150900 | B34: 88001 | C34: Chihuahua | D34: Calle Privada Santa Rosa Nºs. 21 y 23, Chihuahua | E34: ALM.DELEGACIONAL (BIENES TERAPEUTICOS) | F34: =SUM(H34:S34) -> 1246797 | G34: Asignado | H34: 103899.75 | I34: 103899.75 | J34: 103899.75 | K34: 103899.75 | L34: 103899.75 | M34: 103899.75 | N34: 103899.75 | O34: 103899.75 | P34: 103899.75 | Q34: 103899.75 | R34: 103899.75 | S34: 103899.75 | T34: =SUM($H34:(OFFSET($H34,0,AVANCE060826!$T$2))) -> 1038997.5 | U34: Pagado al mes de junio.
A35: 150900 | B35: 88001 | G35: Ejercido | K35: 183670.92 | M35: 122447.28 | O35: 103899.75 | P35: 122447.28 | T35: =SUM($H35:(OFFSET($H35,0,AVANCE060826!$T$2))) -> 532465.23
A36: 920201 | B36: 88002 | C36: Chihuahua | D36: Calle 53 A N°. 5 Colonia Arquitectos, Chihuahua | E36: BODEGA DE BIENES EMBARGADOS | F36: =SUM(H36:S36) -> 337536 | G36: Asignado | I36: =VLOOKUP($A36&$B36&I$9,Base,8,FALSE) -> 0 | J36: =VLOOKUP($A36&$B36&J$9,Base,8,FALSE) -> 0 | K36: =VLOOKUP($A36&$B36&K$9,Base,8,FALSE) -> 72743.97 | L36: =VLOOKUP($A36&$B36&L$9,Base,8,FALSE) -> 0 | M36: =VLOOKUP($A36&$B36&M$9,Base,8,FALSE) -> 48495.98 | N36: =VLOOKUP($A36&$B36&N$9,Base,8,FALSE) -> 24247.99 | O36: =VLOOKUP($A36&$B36&O$9,Base,8,FALSE) -> 24247.99 | P36: =VLOOKUP($A36&$B36&P$9,Base,8,FALSE) -> 24247.99 | ... S36: =VLOOKUP($A36&$B36&S$9,Base,8,FALSE) -> 56256 | T36: =SUM($H36:(OFFSET($H36,0,AVANCE060826!$T$2))) -> 253152 | U36: Pago al mes de abril.
A37: 920201 | B37: 88002 | G37: Ejercido | I37: =VLOOKUP($A37&$B37&I$9,Base,9,FALSE) -> 0 | J37: =VLOOKUP($A37&$B37&J$9,Base,9,FALSE) -> 0 | K37: =VLOOKUP($A37&$B37&K$9,Base,9,FALSE) -> 72743.97 | L37: =VLOOKUP($A37&$B37&L$9,Base,9,FALSE) -> 0 | M37: =VLOOKUP($A37&$B37&M$9,Base,9,FALSE) -> 48495.98 | N37: =VLOOKUP($A37&$B37&N$9,Base,9,FALSE) -> 24247.99 | O37: =VLOOKUP($A37&$B37&O$9,Base,9,FALSE) -> 24247.99 | P37: =VLOOKUP($A37&$B37&P$9,Base,9,FALSE) -> 24247.99 | ... S37: =VLOOKUP($A37&$B37&S$9,Base,9,FALSE) -> 0 | T37: =SUM(H37:S37) -> 193983.92
A38: 920110 | B38: 89105 | C38: Ciudad Juárez | D38: Calle Sierra Mohinora Nº. 6011, Fraccionamiento La Cuesta, Ciudad Juárez | E38: BODEGA DE BIENES EMBARGADOS | F38: =SUM(H38:S38) -> 371472 | G38: Asignado | I38: =VLOOKUP($A38&$B38&I$9,Base,8,FALSE) -> 0 | J38: =VLOOKUP($A38&$B38&J$9,Base,8,FALSE) -> 0 | K38: =VLOOKUP($A38&$B38&K$9,Base,8,FALSE) -> 0 | L38: =VLOOKUP($A38&$B38&L$9,Base,8,FALSE) -> 123818.76 | M38: =VLOOKUP($A38&$B38&M$9,Base,8,FALSE) -> 30954.69 | N38: =VLOOKUP($A38&$B38&N$9,Base,8,FALSE) -> 30954.69 | O38: =VLOOKUP($A38&$B38&O$9,Base,8,FALSE) -> 30954.69 | P38: =VLOOKUP($A38&$B38&P$9,Base,8,FALSE) -> 30954.69 | ... S38: =VLOOKUP($A38&$B38&S$9,Base,8,FALSE) -> 61912 | T38: =SUM($H38:(OFFSET($H38,0,AVANCE060826!$T$2))) -> 278604 | U38: Pagado al mes de junio.
A39: 920110 | B39: 89105 | G39: Ejercido | I39: =VLOOKUP($A39&$B39&I$9,Base,9,FALSE) -> 0 | J39: =VLOOKUP($A39&$B39&J$9,Base,9,FALSE) -> 0 | K39: =VLOOKUP($A39&$B39&K$9,Base,9,FALSE) -> 0 | L39: =VLOOKUP($A39&$B39&L$9,Base,9,FALSE) -> 123818.76 | M39: =VLOOKUP($A39&$B39&M$9,Base,9,FALSE) -> 30954.69 | N39: =VLOOKUP($A39&$B39&N$9,Base,9,FALSE) -> 30954.69 | O39: =VLOOKUP($A39&$B39&O$9,Base,9,FALSE) -> 30954.69 | P39: =VLOOKUP($A39&$B39&P$9,Base,9,FALSE) -> 30954.69 | ... S39: =VLOOKUP($A39&$B39&S$9,Base,9,FALSE) -> 0 | T39: =SUM(H39:S39) -> 278592.21
A40: 150900 | B40: 88001 | C40: Chihuahua | D40: Calle Privada Santa Rosa Nº 19, Chihuahua | E40: COORDINACIÓN DE ABASTECIMIENTO | F40: =SUM(H40:S40) -> 369231.72 | G40: Asignado | H40: 30769.31 | I40: 30769.31 | J40: 30769.31 | K40: 30769.31 | L40: 30769.31 | M40: 30769.31 | N40: 30769.31 | O40: 30769.31 | P40: 30769.31 | Q40: 30769.31 | R40: 30769.31 | S40: 30769.31 | T40: =SUM($H40:(OFFSET($H40,0,AVANCE060826!$T$2))) -> 307693.1 | U40: Pagado al mes de junio.
A41: 150900 | B41: 88001 | G41: Ejercido | K41: 183670.92 | M41: 122447.28 | O41: 30769.31 | P41: 122447.28 | T41: =SUM(H41:S41) -> 459334.79
A42: 73110 | B42: 89303 | C42: Ciudad Delicias | D42: Av. Morelos No. 654 Altos Col. Centro C.P 31500 | E42: Oficinas Administrativas EMS | F42: =SUM(H42:S42) -> 0 | G42: Asignado | I42: =VLOOKUP($A42&$B42&I$9,Base,8,FALSE) -> 0 | J42: =VLOOKUP($A42&$B42&J$9,Base,8,FALSE) -> 0 | K42: =VLOOKUP($A42&$B42&K$9,Base,8,FALSE) -> 0 | L42: =VLOOKUP($A42&$B42&L$9,Base,8,FALSE) -> 0 | M42: =VLOOKUP($A42&$B42&M$9,Base,8,FALSE) -> 0 | N42: =VLOOKUP($A42&$B42&N$9,Base,8,FALSE) -> 0 | O42: =VLOOKUP($A42&$B42&O$9,Base,8,FALSE) -> 0 | P42: =VLOOKUP($A42&$B42&P$9,Base,8,FALSE) -> 0 | ... S42: =VLOOKUP($A42&$B42&S$9,Base,8,FALSE) -> 0 | T42: =SUM(H42:S42) -> 0 | U42: No se han realizado pagos
A43: 73110 | B43: 89303 | G43: Ejercido | I43: =VLOOKUP($A43&$B43&I$9,Base,9,FALSE) -> 0 | J43: =VLOOKUP($A43&$B43&J$9,Base,9,FALSE) -> 0 | K43: =VLOOKUP($A43&$B43&K$9,Base,9,FALSE) -> 0 | L43: =VLOOKUP($A43&$B43&L$9,Base,9,FALSE) -> 0 | M43: =VLOOKUP($A43&$B43&M$9,Base,9,FALSE) -> 0 | N43: =VLOOKUP($A43&$B43&N$9,Base,9,FALSE) -> 0 | O43: =VLOOKUP($A43&$B43&O$9,Base,9,FALSE) -> 0 | P43: =VLOOKUP($A43&$B43&P$9,Base,9,FALSE) -> 0 | ... S43: =VLOOKUP($A43&$B43&S$9,Base,9,FALSE) -> 0 | T43: =SUM(H43:S43) -> 0
A44: 15 | C44: =COUNT(#REF!) -> 0 | F44: =SUM(F12:F42) -> 6820797.8 | G44: Asignado | H44: =+H42+H40+H38+H36+H34+H32+H30+H28+H26+H24+H22+H20+H18+H16+H14+H12 -> 183672.1 | I44: =+I42+I40+I38+I36+I34+I32+I30+I28+I26+I24+I22+I20+I18+I16+I14+I12 -> 387792.1 | J44: =+J42+J40+J38+J36+J34+J32+J30+J28+J26+J24+J22+J20+J18+J16+J14+J12 -> 347575.43 | K44: =+K42+K40+K38+K36+K34+K32+K30+K28+K26+K24+K22+K20+K18+K16+K14+K12 -> 477113.48 | L44: =+L42+L40+L38+L36+L34+L32+L30+L28+L26+L24+L22+L20+L18+L16+L14+L12 -> 626869 | M44: =+M42+M40+M38+M36+M34+M32+M30+M28+M26+M24+M22+M20+M18+M16+M14+M12 -> 865323.75 | N44: =+N42+N40+N38+N36+N34+N32+N30+N28+N26+N24+N22+N20+N18+N16+N14+N12 -> 586195.22 | O44: =+O42+O40+O38+O36+O34+O32+O30+O28+O26+O24+O22+O20+O18+O16+O14+O12 -> 595603.76 | ... S44: =+S42+S40+S38+S36+S34+S32+S30+S28+S26+S24+S22+S20+S18+S16+S14+S12 -> 851064.74 | T44: =SUM(H44:S44) -> 6820797.8
G45: Ejercido | H45: =+H43+H41+H39+H37+H35+H33+H31+H29+H27+H25+H23+H21+H17+H19+H15+H13 -> 0 | I45: =+I43+I41+I39+I37+I35+I33+I31+I29+I27+I25+I23+I21+I17+I19+I15+I13 -> 204120 | J45: =+J43+J41+J39+J37+J35+J33+J31+J29+J27+J25+J23+J21+J17+J19+J15+J13 -> 163903.33 | K45: =+K43+K41+K39+K37+K35+K33+K31+K29+K27+K25+K23+K21+K17+K19+K15+K13 -> 844454.14 | L45: =+L43+L41+L39+L37+L35+L33+L31+L29+L27+L25+L23+L21+L17+L19+L15+L13 -> 443196.9 | M45: =+M43+M41+M39+M37+M35+M33+M31+M29+M27+M25+M23+M21+M17+M19+M15+M13 -> 1048993.5 | N45: =+N43+N41+N39+N37+N35+N33+N31+N29+N27+N25+N23+N21+N17+N19+N15+N13 -> 402523.12 | O45: =+O43+O41+O39+O37+O35+O33+O31+O29+O27+O25+O23+O21+O17+O19+O15+O13 -> 595602.58 | ... S45: =+S43+S41+S39+S37+S35+S33+S31+S29+S27+S25+S23+S21+S17+S19+S15+S13 -> 0 | T45: =SUM(H45:S45) -> 4418722.7

Sheet NC
D1: INSTITUTO MEXICANO DEL SEGURO SOCIAL
D2: DIRECCIÓN DE ADMINISTRACIÓN
D3: UNIDAD DE ADMINISTRACIÓN
D4: COORDINACIÓN DE CONSERVACIÓN Y SERVICIOS GENERALES
D5: COORDINACIÓN TÉCNICA DE ADMINISTRACIÓN DE ACTIVOS
D6: DIVISIÓN DE ARRENDAMIENTO Y COMERCIALIZACIÓN
D7: EJERCICIO 2026
D8: OOAD : | E8: NIVEL CENTRAL
A10: CLAV E PREI | C10: UNIDAD | D10: DIRECCIÓN | E10: DESTINO | F10: ASIGNADO ANUAL | G10: Renta Mensual | H10: PRESUPUESTO AL PERIODO | J10: VARIACIÓN | L10: AVANCE % | M10: OBSERVACIONES
A11: U.I. | B11: C.C. | H11: CALENDARIZADO (1) | I11: EJERCIDO (2) | J11: IMPORTE 3=(1-2) | K11: % 4=(3/1)*100
A12: 099001 | B12: 14D000 | D12: Calle Tiburcio Montiel N° 15, Colonia San Miguel Chapultepec, Ciudad de México | E12: Oficinas Administrativas | F12: =NC_Calendario!F13 -> 26125930 | G12: =F12/12 -> 2177160.8 | H12: =NC_Calendario!T13 -> 21771608 | I12: =NC_Calendario!T14 -> 17417286 | J12: =H12-I12 -> 4354321.6 | K12: =+J12/H12*100 -> 20 | L12: =+I12/H12*100 -> 80 | M12: Registra pagos al mes de agosto.
A13: 099001 | B13: 14D000 | D13: Río Hudson N°6, esquina Río Pánuco N° 224, Colonia Cuauhtémoc, Delegación Cuauhtémoc, Ciudad de México | E13: Oficinas Administrativas | F13: =NC_Calendario!F15 -> 12026880 | G13: =F13/12 -> 1002240 | H13: =NC_Calendario!T15 -> 10022400 | I13: =NC_Calendario!T16 -> 8017920 | J13: =H13-I13 -> 2004480 | K13: =+J13/H13*100 -> 20 | L13: =+I13/H13*100 -> 80 | M13: Registra pagos al mes de agosto.
A14: 099001 | B14: 14D000 | D14: Calle Hamburgo N° 18, Colonia Juárez, Delegación Cuauhtémoc, Ciudad de México | E14: Oficinas Administrativas | F14: =NC_Calendario!F17 -> 7811493.4 | G14: 650957.78 | H14: =NC_Calendario!T17 -> 6509577.8 | I14: =NC_Calendario!T18 -> 5207654.9 | J14: =H14-I14 -> 1301922.9 | K14: =+J14/H14*100 -> 20.000113 | L14: =+I14/H14*100 -> 79.999887 | M14: Registra pagos al mes de agosto.
A15: 099001 | B15: 14D000 | D15: Avenida Revolución No.1586, Colonia San Ángel, Delegación Álvaro Obregón, Ciudad de México | E15: Oficinas Administrativas OIC | F15: =NC_Calendario!F19 -> 19682880 | G15: 1640240 | H15: =NC_Calendario!T19 -> 16402400 | I15: =NC_Calendario!T20 -> 14399995 | J15: =H15-I15 -> 2002405 | K15: =+J15/H15*100 -> 12.208 | L15: =+I15/H15*100 -> 87.792 | M15: Registra pagos al mes de agosto.
A16: 099001 | B16: 14D000 | D16: Calle Hamburgo N° 64, Colonia Juárez, Delegación Cuauhtémoc, Ciudad de México | E16: Oficinas Administrativas | F16: =NC_Calendario!F21 -> 28155510 | G16: =+[36]NC!$G$20 -> 2346292.5 | H16: =NC_Calendario!T21 -> 23462925 | I16: =NC_Calendario!T22 -> 18770340 | J16: =H16-I16 -> 4692585.6 | K16: =+J16/H16*100 -> 20.000002 | L16: =+I16/H16*100 -> 79.999998 | M16: Registra pagos al mes de agosto.
A17: 099001 | B17: 14D000 | D17: Calle Cozumel N° 43, Colonia Roma Norte, Delegación Cuauhtémoc, Ciudad de México | E17: Oficinas Administrativas | F17: =NC_Calendario!F23 -> 18029493 | G17: =1295222.2*1.16 -> 1502457.8 | H17: =NC_Calendario!T23 -> 15024578 | I17: =NC_Calendario!T24 -> 12019660 | J17: =H17-I17 -> 3004917.4 | K17: =+J17/H17*100 -> 20.000012 | L17: =+I17/H17*100 -> 79.999988 | M17: Registra pagos al mes de agosto.
A18: 099001 | B18: 14D000 | D18: Calle Havre No. 7 Col. Juárez, Alcaldía Cuauhtémoc | E18: Oficinas Administrativas | F18: =NC_Calendario!F25 -> 21418309 | G18: =F18/12 -> 1784859.1 | H18: =NC_Calendario!T25 -> 16485894 | I18: =NC_Calendario!T26 -> 9070489.9 | J18: =H18-I18 -> 7415404.6 | K18: =+J18/H18*100 -> 44.980299 | L18: =+I18/H18*100 -> 55.019701 | M18: Registra pagos al mes de julio.
D19: Provisionamientos | F19: =NC_Calendario!F32 -> 27451033 | G19: 0 | H19: =NC_Calendario!T32 -> 14882892 | I19: 0 | J19: =H19-I19 -> 14882892 | M19: No registra pagos en el periodo.
B20: 7 | C20: =COUNT(#REF!) -> 0 | F20: =SUM(F12:F19) -> 1.6070153e+08 | G20: =SUM(G12:G19) -> 11104208 | H20: =SUM(H12:H19) -> 1.2456228e+08 | I20: =SUM(I12:I18) -> 84903346 | J20: =H20-I20 -> 39658929 | K20: =+J20/H20*100 -> 31.838636 | L20: =+I20/H20*100 -> 68.161364
D25: Calle Havre No. 7 Col. Juárez, Alcaldía Cuauhtémoc

Sheet NC_Calendario
D1: INSTITUTO MEXICANO DEL SEGURO SOCIAL
D2: DIRECCIÓN DE ADMINISTRACIÓN
D3: UNIDAD DE ADMINISTRACIÓN
D4: COORDINACIÓN DE CONSERVACIÓN Y SERVICIOS GENERALES
D5: COORDINACIÓN TÉCNICA DE ADMINISTRACIÓN DE ACTIVOS
D6: DIVISIÓN DE ARRENDAMIENTO Y COMERCIALIZACIÓN
D7: EJERCICIO 2026
D8: OOAD : | E8: NIVEL CENTRAL
H10: 2026M01 | I10: 2026M02 | J10: 2026M03 | K10: 2026M04 | L10: 2026M05 | M10: 2026M06 | N10: 2026M07 | O10: 2026M08 | P10: 2026M09 | Q10: 2026M10 | R10: 2026M11 | S10: 2026M12
B11: CLAV E PREI | C11: UNIDAD | D11: DIRECCIÓN | E11: DESTINO | F11: ASIGNADO ANUAL | G11: Renta Mensual | H11: Enero | I11: Febrero | J11: Marzo | K11: Abril | L11: Mayo | M11: Junio | N11: Julio | O11: Agosto | P11: Septiembre | Q11: Octubre | R11: Noviembre | S11: Diciembre | T11: Total | U11: OBSERVACIONES
A12: C.C. | B12: U.I.
A13: 14D000 | B13: 99001 | D13: Calle Tiburcio Montiel N° 15, Colonia San Miguel Chapultepec, Ciudad de México | E13: Oficinas Adminsitrativas | F13: =2177160.8*12 -> 26125930 | G13: =+F13/12 -> 2177160.8 | H13: =G$13 -> 2177160.8 | I13: =H$13 -> 2177160.8 | J13: =I$13 -> 2177160.8 | K13: =J$13 -> 2177160.8 | L13: =K$13 -> 2177160.8 | M13: =L$13 -> 2177160.8 | N13: =M$13 -> 2177160.8 | O13: =N$13 -> 2177160.8 | ... S13: =R$13 -> 2177160.8 | T13: =SUM($H13:(OFFSET($H13,0,AVANCE060826!$T$2))) -> 21771608
I14: 2177160.8 | J14: 2177160.8 | K14: 2177160.8 | L14: 2177160.8 | M14: 2177160.8 | N14: 2177160.8 | O14: 2177160.8 | P14: 2177160.8 | T14: =SUM(H14:S14) -> 17417286
A15: 14D000 | B15: 99001 | D15: Río Hudson N°6 esquina Río Pánuco N° 224, Colonia Cuauhtémoc, Delegación Cuauhtémoc, Ciudad de México | E15: Oficinas Adminsitrativas | F15: =+H15*12 -> 12026880 | G15: =864000*1.16 -> 1002240 | H15: =$G15 -> 1002240 | I15: =$G15 -> 1002240 | J15: =$G15 -> 1002240 | K15: =$G15 -> 1002240 | L15: =$G15 -> 1002240 | M15: =$G15 -> 1002240 | N15: =$G15 -> 1002240 | O15: =$G15 -> 1002240 | ... S15: =$G15 -> 1002240 | T15: =SUM($H15:(OFFSET($H15,0,AVANCE060826!$T$2))) -> 10022400
I16: =864000*1.16 -> 1002240 | J16: =864000*1.16 -> 1002240 | K16: =864000*1.16 -> 1002240 | L16: =864000*1.16 -> 1002240 | M16: =864000*1.16 -> 1002240 | N16: =864000*1.16 -> 1002240 | O16: =864000*1.16 -> 1002240 | P16: =864000*1.16 -> 1002240 | T16: =SUM(H16:S16) -> 8017920
A17: 14D000 | B17: 99001 | D17: Calle Hamburgo N° 18, Colonia Juárez, Delegación Cuauhtémoc, Ciudad de México | E17: Oficinas Adminsitrativas | F17: =+H17*12 -> 7811493.4 | G17: =561170.5*1.16 -> 650957.78 | H17: =$G17 -> 650957.78 | I17: =$G17 -> 650957.78 | J17: =$G17 -> 650957.78 | K17: =$G17 -> 650957.78 | L17: =$G17 -> 650957.78 | M17: =$G17 -> 650957.78 | N17: =$G17 -> 650957.78 | O17: =$G17 -> 650957.78 | ... S17: =$G17 -> 650957.78 | T17: =SUM($H17:(OFFSET($H17,0,AVANCE060826!$T$2))) -> 6509577.8
I18: 650957.78 | J18: 650957.78 | K18: 650957.78 | L18: 650957.78 | M18: 650957.78 | N18: =650955.32 -> 650955.32 | O18: 650955.32 | P18: 650955.32 | T18: =SUM(H18:S18) -> 5207654.9
A19: 14D000 | B19: 99001 | D19: Avenida Revolución No.1586, Colonia San Ángel, Delegación Álvaro Obregón, Ciudad de México | E19: Oficinas Adminsitrativas OIC | F19: =+G19*12 -> 19682880 | G19: =1414000*1.16 -> 1640240 | H19: =$G19 -> 1640240 | I19: =$G19 -> 1640240 | J19: =$G19 -> 1640240 | K19: =$G19 -> 1640240 | L19: =$G19 -> 1640240 | M19: =$G19 -> 1640240 | N19: =$G19 -> 1640240 | O19: =$G19 -> 1640240 | ... S19: =$G19 -> 1640240 | T19: =SUM($H19:(OFFSET($H19,0,AVANCE060826!$T$2))) -> 16402400
I20: =1551723.6*1.16 -> 1799999.4 | J20: =1551723.6*1.16 -> 1799999.4 | K20: =1551723.6*1.16 -> 1799999.4 | L20: =1551723.6*1.16 -> 1799999.4 | M20: =1551723.6*1.16 -> 1799999.4 | N20: 1799999.4 | O20: 1799999.4 | P20: 1799999.4 | T20: =SUM(H20:S20) -> 14399995
A21: 14D000 | B21: 99001 | D21: Calle Hamburgo N° 64, Colonia Juárez, Delegación Cuauhtémoc, Ciudad de México | E21: Oficinas Adminsitrativas | F21: =+G21*12 -> 28155510 | G21: =2022665.98*1.16 -> 2346292.5 | H21: =$G21 -> 2346292.5 | I21: =$G21 -> 2346292.5 | J21: =$G21 -> 2346292.5 | K21: =$G21 -> 2346292.5 | L21: =$G21 -> 2346292.5 | M21: =$G21 -> 2346292.5 | N21: =$G21 -> 2346292.5 | O21: =$G21 -> 2346292.5 | ... S21: =$G21 -> 2346292.5 | T21: =SUM($H21:(OFFSET($H21,0,AVANCE060826!$T$2))) -> 23462925
J22: =2346292.28*2 -> 4692584.6 | K22: 2346292.5 | L22: 2346292.5 | M22: 2346292.5 | N22: 2346292.5 | O22: 2346292.5 | P22: 2346292.5 | T22: =SUM(H22:S22) -> 18770340
A23: 14D000 | B23: 99001 | D23: Calle Cozumel N° 43, Colonia Roma Norte, Delegación Cuauhtémoc, Ciudad de México | E23: Oficinas Adminsitrativas | F23: =+G23*12 -> 18029493 | G23: =1295222.2*1.16 -> 1502457.8 | H23: =$G23 -> 1502457.8 | I23: =$G23 -> 1502457.8 | J23: =$G23 -> 1502457.8 | K23: =$G23 -> 1502457.8 | L23: =$G23 -> 1502457.8 | M23: =$G23 -> 1502457.8 | N23: =$G23 -> 1502457.8 | O23: =$G23 -> 1502457.8 | ... S23: =$G23 -> 1502457.8 | T23: =SUM($H23:(OFFSET($H23,0,AVANCE060826!$T$2))) -> 15024578
A24: 14D000 | B24: 99001 | I24: =1295222.2*1.16-0.37 -> 1502457.4 | J24: =1295222.2*1.16-0.38 -> 1502457.4 | K24: =1295222.2*1.16-0.38 -> 1502457.4 | L24: =1295222.2*1.16-0.38 -> 1502457.4 | M24: =1295222.2*1.16-0.36 -> 1502457.4 | N24: =1295222.2*1.16 -> 1502457.8 | O24: 1502457.8 | P24: 1502457.8 | T24: =SUM(H24:S24) -> 12019660
A25: 70000 | B25: 09P901 | D25: Calle Havre No. 7 Col. Juárez, Alcaldía Cuauhtémoc | E25: Unidad del programa IMSS- Bienestar | F25: 21418309 | G25: 1648589.4 | H25: =$G25 -> 1648589.4 | I25: =$G25 -> 1648589.4 | J25: =$G25 -> 1648589.4 | K25: =$G25 -> 1648589.4 | L25: =$G25 -> 1648589.4 | M25: =$G25 -> 1648589.4 | N25: =$G25 -> 1648589.4 | O25: =$G25 -> 1648589.4 | ... S25: =$G25 -> 1648589.4 | T25: =SUM($H25:(OFFSET($H25,0,AVANCE060826!$T$2))) -> 16485894
A26: 70000 | B26: 09P901 | I26: =VLOOKUP($A26&$B26&I$10,Base,9,FALSE) -> 1133811.2 | J26: =VLOOKUP($A26&$B26&J$10,Base,9,FALSE) -> 1133811.2 | K26: =VLOOKUP($A26&$B26&K$10,Base,9,FALSE) -> 1133811.2 | L26: =VLOOKUP($A26&$B26&L$10,Base,9,FALSE) -> 1133811.2 | M26: =VLOOKUP($A26&$B26&M$10,Base,9,FALSE) -> 1133811.2 | N26: =VLOOKUP($A26&$B26&N$10,Base,9,FALSE) -> 1133811.2 | O26: =VLOOKUP($A26&$B26&O$10,Base,9,FALSE) -> 1133811.2 | P26: =VLOOKUP($A26&$B26&P$10,Base,9,FALSE) -> 1133811.2 | T26: =SUM(H26:S26) -> 9070489.9
C27: =COUNT(#REF!) -> 0 | E27: Total arrendamientos | F27: =SUM(F13:F26) -> 1.332505e+08 | G27: =+G25+G19+G17+G15+G13+G21+G23 -> 10967938 | H27: =+H25+H19+H17+H15+H13+H21+H23 -> 10967938 | I27: =+I25+I19+I17+I15+I13+I21+I23 -> 10967938 | J27: =+J25+J19+J17+J15+J13+J21+J23 -> 10967938 | K27: =+K25+K19+K17+K15+K13+K21+K23 -> 10967938 | L27: =+L25+L19+L17+L15+L13+L21+L23 -> 10967938 | M27: =+M25+M19+M17+M15+M13+M21+M23 -> 10967938 | N27: =+N25+N19+N17+N15+N13+N21+N23 -> 10967938 | ... T27: =+T25+T19+T17+T15+T13+T21+T23 -> 1.0967938e+08
G28: =+G26+G20+G18+G16+G14+G22+G24 -> 0 | H28: =+H26+H20+H18+H16+H14+H22+H24 -> 0 | I28: =+I26+I20+I18+I16+I14+I22+I24 -> 8266626.6 | J28: =+J26+J20+J18+J16+J14+J22+J24 -> 12959211 | K28: =+K26+K20+K18+K16+K14+K22+K24 -> 10612919 | L28: =++L14+L16+L18+L20+L22+L24+L26 -> 10612919 | M28: =+M26+M20+M18+M16+M14+M22+M24 -> 10612919 | N28: =+N26+N20+N18+N16+N14+N22+N24 -> 10612917 | O28: =+O26+O20+O18+O16+O14+O22+O24 -> 10612917 | P28: =+P26+P20+P18+P16+P14+P22+P24 -> 10612917 | Q28: =+Q26+Q20+Q18+Q16+Q14+Q22+Q24 -> 0 | R28: =+R26+R20+R18+R16+R14+R22+R24 -> 0 | S28: =+S26+S20+S18+S16+S14+S22+S24 -> 0 | T28: =+T26+T20+T18+T16+T14+T22+T24 -> 84903346
A29: 14D000 | B29: 99001 | E29: Total 14D000/99001 | F29: =SUM(H29:S29) -> 1.3612962e+08 | I29: =VLOOKUP($A29&$B29&I$10,Base,8,FALSE) -> 7132815.3 | J29: =VLOOKUP($A29&$B29&J$10,Base,8,FALSE) -> 11825400 | K29: =VLOOKUP($A29&$B29&K$10,Base,8,FALSE) -> 9479107.3 | L29: =VLOOKUP($A29&$B29&L$10,Base,8,FALSE) -> 9479107.9 | M29: =VLOOKUP($A29&$B29&M$10,Base,8,FALSE) -> 9479107.9 | N29: =VLOOKUP($A29&$B29&N$10,Base,8,FALSE) -> 9479106.3 | O29: =VLOOKUP($A29&$B29&O$10,Base,8,FALSE) -> 9479106.3 | P29: =VLOOKUP($A29&$B29&P$10,Base,8,FALSE) -> 9479106.3 | ... S29: =VLOOKUP($A29&$B29&S$10,Base,8,FALSE) -> 23854048
A30: 70000 | B30: 09P901 | E30: Total 70000/09P901 | F30: =SUM(H30:S30) -> 24571908 | H30: =VLOOKUP($A30&$B30&H$10,Base,8,FALSE) -> 0 | I30: =VLOOKUP($A30&$B30&I$10,Base,8,FALSE) -> 1133811.2 | J30: =VLOOKUP($A30&$B30&J$10,Base,8,FALSE) -> 1133811.2 | K30: =VLOOKUP($A30&$B30&K$10,Base,8,FALSE) -> 1133811.2 | L30: =VLOOKUP($A30&$B30&L$10,Base,8,FALSE) -> 1133811.2 | M30: =VLOOKUP($A30&$B30&M$10,Base,8,FALSE) -> 1133811.2 | N30: =VLOOKUP($A30&$B30&N$10,Base,8,FALSE) -> 1133811.2 | O30: =VLOOKUP($A30&$B30&O$10,Base,8,FALSE) -> 1133811.2 | ... S30: =VLOOKUP($A30&$B30&S$10,Base,8,FALSE) -> 536657
E31: Suma 14D000/99001 + 70000/09P901 | F31: =F29+F30 -> 1.6070153e+08 | H31: =SUM(H29:H30) -> 0 | I31: =SUM(I29:I30) -> 8266626.6 | J31: =SUM(J29:J30) -> 12959211 | K31: =SUM(K29:K30) -> 10612919 | L31: =SUM(L29:L30) -> 10612919 | M31: =SUM(M29:M30) -> 10612919 | N31: =SUM(N29:N30) -> 10612918 | O31: =SUM(O29:O30) -> 10612918 | ... S31: =SUM(S29:S30) -> 24390705 | T31: =SUM($H31:(OFFSET($H31,0,AVANCE060826!$T$2))) -> 1.2456228e+08
E32: Provisionamiento | F32: =(F29+F30)-F27 -> 27451033 | T32: =T31-T27 -> 14882892
E33: Total | F33: =F27+F32 -> 1.6070153e+08

Sheet DGO
D1: INSTITUTO MEXICANO DEL SEGURO SOCIAL
D2: DIRECCIÓN DE ADMINISTRACIÓN
D3: UNIDAD DE ADMINISTRACIÓN
D4: COORDINACIÓN DE CONSERVACIÓN Y SERVICIOS GENERALES
D5: COORDINACIÓN TÉCNICA DE ADMINISTRACIÓN DE ACTIVOS
D6: DIVISIÓN DE ARRENDAMIENTO Y COMERCIALIZACIÓN
D7: EJERCICIO 2026
D8: OOAD: | E8: DURANGO
A10: CLAV E PREI | C10: UNIDAD | D10: DIRECCIÓN | E10: DESTINO | F10: ASIGNADO ANUAL | G10: Renta Mensual | H10: PRESUPUESTO AL PERIODO | J10: VARIACIÓN | L10: AVANCE % | M10: OBSERVACIONES
A11: U.I. | B11: C.C. | H11: CALENDARIZADO (1) | I11: EJERCIDO (2) | J11: IMPORTE 3=(1-2) | K11: % 4=(3/1)*100
A12: 102416 | B12: 200200 | C12: Villa Unión | D12: Calle Morelos N°. 106, Colonia Refugio, Villa Unión | E12: UNIDAD DE MEDICINA FAMILIAR N°. 4* | F12: =DGO_Calendario!F13 -> 97440 | G12: =+F12/12 -> 8120 | H12: =DGO_Calendario!T13 -> 73080 | I12: =DGO_Calendario!T14 -> 73075.56 | J12: =H12-I12 -> 4.44 | K12: =+J12/H12*100 -> 0.0060755337 | L12: =+I12/H12*100 -> 99.993924 | M12: Registra pagos al mes de agosto
A13: 102406 | B13: 200200 | C13: Cuencame | D13: Calle Morelos N°. 416 Oriente, Colonia Centro, Cuencame | E13: UNIDAD DE MEDICINA FAMILIAR N°. 14 | F13: =DGO_Calendario!F15 -> 83520 | G13: 6960 | H13: =DGO_Calendario!T15 -> 71523 | I13: =DGO_Calendario!T16 -> 55680 | J13: =H13-I13 -> 15843 | K13: =+J13/H13*100 -> 22.150916 | L13: =+I13/H13*100 -> 77.849084 | M13: Registra pagos al mes de junio
A14: 102418 | B14: 200200 | C14: Nazas | D14: Avenida Allende No. 31, Nazas | E14: UNIDAD DE MEDICINA FAMILIAR NO. 48 | F14: =DGO_Calendario!F17 -> 97440 | G14: 8120 | H14: =DGO_Calendario!T17 -> 84240 | I14: =DGO_Calendario!T18 -> 64959.93 | J14: =H14-I14 -> 19280.07 | K14: =+J14/H14*100 -> 22.887073 | L14: =+I14/H14*100 -> 77.112927 | M14: Registra pagos al mes de agosto
A15: 102403 | B15: 200200 | C15: Durango | D15: Carretera al Mezquital, No. 219, Fraccionamiento Real del Mezquital | E15: UNIDAD DE MEDICINA FAMILIAR N°. 49 | F15: =DGO_Calendario!F19 -> 2502444 | G15: =+F15/12 -> 208537 | H15: =DGO_Calendario!T19 -> 1876833 | I15: =DGO_Calendario!T20 -> 1668288 | J15: =H15-I15 -> 208545 | K15: =+J15/H15*100 -> 11.111537 | L15: =+I15/H15*100 -> 88.888463 | M15: Registra pagos al mes de agosto
A16: 102419 | B16: 200200 | C16: Nombre de Dios | D16: Calle Leandro Fernandez S/N. Colonia en Nombre de Dios, Nombre de Dios | E16: UNIDAD DE MEDICINA FAMILIAR N°. 52* | F16: =DGO_Calendario!F21 -> 76560 | G16: =+F16/12 -> 6380 | H16: =DGO_Calendario!T21 -> 57420 | I16: =DGO_Calendario!T22 -> 57420 | J16: =H16-I16 -> 0 | K16: =+J16/H16*100 -> 0 | L16: =+I16/H16*100 -> 100 | M16: Registra pagos al mes de agosto
A17: 102416 | B17: 200201 | C17: Santa María del Oro | D17: Calle Juárez No. 77, Zona Centro, Santa María del Oro | E17: UNIDAD DE MEDICINA FAMILIAR N°. 47* | F17: =DGO_Calendario!F23 -> 208800 | G17: =+F17/12 -> 17400 | H17: =DGO_Calendario!T23 -> 156600 | I17: =DGO_Calendario!T24 -> 121799.91 | J17: =H17-I17 -> 34800.09 | K17: =+J17/H17*100 -> 22.22228 | L17: =+I17/H17*100 -> 77.77772 | M17: Registra pagos al mes de julio
A18: 100401 | B18: 200201 | C18: Pueblo Nuevo | D18: Domicilio Conocido, San Jerónimo, Colonia Centro, Pueblo Nuevo | E18: PUESTO DE ENFERMERÍA Nº. 77 | J18: =H18-I18 -> 0 | K18: =+J18/H18*100 -> #DIV/0! | L18: =+I18/H18*100 -> #DIV/0! | M18: No registra pagos en el periodo
A19: 105902 | B19: 380200 | C19: Gómez Palacio | D19: Avenida Miguel Hidalgo No. 110 Sur, Colonia Centro, C.P. 35000, Gómez Palacio, Durango | E19: TIENDA N°. 115 | F19: =DGO_Calendario!F27 -> 487212 | G19: =F19/12 -> 40601 | H19: =DGO_Calendario!T27 -> 365409 | I19: =DGO_Calendario!T28 -> 365399.74 | J19: =H19-I19 -> 9.26 | K19: =+J19/H19*100 -> 0.0025341467 | L19: =+I19/H19*100 -> 99.997466 | M19: Registra pagos al mes de agosto
A20: 109001 | B20: 050100 | C20: Durango | D20: Calle Juárez N° 104 Sur, Planta Baja, Mezzanine y Pisos 1°, 2° y 3º, Durango | E20: OFICINAS ADMINISTRATIVAS DELEGACIONALES | F20: =DGO_Calendario!F29 -> 3758400 | G20: =+F20/12 -> 313200 | H20: =DGO_Calendario!T29 -> 2852208 | I20: =DGO_Calendario!T30 -> 2505600 | J20: =H20-I20 -> 346608 | K20: =+J20/H20*100 -> 12.152269 | L20: =+I20/H20*100 -> 87.847731 | M20: Registra pagos al mes de agosto
A21: 109102 | B21: 900110 | C21: Gómez Palacio | D21: Calle Juárez N° 403 Oriente esquina con Allende Pisos 1º, 2º, 3º y 4º, Gómez Palacio | E21: OFICINAS ADMINISTRATIVAS SUBDELEGACIONALES | F21: =DGO_Calendario!F31 -> 0 | J21: =H21-I21 -> 0 | K21: =+J21/H21*100 -> #DIV/0! | L21: =+I21/H21*100 -> #DIV/0! | M21: No registra pagos en el periodo
A22: 109101 | B22: 900110 | C22: Durango | D22: Calle Bruno Martínez No. 379 norte, colonia Vicitoria de Durango Centro. | E22: OFICINAS ADMINISTRATIVAS SUBDELEGACIONALES | F22: =DGO_Calendario!F33 -> 3488491.2 | G22: =F22/12 -> 290707.6 | H22: =DGO_Calendario!T33 -> 2617650 | I22: =DGO_Calendario!T34 -> 2616368.5 | J22: =H22-I22 -> 1281.53 | K22: =+J22/H22*100 -> 0.048957271 | L22: =+I22/H22*100 -> 99.951043 | M22: Registra pagos al mes de agosto
A23: 108102 | B23: 140100 | C23: Gómez Palacio | D23: Calle Circuito Central N° 240, Parque Industrial Lagunero, Gómez Palacio | E23: BODEGA BIENES EMBARGADOS Y ARCHIVO | F23: =DGO_Calendario!F35 -> 0 | J23: =H23-I23 -> 0 | K23: =+J23/H23*100 -> #DIV/0! | L23: =+I23/H23*100 -> #DIV/0! | M23: No registra pagos en el periodo
A24: 108002 | B24: 150900 | D24: Calle Segunda de Selenio No. 139, Ciudad Industrial, en Durango, Durango | E24: ALMACEN | F24: =DGO_Calendario!F37 -> 5199236 | G24: =F24/12 -> 433269.67 | H24: =DGO_Calendario!T37 -> 3928414 | I24: =DGO_Calendario!T38 -> 3810752 | J24: =H24-I24 -> 117662.04 | K24: =+J24/H24*100 -> 2.9951538 | L24: =+I24/H24*100 -> 97.004846 | M24: Registra pagos al mes de julio
A25: 108102 | B25: 150904 | D25: Calle Libramiento Periferico Norte No.1675 nte, Col. Placido Domingo Ciudad Lerdo, en Durango, Durango | E25: BODEGA DE ARCHIVO DE CONCENTRACION, BIENES ADJUDICADOS Y DE BAJA | F25: =DGO_Calendario!F39 -> 1461705 | G25: 121808.75 | H25: =DGO_Calendario!T39 -> 1121544 | I25: =DGO_Calendario!T40 -> 1096278.6 | J25: =H25-I25 -> 25265.41 | K25: =+J25/H25*100 -> 2.2527346 | L25: =+I25/H25*100 -> 97.747265 | M25: Registra pagos al mes de agosto
A26: 108102 | B26: 150904 | D26: Calle Níspero No. 214, Fraccionamiento Campestre Jacarandas, C.P. 34106, Durango, Durango | E26: BODEGA DE ARCHIVO DE CONCENTRACION, BIENES ADJUDICADOS Y DE BAJA | F26: =DGO_Calendario!F41 -> 1350240 | G26: =+F26/12 -> 112520 | H26: =DGO_Calendario!T41 -> 1012680 | I26: =DGO_Calendario!T42 -> 1012679.5 | J26: =H26-I26 -> 0.54 | K26: =+J26/H26*100 -> 5.3323854e-05 | L26: =+I26/H26*100 -> 99.999947 | M26: Registra pagos al mes de agosto
B27: 12 | C27: =COUNT(#REF!) -> 0 | F27: =SUM(F12:F26) -> 18811488 | G27: =SUM(G12:G26) -> 1567624 | H27: =SUM(H12:H26) -> 14217601 | I27: =SUM(I12:I26) -> 13448302 | J27: =H27-I27 -> 769299.38 | K27: =+J27/H27*100 -> 5.4108944 | L27: =+I27/H27*100 -> 94.589106

Sheet DGO_Calendario
F1: INSTITUTO MEXICANO DEL SEGURO SOCIAL
F2: DIRECCIÓN DE ADMINISTRACIÓN
F3: UNIDAD DE ADMINISTRACIÓN
F4: COORDINACIÓN DE CONSERVACIÓN Y SERVICIOS GENERALES
F5: COORDINACIÓN TÉCNICA DE ADMINISTRACIÓN DE ACTIVOS
F6: DIVISIÓN DE ARRENDAMIENTO Y COMERCIALIZACIÓN
D7: EJERCICIO 2026
D8: OOAD: | E8: DURANGO
I10: 2026M02 | J10: 2026M03 | K10: 2026M04 | L10: 2026M05 | M10: 2026M06 | N10: 2026M07 | O10: 2026M08 | P10: 2026M09 | Q10: 2026M10 | R10: 2026M11 | S10: 2026M12
B11: CLAV E PREI | C11: UNIDAD | D11: DIRECCIÓN | E11: DESTINO | F11: ASIGNADO ANUAL | G11: Renta Mensual | H11: Enero | I11: Febrero | J11: Marzo | K11: Abril | L11: Mayo | M11: Junio | N11: Julio | O11: Agosto | P11: Septiembre | Q11: Octubre | R11: Noviembre | S11: Diciembre | U11: OBSERVACIONES
A12: C.C. | B12: U.I. | T12: Total
A13: 200200 | B13: 102416 | C13: Villa Unión | D13: Calle Morelos N°. 106, Colonia Refugio, Villa Unión | E13: UNIDAD DE MEDICINA FAMILIAR N°. 4* | F13: =SUM(H13:S13) -> 97440 | G13: =+F13/12 -> 8120 | I13: =VLOOKUP($A13&$B13&I$10,Base,8,FALSE) -> 0 | J13: =VLOOKUP($A13&$B13&J$10,Base,8,FALSE) -> 0 | K13: =VLOOKUP($A13&$B13&K$10,Base,8,FALSE) -> 0 | L13: =VLOOKUP($A13&$B13&L$10,Base,8,FALSE) -> 32479.95 | M13: =VLOOKUP($A13&$B13&M$10,Base,8,FALSE) -> 0 | N13: =VLOOKUP($A13&$B13&N$10,Base,8,FALSE) -> 16238.94 | O13: =VLOOKUP($A13&$B13&O$10,Base,8,FALSE) -> 8118.89 | P13: =VLOOKUP($A13&$B13&P$10,Base,8,FALSE) -> 8118.89 | ... S13: =VLOOKUP($A13&$B13&S$10,Base,8,FALSE) -> 16240 | T13: =SUM($H13:(OFFSET($H13,0,AVANCE060826!$T$2))) -> 73080
A14: 200200 | B14: 102416 | I14: =VLOOKUP($A14&$B14&I$10,Base,9,FALSE) -> 0 | J14: =VLOOKUP($A14&$B14&J$10,Base,9,FALSE) -> 0 | K14: =VLOOKUP($A14&$B14&K$10,Base,9,FALSE) -> 0 | L14: =VLOOKUP($A14&$B14&L$10,Base,9,FALSE) -> 32479.95 | M14: =VLOOKUP($A14&$B14&M$10,Base,9,FALSE) -> 0 | N14: =VLOOKUP($A14&$B14&N$10,Base,9,FALSE) -> 16238.94 | O14: =VLOOKUP($A14&$B14&O$10,Base,9,FALSE) -> 8118.89 | P14: =VLOOKUP($A14&$B14&P$10,Base,9,FALSE) -> 8118.89 | ... S14: =VLOOKUP($A14&$B14&S$10,Base,9,FALSE) -> 0 | T14: =SUM(H14:S14) -> 73075.56
A15: 200200 | B15: 102406 | C15: Cuencame | D15: Calle Morelos N°. 416 Oriente, Colonia Centro, Cuencame | E15: UNIDAD DE MEDICINA FAMILIAR N°. 14 | F15: =SUM(H15:S15) -> 83520 | G15: 6960 | I15: =VLOOKUP($A15&$B15&I$10,Base,8,FALSE) -> 0 | J15: =VLOOKUP($A15&$B15&J$10,Base,8,FALSE) -> 0 | K15: =VLOOKUP($A15&$B15&K$10,Base,8,FALSE) -> 0 | L15: =VLOOKUP($A15&$B15&L$10,Base,8,FALSE) -> 27840 | M15: =VLOOKUP($A15&$B15&M$10,Base,8,FALSE) -> 6960 | N15: =VLOOKUP($A15&$B15&N$10,Base,8,FALSE) -> 6960 | O15: =VLOOKUP($A15&$B15&O$10,Base,8,FALSE) -> 0 | P15: =VLOOKUP($A15&$B15&P$10,Base,8,FALSE) -> 6960 | ... S15: =VLOOKUP($A15&$B15&S$10,Base,8,FALSE) -> 4050 | T15: =SUM($H15:(OFFSET($H15,0,AVANCE060826!$T$2))) -> 71523
A16: 200200 | B16: 102406 | I16: =VLOOKUP($A16&$B16&I$10,Base,9,FALSE) -> 0 | J16: =VLOOKUP($A16&$B16&J$10,Base,9,FALSE) -> 0 | K16: =VLOOKUP($A16&$B16&K$10,Base,9,FALSE) -> 0 | L16: =VLOOKUP($A16&$B16&L$10,Base,9,FALSE) -> 27840 | M16: =VLOOKUP($A16&$B16&M$10,Base,9,FALSE) -> 6960 | N16: =VLOOKUP($A16&$B16&N$10,Base,9,FALSE) -> 6960 | O16: =VLOOKUP($A16&$B16&O$10,Base,9,FALSE) -> 0 | P16: =VLOOKUP($A16&$B16&P$10,Base,9,FALSE) -> 6960 | ... S16: =VLOOKUP($A16&$B16&S$10,Base,9,FALSE) -> 0 | T16: =SUM(H16:S16) -> 55680
A17: 200200 | B17: 102418 | C17: Nazas | D17: Avenida Allende No. 31, Nazas | E17: UNIDAD DE MEDICINA FAMILIAR NO. 48 | F17: =SUM(H17:S17) -> 97440 | G17: =+F17/12 -> 8120 | I17: =VLOOKUP($A17&$B17&I$10,Base,8,FALSE) -> 0 | J17: =VLOOKUP($A17&$B17&J$10,Base,8,FALSE) -> 0 | K17: =VLOOKUP($A17&$B17&K$10,Base,8,FALSE) -> 0 | L17: =VLOOKUP($A17&$B17&L$10,Base,8,FALSE) -> 0 | M17: =VLOOKUP($A17&$B17&M$10,Base,8,FALSE) -> 40599.97 | N17: =VLOOKUP($A17&$B17&N$10,Base,8,FALSE) -> 8120 | O17: =VLOOKUP($A17&$B17&O$10,Base,8,FALSE) -> 8120 | P17: =VLOOKUP($A17&$B17&P$10,Base,8,FALSE) -> 8119.96 | ... S17: =VLOOKUP($A17&$B17&S$10,Base,8,FALSE) -> 3840 | T17: =SUM($H17:(OFFSET($H17,0,AVANCE060826!$T$2))) -> 84240
A18: 200200 | B18: 102418 | I18: =VLOOKUP($A18&$B18&I$10,Base,9,FALSE) -> 0 | J18: =VLOOKUP($A18&$B18&J$10,Base,9,FALSE) -> 0 | K18: =VLOOKUP($A18&$B18&K$10,Base,9,FALSE) -> 0 | L18: =VLOOKUP($A18&$B18&L$10,Base,9,FALSE) -> 0 | M18: =VLOOKUP($A18&$B18&M$10,Base,9,FALSE) -> 40599.97 | N18: =VLOOKUP($A18&$B18&N$10,Base,9,FALSE) -> 8120 | O18: =VLOOKUP($A18&$B18&O$10,Base,9,FALSE) -> 8120 | P18: =VLOOKUP($A18&$B18&P$10,Base,9,FALSE) -> 8119.96 | ... S18: =VLOOKUP($A18&$B18&S$10,Base,9,FALSE) -> 0 | T18: =SUM(H18:S18) -> 64959.93
A19: 200200 | B19: 102403 | C19: Durango | D19: Carretera al Mezquital, No. 219, Fraccionamiento Real del Mezquital | E19: UNIDAD DE MEDICINA FAMILIAR N°. 49 | F19: =SUM(H19:S19) -> 2502444 | G19: =+F19/12 -> 208537 | I19: =VLOOKUP($A19&$B19&I$10,Base,8,FALSE) -> 0 | J19: =VLOOKUP($A19&$B19&J$10,Base,8,FALSE) -> 0 | K19: =VLOOKUP($A19&$B19&K$10,Base,8,FALSE) -> 0 | L19: =VLOOKUP($A19&$B19&L$10,Base,8,FALSE) -> 834144 | M19: =VLOOKUP($A19&$B19&M$10,Base,8,FALSE) -> 208536 | N19: =VLOOKUP($A19&$B19&N$10,Base,8,FALSE) -> 208536 | O19: =VLOOKUP($A19&$B19&O$10,Base,8,FALSE) -> 208536 | P19: =VLOOKUP($A19&$B19&P$10,Base,8,FALSE) -> 208536 | ... S19: =VLOOKUP($A19&$B19&S$10,Base,8,FALSE) -> 417074 | T19: =SUM($H19:(OFFSET($H19,0,AVANCE060826!$T$2))) -> 1876833
A20: 200200 | B20: 102403 | I20: =VLOOKUP($A20&$B20&I$10,Base,9,FALSE) -> 0 | J20: =VLOOKUP($A20&$B20&J$10,Base,9,FALSE) -> 0 | K20: =VLOOKUP($A20&$B20&K$10,Base,9,FALSE) -> 0 | L20: =VLOOKUP($A20&$B20&L$10,Base,9,FALSE) -> 834144 | M20: =VLOOKUP($A20&$B20&M$10,Base,9,FALSE) -> 208536 | N20: =VLOOKUP($A20&$B20&N$10,Base,9,FALSE) -> 208536 | O20: =VLOOKUP($A20&$B20&O$10,Base,9,FALSE) -> 208536 | P20: =VLOOKUP($A20&$B20&P$10,Base,9,FALSE) -> 208536 | ... S20: =VLOOKUP($A20&$B20&S$10,Base,9,FALSE) -> 0 | T20: =SUM(H20:S20) -> 1668288
A21: 200200 | B21: 102419 | C21: Nombre de Dios | D21: Calle Leandro Fernandez S/N. Colonia en Nombre de Dios, Nombre de Dios | E21: UNIDAD DE MEDICINA FAMILIAR N°. 52* | F21: =SUM(H21:S21) -> 76560 | G21: =+F21/12 -> 6380 | I21: =VLOOKUP($A21&$B21&I$10,Base,8,FALSE) -> 0 | J21: =VLOOKUP($A21&$B21&J$10,Base,8,FALSE) -> 0 | K21: =VLOOKUP($A21&$B21&K$10,Base,8,FALSE) -> 0 | L21: =VLOOKUP($A21&$B21&L$10,Base,8,FALSE) -> 19140 | M21: =VLOOKUP($A21&$B21&M$10,Base,8,FALSE) -> 12760 | N21: =VLOOKUP($A21&$B21&N$10,Base,8,FALSE) -> 6380 | O21: =VLOOKUP($A21&$B21&O$10,Base,8,FALSE) -> 6380 | P21: =VLOOKUP($A21&$B21&P$10,Base,8,FALSE) -> 6380 | ... S21: =VLOOKUP($A21&$B21&S$10,Base,8,FALSE) -> 12760 | T21: =SUM($H21:(OFFSET($H21,0,AVANCE060826!$T$2))) -> 57420
A22: 200200 | B22: 102419 | I22: =VLOOKUP($A22&$B22&I$10,Base,9,FALSE) -> 0 | J22: =VLOOKUP($A22&$B22&J$10,Base,9,FALSE) -> 0 | K22: =VLOOKUP($A22&$B22&K$10,Base,9,FALSE) -> 0 | L22: =VLOOKUP($A22&$B22&L$10,Base,9,FALSE) -> 19140 | M22: =VLOOKUP($A22&$B22&M$10,Base,9,FALSE) -> 12760 | N22: =VLOOKUP($A22&$B22&N$10,Base,9,FALSE) -> 6380 | O22: =VLOOKUP($A22&$B22&O$10,Base,9,FALSE) -> 6380 | P22: =VLOOKUP($A22&$B22&P$10,Base,9,FALSE) -> 6380 | ... S22: =VLOOKUP($A22&$B22&S$10,Base,9,FALSE) -> 0 | T22: =SUM(H22:S22) -> 57420
A23: 200201 | B23: 102410 | C23: Santa María del Oro | D23: Calle Juárez No. 77, Zona Centro, Santa María del Oro | E23: UNIDAD DE MEDICINA FAMILIAR N°. 47* | F23: =SUM(H23:S23) -> 208800 | G23: =+F23/12 -> 17400 | I23: =VLOOKUP($A23&$B23&I$10,Base,8,FALSE) -> 0 | J23: =VLOOKUP($A23&$B23&J$10,Base,8,FALSE) -> 0 | K23: =VLOOKUP($A23&$B23&K$10,Base,8,FALSE) -> 52199.95 | L23: =VLOOKUP($A23&$B23&L$10,Base,8,FALSE) -> 0 | M23: =VLOOKUP($A23&$B23&M$10,Base,8,FALSE) -> 34799.98 | N23: =VLOOKUP($A23&$B23&N$10,Base,8,FALSE) -> 0 | O23: =VLOOKUP($A23&$B23&O$10,Base,8,FALSE) -> 17399.99 | P23: =VLOOKUP($A23&$B23&P$10,Base,8,FALSE) -> 17399.99 | ... S23: =VLOOKUP($A23&$B23&S$10,Base,8,FALSE) -> 34800 | T23: =SUM($H23:(OFFSET($H23,0,AVANCE060826!$T$2))) -> 156600
A24: 200201 | B24: 102410 | I24: =VLOOKUP($A24&$B24&I$10,Base,9,FALSE) -> 0 | J24: =VLOOKUP($A24&$B24&J$10,Base,9,FALSE) -> 0 | K24: =VLOOKUP($A24&$B24&K$10,Base,9,FALSE) -> 52199.95 | L24: =VLOOKUP($A24&$B24&L$10,Base,9,FALSE) -> 0 | M24: =VLOOKUP($A24&$B24&M$10,Base,9,FALSE) -> 34799.98 | N24: =VLOOKUP($A24&$B24&N$10,Base,9,FALSE) -> 0 | O24: =VLOOKUP($A24&$B24&O$10,Base,9,FALSE) -> 17399.99 | P24: =VLOOKUP($A24&$B24&P$10,Base,9,FALSE) -> 17399.99 | ... S24: =VLOOKUP($A24&$B24&S$10,Base,9,FALSE) -> 0 | T24: =SUM(H24:S24) -> 121799.91
A25: 200201 | B25: 100401 | C25: Pueblo Nuevo | D25: Domicilio Conocido, San Jerónimo, Colonia Centro, Pueblo Nuevo | E25: PUESTO DE ENFERMERÍA Nº. 77 | T25: =SUM(H25:S25) -> 0
A26: 200201 | B26: 100401 | T26: =SUM(H26:S26) -> 0
A27: 380200 | B27: 105902 | C27: Gómez Palacio | D27: Avenida Miguel Hidalgo No. 110 Sur, Colonia Centro, C.P. 35000, Gómez Palacio, Durango | E27: TIENDA N°. 115 | F27: =SUM(H27:S27) -> 487212 | G27: =+F27/12 -> 40601 | I27: =VLOOKUP($A27&$B27&I$10,Base,8,FALSE) -> 0 | J27: =VLOOKUP($A27&$B27&J$10,Base,8,FALSE) -> 0 | K27: =VLOOKUP($A27&$B27&K$10,Base,8,FALSE) -> 0 | L27: =VLOOKUP($A27&$B27&L$10,Base,8,FALSE) -> 162399.89 | M27: =VLOOKUP($A27&$B27&M$10,Base,8,FALSE) -> 40599.97 | N27: =VLOOKUP($A27&$B27&N$10,Base,8,FALSE) -> 40599.97 | O27: =VLOOKUP($A27&$B27&O$10,Base,8,FALSE) -> 40599.97 | P27: =VLOOKUP($A27&$B27&P$10,Base,8,FALSE) -> 40599.97 | ... S27: =VLOOKUP($A27&$B27&S$10,Base,8,FALSE) -> 81202 | T27: =SUM($H27:(OFFSET($H27,0,AVANCE060826!$T$2))) -> 365409
A28: 380200 | B28: 105902 | I28: =VLOOKUP($A28&$B28&I$10,Base,9,FALSE) -> 0 | J28: =VLOOKUP($A28&$B28&J$10,Base,9,FALSE) -> 0 | K28: =VLOOKUP($A28&$B28&K$10,Base,9,FALSE) -> 0 | L28: =VLOOKUP($A28&$B28&L$10,Base,9,FALSE) -> 162399.89 | M28: =VLOOKUP($A28&$B28&M$10,Base,9,FALSE) -> 40599.97 | N28: =VLOOKUP($A28&$B28&N$10,Base,9,FALSE) -> 40599.97 | O28: =VLOOKUP($A28&$B28&O$10,Base,9,FALSE) -> 40599.97 | P28: =VLOOKUP($A28&$B28&P$10,Base,9,FALSE) -> 40599.97 | ... S28: =VLOOKUP($A28&$B28&S$10,Base,9,FALSE) -> 0 | T28: =SUM(H28:S28) -> 365399.74
A29: 50100 | B29: 109001 | C29: Durango | D29: Calle Juárez N° 104 Sur, Planta Baja, Mezzanine y Pisos 1°, 2° y 3º, Durango | E29: OFICINAS ADMINISTRATIVAS DELEGACIONALES | F29: =SUM(H29:S29) -> 3758400 | G29: =+F29/12 -> 313200 | I29: =VLOOKUP($A29&$B29&I$10,Base,8,FALSE) -> 0 | J29: =VLOOKUP($A29&$B29&J$10,Base,8,FALSE) -> 0 | K29: =VLOOKUP($A29&$B29&K$10,Base,8,FALSE) -> 939600 | L29: =VLOOKUP($A29&$B29&L$10,Base,8,FALSE) -> 313200 | M29: =VLOOKUP($A29&$B29&M$10,Base,8,FALSE) -> 313200 | N29: =VLOOKUP($A29&$B29&N$10,Base,8,FALSE) -> 313200 | O29: =VLOOKUP($A29&$B29&O$10,Base,8,FALSE) -> 313200 | P29: =VLOOKUP($A29&$B29&P$10,Base,8,FALSE) -> 313200 | ... S29: =VLOOKUP($A29&$B29&S$10,Base,8,FALSE) -> 589280 | T29: =SUM($H29:(OFFSET($H29,0,AVANCE060826!$T$2))) -> 2852208
A30: 50100 | B30: 109001 | I30: =VLOOKUP($A30&$B30&I$10,Base,9,FALSE) -> 0 | J30: =VLOOKUP($A30&$B30&J$10,Base,9,FALSE) -> 0 | K30: =VLOOKUP($A30&$B30&K$10,Base,9,FALSE) -> 939600 | L30: =VLOOKUP($A30&$B30&L$10,Base,9,FALSE) -> 313200 | M30: =VLOOKUP($A30&$B30&M$10,Base,9,FALSE) -> 313200 | N30: =VLOOKUP($A30&$B30&N$10,Base,9,FALSE) -> 313200 | O30: =VLOOKUP($A30&$B30&O$10,Base,9,FALSE) -> 313200 | P30: =VLOOKUP($A30&$B30&P$10,Base,9,FALSE) -> 313200 | ... S30: =VLOOKUP($A30&$B30&S$10,Base,9,FALSE) -> 0 | T30: =SUM(H30:S30) -> 2505600
A31: 900110 | B31: 109102 | C31: Gómez Palacio | D31: Calle Juárez N° 403 Oriente esquina con Allende Pisos 1º, 2º, 3º y 4º, Gómez Palacio | E31: OFICINAS ADMINISTRATIVAS SUBDELEGACIONALES | G31: =+F31/12 -> 0 | T31: =SUM(H31:S31) -> 0
A32: 900110 | B32: 109102 | T32: =SUM(H32:S32) -> 0
A33: 900110 | B33: 109101 | C33: Durango | D33: Calle Bruno Martínez No. 379 norte, colonia Vicitoria de Durango Centro. | E33: OFICINAS ADMINISTRATIVAS SUBDELEGACIONALES | F33: =SUM(H33:S33) -> 3488491.2 | G33: 290707.61 | I33: =VLOOKUP($A33&$B33&I$10,Base,8,FALSE) -> 0 | J33: =VLOOKUP($A33&$B33&J$10,Base,8,FALSE) -> 0 | K33: =VLOOKUP($A33&$B33&K$10,Base,8,FALSE) -> 872122.81 | L33: =VLOOKUP($A33&$B33&L$10,Base,8,FALSE) -> 290707.61 | M33: =VLOOKUP($A33&$B33&M$10,Base,8,FALSE) -> 0 | N33: =VLOOKUP($A33&$B33&N$10,Base,8,FALSE) -> 581415.22 | O33: =VLOOKUP($A33&$B33&O$10,Base,8,FALSE) -> 290707.61 | P33: =VLOOKUP($A33&$B33&P$10,Base,8,FALSE) -> 290707.61 | ... S33: =VLOOKUP($A33&$B33&S$10,Base,8,FALSE) -> 579991.2 | T33: =SUM($H33:(OFFSET($H33,0,AVANCE060826!$T$2))) -> 2617650
A34: 900110 | B34: 109101 | I34: =VLOOKUP($A34&$B34&I$10,Base,9,FALSE) -> 0 | J34: =VLOOKUP($A34&$B34&J$10,Base,9,FALSE) -> 0 | K34: =VLOOKUP($A34&$B34&K$10,Base,9,FALSE) -> 872122.81 | L34: =VLOOKUP($A34&$B34&L$10,Base,9,FALSE) -> 290707.61 | M34: =VLOOKUP($A34&$B34&M$10,Base,9,FALSE) -> 0 | N34: =VLOOKUP($A34&$B34&N$10,Base,9,FALSE) -> 581415.22 | O34: =VLOOKUP($A34&$B34&O$10,Base,9,FALSE) -> 290707.61 | P34: =VLOOKUP($A34&$B34&P$10,Base,9,FALSE) -> 290707.61 | ... S34: =VLOOKUP($A34&$B34&S$10,Base,9,FALSE) -> 0 | T34: =SUM(H34:S34) -> 2616368.5
A35: 140100 | B35: 108102 | C35: Gómez Palacio | D35: Calle Circuito Central N° 240, Parque Industrial Lagunero, Gómez Palacio | E35: BODEGA BIENES EMBARGADOS Y ARCHIVO | G35: =+F35/12 -> 0 | T35: =SUM(H35:S35) -> 0
A36: 140100 | B36: 108102 | T36: =SUM(H36:S36) -> 0
A37: 150900 | B37: 108002 | D37: Calle Segunda de Selenio No. 139, Ciudad Industrial, en Durango, Durango | E37: ALMACEN | F37: =SUM(H37:S37) -> 5199236 | G37: 374158.26 | I37: =VLOOKUP($A37&$B37&I$10,Base,8,FALSE) -> 0 | J37: =VLOOKUP($A37&$B37&J$10,Base,8,FALSE) -> 0 | K37: =VLOOKUP($A37&$B37&K$10,Base,8,FALSE) -> 0 | L37: =VLOOKUP($A37&$B37&L$10,Base,8,FALSE) -> 1496633.2 | M37: =VLOOKUP($A37&$B37&M$10,Base,8,FALSE) -> 462823.76 | N37: =VLOOKUP($A37&$B37&N$10,Base,8,FALSE) -> 462823.76 | O37: =VLOOKUP($A37&$B37&O$10,Base,8,FALSE) -> 462823.76 | P37: =VLOOKUP($A37&$B37&P$10,Base,8,FALSE) -> 462823.76 | ... S37: =VLOOKUP($A37&$B37&S$10,Base,8,FALSE) -> 794924 | T37: =SUM($H37:(OFFSET($H37,0,AVANCE060826!$T$2))) -> 3928414
A38: 150900 | B38: 108002 | I38: =VLOOKUP($A38&$B38&I$10,Base,9,FALSE) -> 0 | J38: =VLOOKUP($A38&$B38&J$10,Base,9,FALSE) -> 0 | K38: =VLOOKUP($A38&$B38&K$10,Base,9,FALSE) -> 0 | L38: =VLOOKUP($A38&$B38&L$10,Base,9,FALSE) -> 1496633.2 | M38: =VLOOKUP($A38&$B38&M$10,Base,9,FALSE) -> 462823.76 | N38: =VLOOKUP($A38&$B38&N$10,Base,9,FALSE) -> 462823.76 | O38: =VLOOKUP($A38&$B38&O$10,Base,9,FALSE) -> 462823.76 | P38: =VLOOKUP($A38&$B38&P$10,Base,9,FALSE) -> 462823.76 | ... S38: =VLOOKUP($A38&$B38&S$10,Base,9,FALSE) -> 0 | T38: =SUM(H38:S38) -> 3810752
A39: 150904 | B39: 108102 | D39: Calle Libramiento Periferico Norte No. 1675 norte,colonia Placido Domingo Ciudad Lerdo, en Durango, Durango | E39: BODEGA DE ARCHIVO DE CONCENTRACION, BIENES ADJUDICADOS Y DE BAJA | F39: =SUM(H39:S39) -> 1461705 | G39: 121808.75 | I39: =VLOOKUP($A39&$B39&I$10,Base,8,FALSE) -> 0 | J39: =VLOOKUP($A39&$B39&J$10,Base,8,FALSE) -> 0 | K39: =VLOOKUP($A39&$B39&K$10,Base,8,FALSE) -> 0 | L39: =VLOOKUP($A39&$B39&L$10,Base,8,FALSE) -> 487234.94 | M39: =VLOOKUP($A39&$B39&M$10,Base,8,FALSE) -> 121808.73 | N39: =VLOOKUP($A39&$B39&N$10,Base,8,FALSE) -> 121808.73 | O39: =VLOOKUP($A39&$B39&O$10,Base,8,FALSE) -> 121808.73 | P39: =VLOOKUP($A39&$B39&P$10,Base,8,FALSE) -> 121808.73 | ... S39: =VLOOKUP($A39&$B39&S$10,Base,8,FALSE) -> 215545 | T39: =SUM($H39:(OFFSET($H39,0,AVANCE060826!$T$2))) -> 1121544
A40: 150904 | B40: 108102 | I40: =VLOOKUP($A40&$B40&I$10,Base,9,FALSE) -> 0 | J40: =VLOOKUP($A40&$B40&J$10,Base,9,FALSE) -> 0 | K40: =VLOOKUP($A40&$B40&K$10,Base,9,FALSE) -> 0 | L40: =VLOOKUP($A40&$B40&L$10,Base,9,FALSE) -> 487234.94 | M40: =VLOOKUP($A40&$B40&M$10,Base,9,FALSE) -> 121808.73 | N40: =VLOOKUP($A40&$B40&N$10,Base,9,FALSE) -> 121808.73 | O40: =VLOOKUP($A40&$B40&O$10,Base,9,FALSE) -> 121808.73 | P40: =VLOOKUP($A40&$B40&P$10,Base,9,FALSE) -> 121808.73 | ... S40: =VLOOKUP($A40&$B40&S$10,Base,9,FALSE) -> 0 | T40: =SUM(H40:S40) -> 1096278.6
A41: 150904 | B41: 108104 | D41: Calle Níspero No. 214, Fraccionamiento Campestre Jacarandas, C.P. 34106, Durango, Durango | E41: BODEGA DE ARCHIVO DE CONCENTRACION, BIENES ADJUDICADOS | F41: =SUM(H41:S41) -> 1350240 | G41: =+F41/12 -> 112520 | I41: =VLOOKUP($A41&$B41&I$10,Base,8,FALSE) -> 0 | J41: =VLOOKUP($A41&$B41&J$10,Base,8,FALSE) -> 0 | K41: =VLOOKUP($A41&$B41&K$10,Base,8,FALSE) -> 0 | L41: =VLOOKUP($A41&$B41&L$10,Base,8,FALSE) -> 450079.76 | M41: =VLOOKUP($A41&$B41&M$10,Base,8,FALSE) -> 112519.94 | N41: =VLOOKUP($A41&$B41&N$10,Base,8,FALSE) -> 112519.94 | O41: =VLOOKUP($A41&$B41&O$10,Base,8,FALSE) -> 112519.94 | P41: =VLOOKUP($A41&$B41&P$10,Base,8,FALSE) -> 112519.94 | ... S41: =VLOOKUP($A41&$B41&S$10,Base,8,FALSE) -> 225040 | T41: =SUM($H41:(OFFSET($H41,0,AVANCE060826!$T$2))) -> 1012680
A42: 150904 | B42: 108104 | I42: =VLOOKUP($A42&$B42&I$10,Base,9,FALSE) -> 0 | J42: =VLOOKUP($A42&$B42&J$10,Base,9,FALSE) -> 0 | K42: =VLOOKUP($A42&$B42&K$10,Base,9,FALSE) -> 0 | L42: =VLOOKUP($A42&$B42&L$10,Base,9,FALSE) -> 450079.76 | M42: =VLOOKUP($A42&$B42&M$10,Base,9,FALSE) -> 112519.94 | N42: =VLOOKUP($A42&$B42&N$10,Base,9,FALSE) -> 112519.94 | O42: =VLOOKUP($A42&$B42&O$10,Base,9,FALSE) -> 112519.94 | P42: =VLOOKUP($A42&$B42&P$10,Base,9,FALSE) -> 112519.94 | ... S42: =VLOOKUP($A42&$B42&S$10,Base,9,FALSE) -> 0 | T42: =SUM(H42:S42) -> 1012679.5
A43: 12 | C43: =COUNT(#REF!) -> 0 | F43: =SUM(F13:F42) -> 18811488 | G43: =SUM(G13:G42) -> 1508512.6 | H43: =+H37+H35+H33+H31+H29+H27+H25+H23+H21+H19+H17+H15+H13+H41+H39 -> 0 | I43: =+I37+I35+I33+I31+I29+I27+I25+I23+I21+I19+I17+I15+I13+I41+I39 -> 0 | J43: =+J37+J35+J33+J31+J29+J27+J25+J23+J21+J19+J17+J15+J13+J41+J39 -> 0 | K43: =+K37+K35+K33+K31+K29+K27+K25+K23+K21+K19+K17+K15+K13+K41+K39 -> 1863922.8 | L43: =+L37+L35+L33+L31+L29+L27+L25+L23+L21+L19+L17+L15+L13+L41+L39 -> 4113859.3 | M43: =+M37+M35+M33+M31+M29+M27+M25+M23+M21+M19+M17+M15+M13+M41+M39 -> 1354608.3 | N43: =+N37+N35+N33+N31+N29+N27+N25+N23+N21+N19+N17+N15+N13+N41+N39 -> 1878602.6 | O43: =+O37+O35+O33+O31+O29+O27+O25+O23+O21+O19+O17+O15+O13+O41+O39 -> 1590214.9 | ... T43: =+T37+T35+T33+T31+T29+T27+T25+T23+T21+T19+T17+T15+T13+T41+T39 -> 14217601
H44: =+H38+H36+H34+H32+H30+H28+H26+H24+H22+H20+H18+H16+H14+H42+H40 -> 0 | I44: =+I38+I36+I34+I32+I30+I28+I26+I24+I22+I20+I18+I16+I14+I42+I40 -> 0 | J44: =+J38+J36+J34+J32+J30+J28+J26+J24+J22+J20+J18+J16+J14+J42+J40 -> 0 | K44: =+K38+K36+K34+K32+K30+K28+K26+K24+K22+K20+K18+K16+K14+K42+K40 -> 1863922.8 | L44: =+L38+L36+L34+L32+L30+L28+L26+L24+L22+L20+L18+L16+L14+L42+L40 -> 4113859.3 | M44: =+M38+M36+M34+M32+M30+M28+M26+M24+M22+M20+M18+M16+M14+M42+M40 -> 1354608.3 | N44: =+N38+N36+N34+N32+N30+N28+N26+N24+N22+N20+N18+N16+N14+N42+N40 -> 1878602.6 | O44: =+O38+O36+O34+O32+O30+O28+O26+O24+O22+O20+O18+O16+O14+O42+O40 -> 1590214.9 | ... T44: =+T38+T36+T34+T32+T30+T28+T26+T24+T22+T20+T18+T16+T14+T42+T40 -> 13448302

Sheet GTO
D1: INSTITUTO MEXICANO DEL SEGURO SOCIAL
D2: DIRECCIÓN DE ADMINISTRACIÓN
D3: UNIDAD DE ADMINISTRACIÓN
D4: COORDINACIÓN DE CONSERVACIÓN Y SERVICIOS GENERALES
D5: COORDINACIÓN TÉCNICA DE ADMINISTRACIÓN DE ACTIVOS
D6: DIVISIÓN DE ARRENDAMIENTO Y COMERCIALIZACIÓN
D7: EJERCICIO 2026
D8: OOAD: | E8: GUANAJUATO
A10: CLAV E PREI | C10: UNIDAD | D10: DIRECCIÓN | E10: DESTINO | F10: ASIGNADO ANUAL | G10: Renta Mensual | H10: PRESUPUESTO AL PERIODO | J10: VARIACIÓN | L10: AVANCE % | M10: OBSERVACIONES
A11: U.I. | B11: C.C. | H11: CALENDARIZADO (1) | I11: EJERCIDO (2) | J11: IMPORTE 3=(1-2) | K11: % 4=(3/1)*100
A12: 112408 | B12: 200201 | C12: Celaya | D12: Boulevard Adolfo López Mateos Poniente, No. 406, Zona Centro, Celaya | E12: CONSULTORIOS MEDICOS. EXTENSIÓN DE LA UNIDAD DE MEDICINA FAMILIAR Nº. 49 | F12: =GTO_Calendario!F13 -> 1092720 | G12: 91060 | H12: =GTO_Calendario!T13 -> 819540 | I12: =GTO_Calendario!T14 -> 728480 | J12: =H12-I12 -> 91060 | K12: =+J12/H12*100 -> 11.111111 | L12: =+I12/H12*100 -> 88.888889 | M12: Registra pagos al mes de agosto.
A13: 119103 | B13: 900110 | C13: Celaya | D13: Calle Paseo de Guanajuato N° 110, Colonia Jardines de Celaya, Primera Sección, Celaya | E13: OFICINAS ADMINISTRATIVAS SUBDELEGACIONALES | F13: =GTO_Calendario!F15 -> 609156 | G13: =+F13/12 -> 50763 | H13: =GTO_Calendario!T15 -> 456867 | I13: =GTO_Calendario!T16 -> 406099.68 | J13: =H13-I13 -> 50767.32 | K13: =+J13/H13*100 -> 11.112057 | L13: =+I13/H13*100 -> 88.887943 | M13: Registra pagos al mes de agosto.
A14: 119104 | B14: 900110 | C14: Salamanca | D14: Calle Aldama Nº. 321-B, Zona Centro, Salamanca | E14: OFICINAS ADMINISTRATIVAS SUBDELEGACIONALES | F14: =GTO_Calendario!F17 -> 846336 | G14: =60800*1.16 -> 70528 | H14: =GTO_Calendario!T17 -> 634752 | I14: =GTO_Calendario!T18 -> 564224 | J14: =H14-I14 -> 70528 | K14: =+J14/H14*100 -> 11.111111 | L14: =+I14/H14*100 -> 88.888889 | M14: Registra pagos al mes de agosto.
A15: 115903 | B15: 380200 | C15: Celaya | D15: Calle Aztecas N°. 107, Colonia Parque Central, Zona Centro, Celaya | E15: TIENDA No. 21 | F15: =GTO_Calendario!F19 -> 815412 | G15: =58577.88*1.16 -> 67950.341 | H15: =GTO_Calendario!T19 -> 611559 | I15: =GTO_Calendario!T20 -> 543602.72 | J15: =H15-I15 -> 67956.28 | K15: =+J15/H15*100 -> 11.111974 | L15: =+I15/H15*100 -> 88.888026 | M15: Registra pagos al mes de agosto.
A16: 115902 | B16: 380200 | C16: Irapuato | D16: Calle Francisco Eduardo Tres Guerra N°. 735 (171), Zona Centro, Irapuato | E16: TIENDA No. 20 Y BODEGA DE BIENES EMBARGADOS | F16: =GTO_Calendario!F21 -> 715416 | G16: =51394.79*1.16 -> 59617.956 | H16: =GTO_Calendario!T21 -> 536562 | I16: =GTO_Calendario!T22 -> 476943.68 | J16: =H16-I16 -> 59618.32 | K16: =+J16/H16*100 -> 11.111171 | L16: =+I16/H16*100 -> 88.888829 | M16: Registra pagos al mes de agosto.
A17: 115905 | B17: 380200 | C17: León | D17: Boulevard Venustiano Carranza No. 205, Colonia San Miguel. C. P. 37235, León, G | E17: TIENDA No. 19 | F17: =GTO_Calendario!F23 -> 642720 | G17: =+F17/12 -> 53560 | H17: =GTO_Calendario!T23 -> 482040 | I17: =GTO_Calendario!T24 -> 374915.31 | J17: =H17-I17 -> 107124.69 | K17: =+J17/H17*100 -> 22.223195 | L17: =+I17/H17*100 -> 77.776805 | M17: Registra pagos al mes de julio
A18: 118002 | B18: 920201 | D18: calle Lázaro Cárdenas No. 100, colonia Tres Guerras, Celaya, | E18: BODEGA DE BIENES EMBARGADOS | F18: =GTO_Calendario!F25 -> 584640 | G18: =42000*1.16 -> 48720 | H18: =GTO_Calendario!T25 -> 438480 | I18: =GTO_Calendario!T26 -> 292319.16 | J18: =H18-I18 -> 146160.84 | K18: =+J18/H18*100 -> 33.333525 | L18: =+I18/H18*100 -> 66.666475 | M18: Registra pagos al mes de junio
A19: 119101 | B19: 920201 | C19: Guanajuato | D19: Carretera Guanajuato Juventino Rosas Km. 5+570 Bajos, Jalapa de Mineral de Marfil. | E19: BODEGA DE BIENES EMBARGADOS | F19: =GTO_Calendario!F20 -> 0 | J19: =H19-I19 -> 0 | K19: =+J19/H19*100 -> #DIV/0! | L19: =+I19/H19*100 -> #DIV/0! | M19: Sustitución
A20: 119101 | B20: 920201 | D20: Calle Guanajuato No. 43, colonia Santa Teresa, Guanajuato, Gto | E20: BODEGA DE BIENES EMBARGADOS | F20: =GTO_Calendario!F29 -> 765600 | G20: 63800 | H20: =GTO_Calendario!T29 -> 574200 | I20: =GTO_Calendario!T30 -> 510400 | J20: =H20-I20 -> 63800 | K20: =+J20/H20*100 -> 11.111111 | L20: =+I20/H20*100 -> 88.888889 | M20: Registra pagos al mes de agosto.
A21: 118101 | B21: 150904 | C21: León | D21: Calle Estocolmo Nº. 404, Colonia Andrade, León | E21: BODEGA DE DIVERSOS, ARCHIVO DE CONCENTRACIÓN Y BIENES EMBARGADOS | F21: =GTO_Calendario!F22 -> 0 | J21: =H21-I21 -> 0 | K21: =+J21/H21*100 -> #DIV/0! | L21: =+I21/H21*100 -> #DIV/0! | M21: Registra pagos al mes de agosto.
A22: 118101 | B22: 150904 | C22: León | D22: Calle Isaac Newton Nº. 112, Colonia El Peluchan, C.P. 37119, León, Guanajuato | E22: SUBALMACEN DELEGACIONAL | F22: =GTO_Calendario!F33 -> 1252800 | G22: =+F22/12 -> 104400 | H22: =GTO_Calendario!T33 -> 939600 | I22: =GTO_Calendario!T34 -> 835200 | J22: =H22-I22 -> 104400 | K22: =+J22/H22*100 -> 11.111111 | L22: =+I22/H22*100 -> 88.888889 | M22: Registra pagos al mes de agosto.
A23: 119111 | B23: 920201 | C23: León | D23: Calle Río Conchos Nº. 434, Barrio de San Miguel, León | E23: BODEGA DE BIENES EMBARGADOS | F23: =GTO_Calendario!F35 -> 835200 | G23: =+F23/12 -> 69600 | H23: =GTO_Calendario!T35 -> 626400 | I23: =GTO_Calendario!T36 -> 556800 | J23: =H23-I23 -> 69600 | K23: =+J23/H23*100 -> 11.111111 | L23: =+I23/H23*100 -> 88.888889 | M23: Registra pagos al mes de agosto.
B24: 12 | C24: =COUNT(#REF!) -> 0 | F24: =ROUNDUP(SUM(F12:F23),2) -> 8160000 | G24: =ROUNDUP(SUM(G12:G23),2) -> 679999.3 | H24: =SUM(H12:H23) -> 6120000 | I24: =SUM(I12:I23) -> 5288984.6 | J24: =H24-I24 -> 831015.45 | K24: =+J24/H24*100 -> 13.578684 | L24: =+I24/H24*100 -> 86.421316
H34: PT30

Sheet GTO_Calendario
F1: INSTITUTO MEXICANO DEL SEGURO SOCIAL
F2: DIRECCIÓN DE ADMINISTRACIÓN
F3: UNIDAD DE ADMINISTRACIÓN
F4: COORDINACIÓN DE CONSERVACIÓN Y SERVICIOS GENERALES
F5: COORDINACIÓN TÉCNICA DE ADMINISTRACIÓN DE ACTIVOS
F6: DIVISIÓN DE ARRENDAMIENTO Y COMERCIALIZACIÓN
D7: EJERCICIO 2026
D8: OOAD: | E8: GUANAJUATO
I10: 2026M02 | J10: 2026M03 | K10: 2026M04 | L10: 2026M05 | M10: 2026M06 | N10: 2026M07 | O10: 2026M08 | P10: 2026M09 | Q10: 2026M10 | R10: 2026M11 | S10: 2026M12 | T10: 402797.69
B11: CLAV E PREI | C11: UNIDAD | D11: DIRECCIÓN | E11: DESTINO | F11: ASIGNADO ANUAL | H11: Enero | I11: Febrero | J11: Marzo | K11: Abril | L11: Mayo | M11: Junio | N11: Julio | O11: Agosto | P11: Septiembre | Q11: Octubre | R11: Noviembre | S11: Diciembre | T11: Total | U11: OBSERVACIONES
A12: C.C. | B12: U.I.
A13: 200201 | B13: 112408 | C13: Celaya | D13: Boulevard Adolfo López Mateos Poniente, No. 406, Zona Centro, Celaya | E13: CONSULTORIOS MEDICOS. EXTENSIÓN DE LA UNIDAD DE MEDICINA FAMILIAR Nº. 49 | F13: =SUM(H13:S13) -> 1092720 | G13: Asignado | I13: =VLOOKUP($A13&$B13&I$10,Base,8,FALSE) -> 0 | J13: =VLOOKUP($A13&$B13&J$10,Base,8,FALSE) -> 182120 | K13: =VLOOKUP($A13&$B13&K$10,Base,8,FALSE) -> 91060 | L13: =VLOOKUP($A13&$B13&L$10,Base,8,FALSE) -> 91060 | M13: =VLOOKUP($A13&$B13&M$10,Base,8,FALSE) -> 91060 | N13: =VLOOKUP($A13&$B13&N$10,Base,8,FALSE) -> 91060 | O13: =VLOOKUP($A13&$B13&O$10,Base,8,FALSE) -> 91060 | P13: =VLOOKUP($A13&$B13&P$10,Base,8,FALSE) -> 91060 | ... S13: =VLOOKUP($A13&$B13&S$10,Base,8,FALSE) -> 182120 | T13: =SUM($H13:(OFFSET($H13,0,AVANCE060826!$T$2))) -> 819540
A14: 200201 | B14: 112408 | G14: Ejercido | I14: =VLOOKUP($A14&$B14&I$10,Base,9,FALSE) -> 0 | J14: =VLOOKUP($A14&$B14&J$10,Base,9,FALSE) -> 182120 | K14: =VLOOKUP($A14&$B14&K$10,Base,9,FALSE) -> 91060 | L14: =VLOOKUP($A14&$B14&L$10,Base,9,FALSE) -> 91060 | M14: =VLOOKUP($A14&$B14&M$10,Base,9,FALSE) -> 91060 | N14: =VLOOKUP($A14&$B14&N$10,Base,9,FALSE) -> 91060 | O14: =VLOOKUP($A14&$B14&O$10,Base,9,FALSE) -> 91060 | P14: =VLOOKUP($A14&$B14&P$10,Base,9,FALSE) -> 91060 | ... S14: =VLOOKUP($A14&$B14&S$10,Base,9,FALSE) -> 0 | T14: =SUM(H14:S14) -> 728480
A15: 900110 | B15: 119103 | C15: Celaya | D15: Calle Paseo de Guanajuato N° 110, Colonia Jardines de Celaya, Primera Sección, Celaya | E15: OFICINAS ADMINISTRATIVAS SUBDELEGACIONALES | F15: =SUM(H15:S15) -> 609156 | G15: Asignado | I15: =VLOOKUP($A15&$B15&I$10,Base,8,FALSE) -> 0 | J15: =VLOOKUP($A15&$B15&J$10,Base,8,FALSE) -> 101524.92 | K15: =VLOOKUP($A15&$B15&K$10,Base,8,FALSE) -> 50762.46 | L15: =VLOOKUP($A15&$B15&L$10,Base,8,FALSE) -> 50762.46 | M15: =VLOOKUP($A15&$B15&M$10,Base,8,FALSE) -> 50762.46 | N15: =VLOOKUP($A15&$B15&N$10,Base,8,FALSE) -> 50762.46 | O15: =VLOOKUP($A15&$B15&O$10,Base,8,FALSE) -> 50762.46 | P15: =VLOOKUP($A15&$B15&P$10,Base,8,FALSE) -> 50762.46 | ... S15: =VLOOKUP($A15&$B15&S$10,Base,8,FALSE) -> 101526 | T15: =SUM($H15:(OFFSET($H15,0,AVANCE060826!$T$2))) -> 456867
A16: 900110 | B16: 119103 | G16: Ejercido | I16: =VLOOKUP($A16&$B16&I$10,Base,9,FALSE) -> 0 | J16: =VLOOKUP($A16&$B16&J$10,Base,9,FALSE) -> 101524.92 | K16: =VLOOKUP($A16&$B16&K$10,Base,9,FALSE) -> 50762.46 | L16: =VLOOKUP($A16&$B16&L$10,Base,9,FALSE) -> 50762.46 | M16: =VLOOKUP($A16&$B16&M$10,Base,9,FALSE) -> 50762.46 | N16: =VLOOKUP($A16&$B16&N$10,Base,9,FALSE) -> 50762.46 | O16: =VLOOKUP($A16&$B16&O$10,Base,9,FALSE) -> 50762.46 | P16: =VLOOKUP($A16&$B16&P$10,Base,9,FALSE) -> 50762.46 | ... S16: =VLOOKUP($A16&$B16&S$10,Base,9,FALSE) -> 0 | T16: =SUM(H16:S16) -> 406099.68
A17: 900110 | B17: 119104 | C17: Salamanca | D17: Calle Aldama Nº. 321-B, Zona Centro, Salamanca | E17: OFICINAS ADMINISTRATIVAS SUBDELEGACIONALES | F17: =SUM(H17:S17) -> 846336 | G17: Asignado | I17: =VLOOKUP($A17&$B17&I$10,Base,8,FALSE) -> 0 | J17: =VLOOKUP($A17&$B17&J$10,Base,8,FALSE) -> 141056 | K17: =VLOOKUP($A17&$B17&K$10,Base,8,FALSE) -> 70528 | L17: =VLOOKUP($A17&$B17&L$10,Base,8,FALSE) -> 70528 | M17: =VLOOKUP($A17&$B17&M$10,Base,8,FALSE) -> 70528 | N17: =VLOOKUP($A17&$B17&N$10,Base,8,FALSE) -> 70528 | O17: =VLOOKUP($A17&$B17&O$10,Base,8,FALSE) -> 70528 | P17: =VLOOKUP($A17&$B17&P$10,Base,8,FALSE) -> 70528 | ... S17: =VLOOKUP($A17&$B17&S$10,Base,8,FALSE) -> 141056 | T17: =SUM($H17:(OFFSET($H17,0,AVANCE060826!$T$2))) -> 634752
A18: 900110 | B18: 119104 | G18: Ejercido | I18: =VLOOKUP($A18&$B18&I$10,Base,9,FALSE) -> 0 | J18: =VLOOKUP($A18&$B18&J$10,Base,9,FALSE) -> 141056 | K18: =VLOOKUP($A18&$B18&K$10,Base,9,FALSE) -> 70528 | L18: =VLOOKUP($A18&$B18&L$10,Base,9,FALSE) -> 70528 | M18: =VLOOKUP($A18&$B18&M$10,Base,9,FALSE) -> 70528 | N18: =VLOOKUP($A18&$B18&N$10,Base,9,FALSE) -> 70528 | O18: =VLOOKUP($A18&$B18&O$10,Base,9,FALSE) -> 70528 | P18: =VLOOKUP($A18&$B18&P$10,Base,9,FALSE) -> 70528 | ... S18: =VLOOKUP($A18&$B18&S$10,Base,9,FALSE) -> 0 | T18: =SUM(H18:S18) -> 564224
A19: 380200 | B19: 115903 | C19: Celaya | D19: Calle Aztecas N°. 107, Colonia Parque Central, Zona Centro, Celaya | E19: TIENDA NO. 21 | F19: =SUM(H19:S19) -> 815412 | G19: Asignado | I19: =VLOOKUP($A19&$B19&I$10,Base,8,FALSE) -> 0 | J19: =VLOOKUP($A19&$B19&J$10,Base,8,FALSE) -> 135900.68 | K19: =VLOOKUP($A19&$B19&K$10,Base,8,FALSE) -> 67950.34 | L19: =VLOOKUP($A19&$B19&L$10,Base,8,FALSE) -> 67950.34 | M19: =VLOOKUP($A19&$B19&M$10,Base,8,FALSE) -> 67950.34 | N19: =VLOOKUP($A19&$B19&N$10,Base,8,FALSE) -> 0 | O19: =VLOOKUP($A19&$B19&O$10,Base,8,FALSE) -> 135900.68 | P19: =VLOOKUP($A19&$B19&P$10,Base,8,FALSE) -> 67950.34 | ... S19: =VLOOKUP($A19&$B19&S$10,Base,8,FALSE) -> 135902 | T19: =SUM($H19:(OFFSET($H19,0,AVANCE060826!$T$2))) -> 611559
A20: 380200 | B20: 115903 | G20: Ejercido | I20: =VLOOKUP($A20&$B20&I$10,Base,9,FALSE) -> 0 | J20: =VLOOKUP($A20&$B20&J$10,Base,9,FALSE) -> 135900.68 | K20: =VLOOKUP($A20&$B20&K$10,Base,9,FALSE) -> 67950.34 | L20: =VLOOKUP($A20&$B20&L$10,Base,9,FALSE) -> 67950.34 | M20: =VLOOKUP($A20&$B20&M$10,Base,9,FALSE) -> 67950.34 | N20: =VLOOKUP($A20&$B20&N$10,Base,9,FALSE) -> 0 | O20: =VLOOKUP($A20&$B20&O$10,Base,9,FALSE) -> 135900.68 | P20: =VLOOKUP($A20&$B20&P$10,Base,9,FALSE) -> 67950.34 | ... S20: =VLOOKUP($A20&$B20&S$10,Base,9,FALSE) -> 0 | T20: =SUM(H20:S20) -> 543602.72
A21: 380200 | B21: 115902 | C21: Irapuato | D21: Calle Francisco Eduardo Tres Guerra N°. 735 (171), Zona Centro, Irapuato | E21: TIENDA NO. 20 Y BODEGA DE BIENES EMBARGADOS | F21: =SUM(H21:S21) -> 715416 | G21: Asignado | I21: =VLOOKUP($A21&$B21&I$10,Base,8,FALSE) -> 0 | J21: =VLOOKUP($A21&$B21&J$10,Base,8,FALSE) -> 119235.91 | K21: =VLOOKUP($A21&$B21&K$10,Base,8,FALSE) -> 59617.97 | L21: =VLOOKUP($A21&$B21&L$10,Base,8,FALSE) -> 59617.96 | M21: =VLOOKUP($A21&$B21&M$10,Base,8,FALSE) -> 59617.96 | N21: =VLOOKUP($A21&$B21&N$10,Base,8,FALSE) -> 59617.96 | O21: =VLOOKUP($A21&$B21&O$10,Base,8,FALSE) -> 59617.96 | P21: =VLOOKUP($A21&$B21&P$10,Base,8,FALSE) -> 59617.96 | ... S21: =VLOOKUP($A21&$B21&S$10,Base,8,FALSE) -> 119236 | T21: =SUM($H21:(OFFSET($H21,0,AVANCE060826!$T$2))) -> 536562
A22: 380200 | B22: 115902 | G22: Ejercido | I22: =VLOOKUP($A22&$B22&I$10,Base,9,FALSE) -> 0 | J22: =VLOOKUP($A22&$B22&J$10,Base,9,FALSE) -> 119235.91 | K22: =VLOOKUP($A22&$B22&K$10,Base,9,FALSE) -> 59617.97 | L22: =VLOOKUP($A22&$B22&L$10,Base,9,FALSE) -> 59617.96 | M22: =VLOOKUP($A22&$B22&M$10,Base,9,FALSE) -> 59617.96 | N22: =VLOOKUP($A22&$B22&N$10,Base,9,FALSE) -> 59617.96 | O22: =VLOOKUP($A22&$B22&O$10,Base,9,FALSE) -> 59617.96 | P22: =VLOOKUP($A22&$B22&P$10,Base,9,FALSE) -> 59617.96 | ... S22: =VLOOKUP($A22&$B22&S$10,Base,9,FALSE) -> 0 | T22: =SUM(H22:S22) -> 476943.68
A23: 380200 | B23: 115905 | C23: León | D23: Boulevard Venustiano Carranza No. 205, Colonia San Miguel. C. P. 37235, León, G | E23: TIENDA NO. 19 | F23: =SUM(H23:S23) -> 642720 | G23: Asignado | I23: =VLOOKUP($A23&$B23&I$10,Base,8,FALSE) -> 0 | J23: =VLOOKUP($A23&$B23&J$10,Base,8,FALSE) -> 0 | K23: =VLOOKUP($A23&$B23&K$10,Base,8,FALSE) -> 0 | L23: =VLOOKUP($A23&$B23&L$10,Base,8,FALSE) -> 0 | M23: =VLOOKUP($A23&$B23&M$10,Base,8,FALSE) -> 267796.65 | N23: =VLOOKUP($A23&$B23&N$10,Base,8,FALSE) -> 0 | O23: =VLOOKUP($A23&$B23&O$10,Base,8,FALSE) -> 53559.33 | P23: =VLOOKUP($A23&$B23&P$10,Base,8,FALSE) -> 53559.33 | ... S23: =VLOOKUP($A23&$B23&S$10,Base,8,FALSE) -> 107120 | T23: =SUM($H23:(OFFSET($H23,0,AVANCE060826!$T$2))) -> 482040
A24: 380200 | B24: 115905 | G24: Ejercido | I24: =VLOOKUP($A24&$B24&I$10,Base,9,FALSE) -> 0 | J24: =VLOOKUP($A24&$B24&J$10,Base,9,FALSE) -> 0 | K24: =VLOOKUP($A24&$B24&K$10,Base,9,FALSE) -> 0 | L24: =VLOOKUP($A24&$B24&L$10,Base,9,FALSE) -> 0 | M24: =VLOOKUP($A24&$B24&M$10,Base,9,FALSE) -> 267796.65 | N24: =VLOOKUP($A24&$B24&N$10,Base,9,FALSE) -> 0 | O24: =VLOOKUP($A24&$B24&O$10,Base,9,FALSE) -> 53559.33 | P24: =VLOOKUP($A24&$B24&P$10,Base,9,FALSE) -> 53559.33 | ... S24: =VLOOKUP($A24&$B24&S$10,Base,9,FALSE) -> 0 | T24: =SUM(H24:S24) -> 374915.31
A25: 920201 | B25: 118002 | C25: Celaya | D25: Calle Lázaro Cárdenas No. 100, Colonia Tres Guerras, Celaya | E25: BODEGA DE BIENES EMBARGADOS | F25: =SUM(H25:S25) -> 584640 | G25: Asignado | I25: =VLOOKUP($A25&$B25&I$10,Base,8,FALSE) -> 0 | J25: =VLOOKUP($A25&$B25&J$10,Base,8,FALSE) -> 97439.72 | K25: =VLOOKUP($A25&$B25&K$10,Base,8,FALSE) -> 48719.86 | L25: =VLOOKUP($A25&$B25&L$10,Base,8,FALSE) -> 48719.86 | M25: =VLOOKUP($A25&$B25&M$10,Base,8,FALSE) -> 48719.86 | N25: =VLOOKUP($A25&$B25&N$10,Base,8,FALSE) -> 48719.86 | O25: =VLOOKUP($A25&$B25&O$10,Base,8,FALSE) -> 0 | P25: =VLOOKUP($A25&$B25&P$10,Base,8,FALSE) -> 0 | ... S25: =VLOOKUP($A25&$B25&S$10,Base,8,FALSE) -> 97440 | T25: =SUM($H25:(OFFSET($H25,0,AVANCE060826!$T$2))) -> 438480
A26: 920201 | B26: 118002 | G26: Ejercido | I26: =VLOOKUP($A26&$B26&I$10,Base,9,FALSE) -> 0 | J26: =VLOOKUP($A26&$B26&J$10,Base,9,FALSE) -> 97439.72 | K26: =VLOOKUP($A26&$B26&K$10,Base,9,FALSE) -> 48719.86 | L26: =VLOOKUP($A26&$B26&L$10,Base,9,FALSE) -> 48719.86 | M26: =VLOOKUP($A26&$B26&M$10,Base,9,FALSE) -> 48719.86 | N26: =VLOOKUP($A26&$B26&N$10,Base,9,FALSE) -> 48719.86 | O26: =VLOOKUP($A26&$B26&O$10,Base,9,FALSE) -> 0 | P26: =VLOOKUP($A26&$B26&P$10,Base,9,FALSE) -> 0 | ... S26: =VLOOKUP($A26&$B26&S$10,Base,9,FALSE) -> 0 | T26: =SUM(H26:S26) -> 292319.16
A27: 920201 | B27: 119101 | C27: Guanajuato | D27: Carretera Guanajuato Juventino Rosas Km. 5+570 Bajos, Jalapa de Mineral de Marfil. | E27: BODEGA DE BIENES EMBARGADOS | G27: Asignado | T27: =SUM(H27:S27) -> 0
A28: 920201 | B28: 119101 | G28: Ejercido | T28: =SUM(H28:S28) -> 0
A29: 920201 | B29: 119101 | C29: Guanajuato | D29: Calle Guanajuato No. 43, colonia Santa Teresa, Guanajuato, Gto | E29: BODEGA DE BIENES EMBARGADOS | F29: =SUM(H29:S29) -> 765600 | G29: Asignado | I29: =VLOOKUP($A29&$B29&I$10,Base,8,FALSE) -> 0 | J29: =VLOOKUP($A29&$B29&J$10,Base,8,FALSE) -> 127600 | K29: =VLOOKUP($A29&$B29&K$10,Base,8,FALSE) -> 63800 | L29: =VLOOKUP($A29&$B29&L$10,Base,8,FALSE) -> 63800 | M29: =VLOOKUP($A29&$B29&M$10,Base,8,FALSE) -> 63800 | N29: =VLOOKUP($A29&$B29&N$10,Base,8,FALSE) -> 63800 | O29: =VLOOKUP($A29&$B29&O$10,Base,8,FALSE) -> 63800 | P29: =VLOOKUP($A29&$B29&P$10,Base,8,FALSE) -> 63800 | ... S29: =VLOOKUP($A29&$B29&S$10,Base,8,FALSE) -> 127600 | T29: =SUM($H29:(OFFSET($H29,0,AVANCE060826!$T$2))) -> 574200
A30: 920201 | B30: 119101 | G30: Ejercido | I30: =VLOOKUP($A30&$B30&I$10,Base,9,FALSE) -> 0 | J30: =VLOOKUP($A30&$B30&J$10,Base,9,FALSE) -> 127600 | K30: =VLOOKUP($A30&$B30&K$10,Base,9,FALSE) -> 63800 | L30: =VLOOKUP($A30&$B30&L$10,Base,9,FALSE) -> 63800 | M30: =VLOOKUP($A30&$B30&M$10,Base,9,FALSE) -> 63800 | N30: =VLOOKUP($A30&$B30&N$10,Base,9,FALSE) -> 63800 | O30: =VLOOKUP($A30&$B30&O$10,Base,9,FALSE) -> 63800 | P30: =VLOOKUP($A30&$B30&P$10,Base,9,FALSE) -> 63800 | ... S30: =VLOOKUP($A30&$B30&S$10,Base,9,FALSE) -> 0 | T30: =SUM(H30:S30) -> 510400
A31: 150904 | B31: 118101 | C31: León | D31: Calle Estocolmo Nº. 404, Colonia Andrade, León | E31: BODEGA DE DIVERSOS, ARCHIVO DE CONCENTRACIÓN Y BIENES EMBARGADOS | G31: Asignado | T31: =SUM(H31:S31) -> 0
A32: 150904 | B32: 118101 | G32: Ejercido | T32: =SUM(H32:S32) -> 0
A33: 150904 | B33: 118101 | C33: León | D33: Calle Isaac Newton Nº. 112, Colonia El Peluchan, C.P. 37119, León, Guanajuato | E33: SUBALMACEN DELEGACIONAL | F33: =SUM(H33:S33) -> 1252800 | G33: Asignado | I33: =VLOOKUP($A33&$B33&I$10,Base,8,FALSE) -> 0 | J33: =VLOOKUP($A33&$B33&J$10,Base,8,FALSE) -> 208800 | K33: =VLOOKUP($A33&$B33&K$10,Base,8,FALSE) -> 0 | L33: =VLOOKUP($A33&$B33&L$10,Base,8,FALSE) -> 208800 | M33: =VLOOKUP($A33&$B33&M$10,Base,8,FALSE) -> 104400 | N33: =VLOOKUP($A33&$B33&N$10,Base,8,FALSE) -> 104400 | O33: =VLOOKUP($A33&$B33&O$10,Base,8,FALSE) -> 104400 | P33: =VLOOKUP($A33&$B33&P$10,Base,8,FALSE) -> 104400 | ... S33: =VLOOKUP($A33&$B33&S$10,Base,8,FALSE) -> 208800 | T33: =SUM($H33:(OFFSET($H33,0,AVANCE060826!$T$2))) -> 939600
A34: 150904 | B34: 118101 | G34: Ejercido | I34: =VLOOKUP($A34&$B34&I$10,Base,9,FALSE) -> 0 | J34: =VLOOKUP($A34&$B34&J$10,Base,9,FALSE) -> 208800 | K34: =VLOOKUP($A34&$B34&K$10,Base,9,FALSE) -> 0 | L34: =VLOOKUP($A34&$B34&L$10,Base,9,FALSE) -> 208800 | M34: =VLOOKUP($A34&$B34&M$10,Base,9,FALSE) -> 104400 | N34: =VLOOKUP($A34&$B34&N$10,Base,9,FALSE) -> 104400 | O34: =VLOOKUP($A34&$B34&O$10,Base,9,FALSE) -> 104400 | P34: =VLOOKUP($A34&$B34&P$10,Base,9,FALSE) -> 104400 | ... S34: =VLOOKUP($A34&$B34&S$10,Base,9,FALSE) -> 0 | T34: =SUM(H34:S34) -> 835200
A35: 920201 | B35: 119111 | C35: León | D35: Calle Río Conchos Nº. 434, Barrio San Miguel, León | E35: BIENES EMBARGADOS | F35: =SUM(H35:S35) -> 835200 | G35: Asignado | I35: =VLOOKUP($A35&$B35&I$10,Base,8,FALSE) -> 0 | J35: =VLOOKUP($A35&$B35&J$10,Base,8,FALSE) -> 139200 | K35: =VLOOKUP($A35&$B35&K$10,Base,8,FALSE) -> 69600 | L35: =VLOOKUP($A35&$B35&L$10,Base,8,FALSE) -> 69600 | M35: =VLOOKUP($A35&$B35&M$10,Base,8,FALSE) -> 0 | N35: =VLOOKUP($A35&$B35&N$10,Base,8,FALSE) -> 139200 | O35: =VLOOKUP($A35&$B35&O$10,Base,8,FALSE) -> 69600 | P35: =VLOOKUP($A35&$B35&P$10,Base,8,FALSE) -> 69600 | ... S35: =VLOOKUP($A35&$B35&S$10,Base,8,FALSE) -> 139200 | T35: =SUM($H35:(OFFSET($H35,0,AVANCE060826!$T$2))) -> 626400
A36: 920201 | B36: 119111 | G36: Ejercido | I36: =VLOOKUP($A36&$B36&I$10,Base,9,FALSE) -> 0 | J36: =VLOOKUP($A36&$B36&J$10,Base,9,FALSE) -> 139200 | K36: =VLOOKUP($A36&$B36&K$10,Base,9,FALSE) -> 69600 | L36: =VLOOKUP($A36&$B36&L$10,Base,9,FALSE) -> 69600 | M36: =VLOOKUP($A36&$B36&M$10,Base,9,FALSE) -> 0 | N36: =VLOOKUP($A36&$B36&N$10,Base,9,FALSE) -> 139200 | O36: =VLOOKUP($A36&$B36&O$10,Base,9,FALSE) -> 69600 | P36: =VLOOKUP($A36&$B36&P$10,Base,9,FALSE) -> 69600 | ... S36: =VLOOKUP($A36&$B36&S$10,Base,9,FALSE) -> 0 | T36: =SUM(H36:S36) -> 556800
A37: 9 | C37: =COUNT(#REF!) -> 0 | F37: =ROUNDUP(SUM(F13:F36),2) -> 8160000 | G37: Asignado | H37: =+H35+H27+H23+H21+H19+H17+H15+H13+H25+H31+H29+H33 -> 0 | I37: =+I35+I27+I23+I21+I19+I17+I15+I13+I25+I31+I29+I33 -> 0 | J37: =+J35+J27+J23+J21+J19+J17+J15+J13+J25+J31+J29+J33 -> 1252877.2 | K37: =+K35+K27+K23+K21+K19+K17+K15+K13+K25+K31+K29+K33 -> 522038.63 | L37: =+L35+L27+L23+L21+L19+L17+L15+L13+L25+L31+L29+L33 -> 730838.62 | M37: =+M35+M27+M23+M21+M19+M17+M15+M13+M25+M31+M29+M33 -> 824635.27 | N37: =+N35+N27+N23+N21+N19+N17+N15+N13+N25+N31+N29+N33 -> 628088.28 | O37: =+O35+O27+O23+O21+O19+O17+O15+O13+O25+O31+O29+O33 -> 699228.43 | ... T37: =+T35+T27+T23+T21+T19+T17+T15+T13+T25+T31+T29+T33 -> 6120000
G38: Ejercido | H38: =+H36+H28+H24+H22+H20+H18+H16+H14+H26+H32+H30+H34 -> 0 | I38: =+I36+I28+I24+I22+I20+I18+I16+I14+I26+I32+I30+I34 -> 0 | J38: =+J36+J28+J24+J22+J20+J18+J16+J14+J26+J32+J30+J34 -> 1252877.2 | K38: =+K36+K28+K24+K22+K20+K18+K16+K14+K26+K32+K30+K34 -> 522038.63 | L38: =+L36+L28+L24+L22+L20+L18+L16+L14+L26+L32+L30+L34 -> 730838.62 | M38: =+M36+M28+M24+M22+M20+M18+M16+M14+M26+M32+M30+M34 -> 824635.27 | N38: =+N36+N28+N24+N22+N20+N18+N16+N14+N26+N32+N30+N34 -> 628088.28 | O38: =+O36+O28+O24+O22+O20+O18+O16+O14+O26+O32+O30+O34 -> 699228.43 | ... T38: =+T36+T28+T24+T22+T20+T18+T16+T14+T26+T32+T30+T34 -> 5288984.6

Sheet GRO
D1: INSTITUTO MEXICANO DEL SEGURO SOCIAL
D2: DIRECCIÓN DE ADMINISTRACIÓN
D3: UNIDAD DE ADMINISTRACIÓN
D4: COORDINACIÓN DE CONSERVACIÓN Y SERVICIOS GENERALES
D5: COORDINACIÓN TÉCNICA DE ADMINISTRACIÓN DE ACTIVOS
D6: DIVISIÓN DE ARRENDAMIENTO Y COMERCIALIZACIÓN
D7: EJERCICIO 2026
D8: OOAD: | E8: GUERRERO
A10: CLAV E PREI | C10: UNIDAD | D10: DIRECCIÓN | E10: DESTINO | F10: ASIGNADO ANUAL | G10: Renta Mensual | H10: PRESUPUESTO AL PERIODO | J10: VARIACIÓN | L10: AVANCE % | M10: OBSERVACIONES
A11: U.I. | B11: C.C. | H11: CALENDARIZADO (1) | I11: EJERCIDO (2) | J11: IMPORTE 3=(1-2) | K11: % 4=(3/1)*100
A12: 122409 | B12: 200200 | C12: Tierra Colorada | D12: Costado de Carretera a Ayutla Municipio Juan R. Escudero, Tierra Colorada | E12: UNIDAD DE MEDICINA FAMILIAR Nº. 7 | F12: =GRO_Calendario!F13 -> 84369.12 | G12: =+F12/12 -> 7030.76 | H12: =GRO_Calendario!T13 -> 63276.84 | I12: =GRO_Calendario!T14 -> 56246.07 | J12: =H12-I12 -> 7030.77 | K12: =+J12/H12*100 -> 11.111127 | L12: =+I12/H12*100 -> 88.888873 | M12: Registro de pago al mes de agosto
A13: 122401 | B13: 200201 | C13: Atoyac de Álvarez | D13: Ignacio Allende No. 4 Colonia Centro, Atoyac de Álvarez | E13: UNIDAD DE MEDICINA FAMILIAR Nº. 11 | F13: =GRO_Calendario!F15 -> 69600 | G13: =+F13/12 -> 5800 | H13: =GRO_Calendario!T15 -> 52200 | I13: =GRO_Calendario!T16 -> 46398.38 | J13: =H13-I13 -> 5801.62 | K13: =+J13/H13*100 -> 11.114215 | L13: =+I13/H13*100 -> 88.885785 | M13: Registro de pago al mes de agosto
A14: 122415 | B14: 200200 | C14: Petacalco | D14: Calle Vicente Suárez S/N, Colonia Petacalco, Municipio La Unión de Isidoro, Montes de Oca Suárez, Petacalco | E14: UNIDAD DE MEDICINA FAMILIAR Nº. 27 | F14: =GRO_Calendario!F17 -> 59034.72 | G14: =+F14/12 -> 4919.56 | H14: =GRO_Calendario!T17 -> 44276.04 | I14: =GRO_Calendario!T18 -> 39356.47 | J14: =H14-I14 -> 4919.57 | K14: =+J14/H14*100 -> 11.111134 | L14: =+I14/H14*100 -> 88.888866 | M14: Registro de pago al mes de agosto
A15: 120201 | B15: 200201 | C15: Teloloapan | D15: Calle Cuauhtémoc Nº. 11, Colonia Centro, Teloloapan | E15: UNIDAD DE MEDICINA FAMILIAR Nº. 22 | F15: =GRO_Calendario!F19 -> 76560 | G15: =5500*1.16 -> 6380 | H15: =GRO_Calendario!T19 -> 57420 | I15: =GRO_Calendario!T20 -> 51038.39 | J15: =H15-I15 -> 6381.61 | K15: =+J15/H15*100 -> 11.113915 | L15: =+I15/H15*100 -> 88.886085 | M15: Registro de pago al mes de agosto
A16: 126303 | B16: 320200 | C16: Zihuatanejo | D16: Lote 11 Manzana 1, Súper Manzana XXVI, Zihuatanejo | E16: GUARDERIA | F16: =GRO_Calendario!F21 -> 321552 | G16: =+F16/12 -> 26796 | H16: =GRO_Calendario!T21 -> 241164 | I16: =GRO_Calendario!T22 -> 214368 | J16: =H16-I16 -> 26796 | K16: =+J16/H16*100 -> 11.111111 | L16: =+I16/H16*100 -> 88.888889 | M16: Registro de pago al mes de agosto
A17: 125305 | B17: 310203 | C17: Zihuatanejo | D17: Lote 5, Manzana 14, Avenida Paseo de Zihuatanejo Poniente Nº. 5, Colonia El Limón, Zihuatanejo | E17: CENTRO DE SEGURIDAD SOCIAL | J17: =H17-I17 -> 0 | K17: =+J17/H17*100 -> #DIV/0! | L17: =+I17/H17*100 -> #DIV/0!
A18: 129105 | B18: 900110 | C18: Tlapa de Comonfort | D18: Carretera Tlapa-Marquelia (o Amapola), esquina Calle Sin Nombre, Colonia San Nicolás (Aviación), Tlapa de Comonfort | E18: UNIDAD DE MEDICINA FAMILIAR N° 30 | H18: =+[37]GRO!$T$24 -> 0 | I18: =+[37]GRO!$T$25 -> 0 | J18: =H18-I18 -> 0 | K18: 0 | L18: 0 | M18: No registra pagos al periodo
B19: 5 | C19: =COUNT(#REF!) -> 0 | F19: =SUM(F12:F18) -> 611115.84 | G19: =SUM(G12:G18) -> 50926.32 | H19: =SUM(H12:H18) -> 458336.88 | I19: =SUM(I12:I18) -> 407407.31 | J19: =H19-I19 -> 50929.57 | K19: =+J19/H19*100 -> 11.11182 | L19: =+I19/H19*100 -> 88.88818

Sheet GRO_Calendario
F1: INSTITUTO MEXICANO DEL SEGURO SOCIAL
F2: DIRECCIÓN DE ADMINISTRACIÓN
F3: UNIDAD DE ADMINISTRACIÓN
F4: COORDINACIÓN DE CONSERVACIÓN Y SERVICIOS GENERALES
F5: COORDINACIÓN TÉCNICA DE ADMINISTRACIÓN DE ACTIVOS
F6: DIVISIÓN DE ARRENDAMIENTO Y COMERCIALIZACIÓN
D7: EJERCICIO 2026
D8: OOAD: | E8: GUERRERO
I10: 2026M02 | J10: 2026M03 | K10: 2026M04 | L10: 2026M05 | M10: 2026M06 | N10: 2026M07 | O10: 2026M08 | P10: 2026M09 | Q10: 2026M10 | R10: 2026M11 | S10: 2026M12
B11: CLAV E PREI | C11: UNIDAD | D11: DIRECCIÓN | E11: DESTINO | F11: ASIGNADO ANUAL | G11: Renta Mensual | H11: Enero | I11: Febrero | J11: Marzo | K11: Abril | L11: Mayo | M11: Junio | N11: Julio | O11: Agosto | P11: Septiembre | Q11: Octubre | R11: Noviembre | S11: Diciembre | T11: Total | U11: OBSERVACIONES
A12: C.C. | B12: U.I.
A13: 200200 | B13: 122409 | C13: Tierra Colorada | D13: Costado de Carretera a Ayutla Municipio Juan R. Escudero, Tierra Colorada | E13: UNIDAD DE MEDICINA FAMILIAR Nº. 7 | F13: =SUM(H13:S13) -> 84369.12 | G13: Asignado | I13: =VLOOKUP($A13&$B13&I$10,Base,8,FALSE) -> 0 | J13: =VLOOKUP($A13&$B13&J$10,Base,8,FALSE) -> 0 | K13: =VLOOKUP($A13&$B13&K$10,Base,8,FALSE) -> 0 | L13: =VLOOKUP($A13&$B13&L$10,Base,8,FALSE) -> 0 | M13: =VLOOKUP($A13&$B13&M$10,Base,8,FALSE) -> 28123.05 | N13: =VLOOKUP($A13&$B13&N$10,Base,8,FALSE) -> 7030.77 | O13: =VLOOKUP($A13&$B13&O$10,Base,8,FALSE) -> 14061.48 | P13: =VLOOKUP($A13&$B13&P$10,Base,8,FALSE) -> 7030.77 | ... S13: =VLOOKUP($A13&$B13&S$10,Base,8,FALSE) -> 14061.52 | T13: =SUM($H13:(OFFSET($H13,0,AVANCE060826!$T$2))) -> 63276.84 | U13: Pagado al mes de junio 2021.
A14: 200200 | B14: 122409 | G14: Ejercido | I14: =VLOOKUP($A14&$B14&I$10,Base,9,FALSE) -> 0 | J14: =VLOOKUP($A14&$B14&J$10,Base,9,FALSE) -> 0 | K14: =VLOOKUP($A14&$B14&K$10,Base,9,FALSE) -> 0 | L14: =VLOOKUP($A14&$B14&L$10,Base,9,FALSE) -> 0 | M14: =VLOOKUP($A14&$B14&M$10,Base,9,FALSE) -> 28123.05 | N14: =VLOOKUP($A14&$B14&N$10,Base,9,FALSE) -> 7030.77 | O14: =VLOOKUP($A14&$B14&O$10,Base,9,FALSE) -> 14061.48 | P14: =VLOOKUP($A14&$B14&P$10,Base,9,FALSE) -> 7030.77 | ... S14: =VLOOKUP($A14&$B14&S$10,Base,9,FALSE) -> 0 | T14: =SUM(H14:S14) -> 56246.07
A15: 200201 | B15: 122401 | C15: Atoyac de Álvarez | D15: Ignacio Allende No. 4 Colonia Centro, Atoyac de Álvarez | E15: UNIDAD DE MEDICINA FAMILIAR Nº. 11 | F15: =SUM(H15:S15) -> 69600 | G15: Asignado | I15: =VLOOKUP($A15&$B15&I$10,Base,8,FALSE) -> 0 | J15: =VLOOKUP($A15&$B15&J$10,Base,8,FALSE) -> 0 | K15: =VLOOKUP($A15&$B15&K$10,Base,8,FALSE) -> 0 | L15: =VLOOKUP($A15&$B15&L$10,Base,8,FALSE) -> 0 | M15: =VLOOKUP($A15&$B15&M$10,Base,8,FALSE) -> 23199.19 | N15: =VLOOKUP($A15&$B15&N$10,Base,8,FALSE) -> 0 | O15: =VLOOKUP($A15&$B15&O$10,Base,8,FALSE) -> 0 | P15: =VLOOKUP($A15&$B15&P$10,Base,8,FALSE) -> 23199.19 | ... S15: =VLOOKUP($A15&$B15&S$10,Base,8,FALSE) -> 11600 | T15: =SUM($H15:(OFFSET($H15,0,AVANCE060826!$T$2))) -> 52200 | U15: Pagado al mes de mayo 2021.
A16: 200201 | B16: 122401 | G16: Ejercido | I16: =VLOOKUP($A16&$B16&I$10,Base,9,FALSE) -> 0 | J16: =VLOOKUP($A16&$B16&J$10,Base,9,FALSE) -> 0 | K16: =VLOOKUP($A16&$B16&K$10,Base,9,FALSE) -> 0 | L16: =VLOOKUP($A16&$B16&L$10,Base,9,FALSE) -> 0 | M16: =VLOOKUP($A16&$B16&M$10,Base,9,FALSE) -> 23199.19 | N16: =VLOOKUP($A16&$B16&N$10,Base,9,FALSE) -> 0 | O16: =VLOOKUP($A16&$B16&O$10,Base,9,FALSE) -> 0 | P16: =VLOOKUP($A16&$B16&P$10,Base,9,FALSE) -> 23199.19 | ... S16: =VLOOKUP($A16&$B16&S$10,Base,9,FALSE) -> 0 | T16: =SUM(H16:S16) -> 46398.38
A17: 200200 | B17: 122415 | C17: Petacalco | D17: Calle Vicente Suárez S/N, Colonia Petacalco, Municipio La Unión de Isidoro, Montes de Oca Suárez, Petacalco | E17: UNIDAD DE MEDICINA FAMILIAR Nº. 27 | F17: =SUM(H17:S17) -> 59034.72 | G17: Asignado | I17: =VLOOKUP($A17&$B17&I$10,Base,8,FALSE) -> 0 | J17: =VLOOKUP($A17&$B17&J$10,Base,8,FALSE) -> 0 | K17: =VLOOKUP($A17&$B17&K$10,Base,8,FALSE) -> 0 | L17: =VLOOKUP($A17&$B17&L$10,Base,8,FALSE) -> 14758.69 | M17: =VLOOKUP($A17&$B17&M$10,Base,8,FALSE) -> 4919.56 | N17: =VLOOKUP($A17&$B17&N$10,Base,8,FALSE) -> 4919.56 | O17: =VLOOKUP($A17&$B17&O$10,Base,8,FALSE) -> 9839.1 | P17: =VLOOKUP($A17&$B17&P$10,Base,8,FALSE) -> 4919.56 | ... S17: =VLOOKUP($A17&$B17&S$10,Base,8,FALSE) -> 9839.12 | T17: =SUM($H17:(OFFSET($H17,0,AVANCE060826!$T$2))) -> 44276.04 | U17: Pagado al mes de mayo-
A18: 200200 | B18: 122415 | G18: Ejercido | I18: =VLOOKUP($A18&$B18&I$10,Base,9,FALSE) -> 0 | J18: =VLOOKUP($A18&$B18&J$10,Base,9,FALSE) -> 0 | K18: =VLOOKUP($A18&$B18&K$10,Base,9,FALSE) -> 0 | L18: =VLOOKUP($A18&$B18&L$10,Base,9,FALSE) -> 14758.69 | M18: =VLOOKUP($A18&$B18&M$10,Base,9,FALSE) -> 4919.56 | N18: =VLOOKUP($A18&$B18&N$10,Base,9,FALSE) -> 4919.56 | O18: =VLOOKUP($A18&$B18&O$10,Base,9,FALSE) -> 9839.1 | P18: =VLOOKUP($A18&$B18&P$10,Base,9,FALSE) -> 4919.56 | ... S18: =VLOOKUP($A18&$B18&S$10,Base,9,FALSE) -> 0 | T18: =SUM(H18:S18) -> 39356.47
A19: 200201 | B19: 120201 | C19: Teloloapan | D19: Calle Cuauhtémoc Nº. 11, Colonia Centro, Teloloapan | E19: UNIDAD DE MEDICINA FAMILIAR Nº. 22 | F19: =SUM(H19:S19) -> 76560 | G19: Asignado | I19: =VLOOKUP($A19&$B19&I$10,Base,8,FALSE) -> 0 | J19: =VLOOKUP($A19&$B19&J$10,Base,8,FALSE) -> 0 | K19: =VLOOKUP($A19&$B19&K$10,Base,8,FALSE) -> 19139.39 | L19: =VLOOKUP($A19&$B19&L$10,Base,8,FALSE) -> 6379.8 | M19: =VLOOKUP($A19&$B19&M$10,Base,8,FALSE) -> 6379.8 | N19: =VLOOKUP($A19&$B19&N$10,Base,8,FALSE) -> 6379.8 | O19: =VLOOKUP($A19&$B19&O$10,Base,8,FALSE) -> 6379.8 | P19: =VLOOKUP($A19&$B19&P$10,Base,8,FALSE) -> 6379.8 | ... S19: =VLOOKUP($A19&$B19&S$10,Base,8,FALSE) -> 12760 | T19: =SUM($H19:(OFFSET($H19,0,AVANCE060826!$T$2))) -> 57420 | U19: Pagado al mes de junio 2021.
A20: 200201 | B20: 120201 | G20: Ejercido | I20: =VLOOKUP($A20&$B20&I$10,Base,9,FALSE) -> 0 | J20: =VLOOKUP($A20&$B20&J$10,Base,9,FALSE) -> 0 | K20: =VLOOKUP($A20&$B20&K$10,Base,9,FALSE) -> 19139.39 | L20: =VLOOKUP($A20&$B20&L$10,Base,9,FALSE) -> 6379.8 | M20: =VLOOKUP($A20&$B20&M$10,Base,9,FALSE) -> 6379.8 | N20: =VLOOKUP($A20&$B20&N$10,Base,9,FALSE) -> 6379.8 | O20: =VLOOKUP($A20&$B20&O$10,Base,9,FALSE) -> 6379.8 | P20: =VLOOKUP($A20&$B20&P$10,Base,9,FALSE) -> 6379.8 | ... S20: =VLOOKUP($A20&$B20&S$10,Base,9,FALSE) -> 0 | T20: =SUM(H20:S20) -> 51038.39
A21: 320200 | B21: 126303 | C21: Zihuatanejo | D21: Lote 11 Manzana 1, Súper Manzana XXVI, Zihuatanejo | E21: GUARDERIA | F21: =SUM(H21:S21) -> 321552 | G21: Asignado | I21: =VLOOKUP($A21&$B21&I$10,Base,8,FALSE) -> 0 | J21: =VLOOKUP($A21&$B21&J$10,Base,8,FALSE) -> 0 | K21: =VLOOKUP($A21&$B21&K$10,Base,8,FALSE) -> 80388 | L21: =VLOOKUP($A21&$B21&L$10,Base,8,FALSE) -> 26796 | M21: =VLOOKUP($A21&$B21&M$10,Base,8,FALSE) -> 26796 | N21: =VLOOKUP($A21&$B21&N$10,Base,8,FALSE) -> 26796 | O21: =VLOOKUP($A21&$B21&O$10,Base,8,FALSE) -> 26796 | P21: =VLOOKUP($A21&$B21&P$10,Base,8,FALSE) -> 26796 | ... S21: =VLOOKUP($A21&$B21&S$10,Base,8,FALSE) -> 53592 | T21: =SUM($H21:(OFFSET($H21,0,AVANCE060826!$T$2))) -> 241164 | U21: Pagado al mes de marzo.
A22: 320200 | B22: 126303 | G22: Ejercido | I22: =VLOOKUP($A22&$B22&I$10,Base,9,FALSE) -> 0 | J22: =VLOOKUP($A22&$B22&J$10,Base,9,FALSE) -> 0 | K22: =VLOOKUP($A22&$B22&K$10,Base,9,FALSE) -> 80388 | L22: =VLOOKUP($A22&$B22&L$10,Base,9,FALSE) -> 26796 | M22: =VLOOKUP($A22&$B22&M$10,Base,9,FALSE) -> 26796 | N22: =VLOOKUP($A22&$B22&N$10,Base,9,FALSE) -> 26796 | O22: =VLOOKUP($A22&$B22&O$10,Base,9,FALSE) -> 26796 | P22: =VLOOKUP($A22&$B22&P$10,Base,9,FALSE) -> 26796 | ... S22: =VLOOKUP($A22&$B22&S$10,Base,9,FALSE) -> 0 | T22: =SUM(H22:S22) -> 214368
A23: 310203 | B23: 125305 | C23: Zihuatanejo | D23: Lote 5, Manzana 14, Avenida Paseo de Zihuatanejo Poniente Nº. 5, Colonia El Limón, Zihuatanejo | E23: CENTRO DE SEGURIDAD SOCIAL | G23: Asignado | T23: =SUM(H23:S23) -> 0 | U23: Pagado al mes de junio 2021.
A24: 310203 | B24: 125305 | G24: Ejercido | T24: =SUM(H24:S24) -> 0
